Workbook
Name \0: #REF!
Name \0: #REF!
Name \1: #REF!
Name \11: #REF!
Name \2: #REF!
Name \a: #REF!
Name \a: #REF!
Name \B: #REF!
Name \c: #REF!
Name \D: #REF!
Name \E: #REF!
Name \fagf: #REF!
Name \I: #REF!
Name \I: #REF!
Name \p: #REF!
Name \S: #REF!
Name \S: #REF!
Name \SA: #REF!
Name \w: #REF!
Name \x: #REF!
Name \z: #REF!
Name \ZACVDERVREW: #N/A
Name _\: [1]Orçamento!$F$61:$F$659
Name _\1: [2]planilha!#REF!
Name _\11: [3]planilha!#REF!
Name _\a: [4]compos1!#REF!
Name _\b: [5]sid_ni_5!#REF!
Name _\c: [5]sid_ni_5!#REF!
Name _\F: #REF!
Name _\fagf: #REF!
Name _\I: #REF!
Name _\p: [5]sid_ni_5!#REF!
Name _\R: #REF!
Name _\S: [6]compos1!#REF!
Name _\w: [7]Planilha!#REF!
Name _\z: [8]MARSHALL!$M$3
Name _\ZACVDERVREW: #N/A
Name __\1: [2]planilha!#REF!
Name __\11: [3]planilha!#REF!
Name __\a: [4]compos1!#REF!
Name __\b: [5]sid_ni_5!#REF!
Name __\c: [5]sid_ni_5!#REF!
Name __\F: #REF!
Name __\fagf: #REF!
Name __\I: #REF!
Name __\p: [5]sid_ni_5!#REF!
Name __\R: #REF!
Name __\S: [6]compos1!#REF!
Name __\w: [7]Planilha!#REF!
Name ___\1: [2]planilha!#REF!
Name ___\11: [3]planilha!#REF!
Name ___\a: [4]compos1!#REF!
Name ___\b: [5]sid_ni_5!#REF!
Name ___\c: [5]sid_ni_5!#REF!
Name ___\fagf: #REF!
Name ___\I: #REF!
Name ___\p: [5]sid_ni_5!#REF!
Name ___\S: #REF!
Name ___\w: [7]Planilha!#REF!
Name ____\I: #REF!

Sheet CPU's
F1: CUSTO UNITÁRIO DE REFERÊNCIA | X1: Pág: 1
A2: Serviço: | D2: ADMINISTRAÇAO LOCAL DE OBRAS | P2: Código | T2: C0001 | Y2: D.B. | AB2: 45658
P3: Prod. Equipe: | T3: 1 | Y3: Unid: | AB3: UN
A5: Equipamento (A) | I5: Qtde. | J5: Utilização | Q5: Custo Operacional | Z5: Custo Horário
J6: Operat. | M6: Improd. | Q6: Operat. | V6: Improd.
I7: CUSTO HORÁRIO DE EQUIPAMENTO = | W7: 0
A8: Mão de Obra (B) | K8: Encargos | P8: Qtde. | U8: Salário-Hora | Z8: Custo Horário
I9: CUSTO HORÁRIO DE MÃO DE OBRA = | W9: 0
I10: CUSTO HORÁRIO DE EXECUÇÃO = | W10: 0
I11: CUSTO UNITÁRIO DE EXECUÇÃO = | W11: 0
I12: CUSTO DO FIC = | W12: 0
I13: CUSTO DO FIT = | W13: 0
A14: Material (C) | K14: Qtde. | P14: Unidade | U14: Preço Unit. | Z14: Custo Unitário
B15: IN0009 | D15: CUSTO DA ADMINISTRAÇÃO LOCAL | K15: 1 | P15: UND | U15: 1538018.4 | Z15: 1538018.4
I16: CUSTO TOTAL DO MATERIAL = | W16: 1538018.4
A17: Atividades Auxiliares (D) | K17: Qtde. | P17: Unidade | U17: Preço Unit. | Z17: Custo Unitário
I18: CUSTO TOTAL DAS ATIVIDADES = | W18: 0
A19: Tempo Fixo (E) | K19: Qtde. | P19: Unidade | U19: Preço Unit. | Z19: Custo Unitário
I20: CUSTO UNITÁRIO TOTAL DO TEMPO FIXO = | W20: 0
A21: Momento de Transporte (F) | E21: Qtde. | H21: DMT-LN | I21: DMT-RP | J21: DMT-P | M21: P1 | Q21: P2 | V21: P3 | Z21: Custo Unitário
I22: CUSTO UNITÁRIO TOTAL DE TRANSPORTE = | W22: 0
I24: CUSTO UNITÁRIO DIRETO TOTAL = | W24: 1538018.4
G25: BONIFICAÇÕES E DESPESAS INDIRETAS ( | O25: 0 | S25: % ) = | W25: 0
I26: PREÇO UNITÁRIO TOTAL = | W26: 1538018.4
F31: CUSTO UNITÁRIO DE REFERÊNCIA | X31: Pág: 2
A32: Serviço: | D32: CUSTO PARA IMPLANTAÇÃO DO CANTEIRO DE OBRAS | P32: Código | T32: C0002 | Y32: D.B. | AB32: 45658
P33: Prod. Equipe: | T33: 1 | Y33: Unid: | AB33: UN
A35: Equipamento (A) | I35: Qtde. | J35: Utilização | Q35: Custo Operacional | Z35: Custo Horário
J36: Operat. | M36: Improd. | Q36: Operat. | V36: Improd.
I37: CUSTO HORÁRIO DE EQUIPAMENTO = | W37: 0
A38: Mão de Obra (B) | K38: Encargos | P38: Qtde. | U38: Salário-Hora | Z38: Custo Horário
I39: CUSTO HORÁRIO DE MÃO DE OBRA = | W39: 0
I40: CUSTO HORÁRIO DE EXECUÇÃO = | W40: 0
I41: CUSTO UNITÁRIO DE EXECUÇÃO = | W41: 0
I42: CUSTO DO FIC = | W42: 0
I43: CUSTO DO FIT = | W43: 0
A44: Material (C) | K44: Qtde. | P44: Unidade | U44: Preço Unit. | Z44: Custo Unitário
B45: IN0008 | D45: CUSTO DO CANTEIRO DE OBRAS | K45: 1 | P45: UN | U45: 508139.35 | Z45: 508139.35
I46: CUSTO TOTAL DO MATERIAL = | W46: 508139.35
A47: Atividades Auxiliares (D) | K47: Qtde. | P47: Unidade | U47: Preço Unit. | Z47: Custo Unitário
I48: CUSTO TOTAL DAS ATIVIDADES = | W48: 0
A49: Tempo Fixo (E) | K49: Qtde. | P49: Unidade | U49: Preço Unit. | Z49: Custo Unitário
I50: CUSTO UNITÁRIO TOTAL DO TEMPO FIXO = | W50: 0
A51: Momento de Transporte (F) | E51: Qtde. | H51: DMT-LN | I51: DMT-RP | J51: DMT-P | M51: P1 | Q51: P2 | V51: P3 | Z51: Custo Unitário
I52: CUSTO UNITÁRIO TOTAL DE TRANSPORTE = | W52: 0
I54: CUSTO UNITÁRIO DIRETO TOTAL = | W54: 508139.35
G55: BONIFICAÇÕES E DESPESAS INDIRETAS ( | O55: 0 | S55: % ) = | W55: 0
I56: PREÇO UNITÁRIO TOTAL = | W56: 508139.35
F61: CUSTO UNITÁRIO DE REFERÊNCIA | X61: Pág: 3
A62: Serviço: | D62: INSTALAÇÃO DE PLACA DE OBRA | P62: Código | T62: C0003 | Y62: D.B. | AB62: 45658
P63: Prod. Equipe: | T63: 1 | Y63: Unid: | AB63: M²
A65: Equipamento (A) | I65: Qtde. | J65: Utilização | Q65: Custo Operacional | Z65: Custo Horário
J66: Operat. | M66: Improd. | Q66: Operat. | V66: Improd.
I67: CUSTO HORÁRIO DE EQUIPAMENTO = | W67: 0
A68: Mão de Obra (B) | K68: Encargos | P68: Qtde. | U68: Salário-Hora | Z68: Custo Horário
B69: P9808 | D69: CARPINTEIRO | K69: 0 | P69: 0.3729 | U69: 27.5862 | Z69: 10.2869
B70: P9824 | D70: SERVENTE | K70: 0 | P70: 1.1186 | U70: 22.1488 | Z70: 24.7756
I71: CUSTO HORÁRIO DE MÃO DE OBRA = | W71: 35.0625
I72: CUSTO HORÁRIO DE EXECUÇÃO = | W72: 35.0625
I73: CUSTO UNITÁRIO DE EXECUÇÃO = | W73: 35.0625
I74: CUSTO DO FIC = | W74: 0
I75: CUSTO DO FIT = | W75: 0
A76: Material (C) | K76: Qtde. | P76: Unidade | U76: Preço Unit. | Z76: Custo Unitário
B77: M1205 | D77: PREGO DE FERRO | K77: 0.0245 | P77: KG | U77: 14.8927 | Z77: 0.3649
B78: M1358 | D78: SARRAFO EM MADEIRA DE TERCEIRA - E = 2,5 CM E L = 5 CM | K78: 3.2083 | P78: M | U78: 3.125 | Z78: 10.0259
B79: 04813 | D79: PLACA DE OBRA (PARA CONSTRUCAO CIVIL) EM CHAPA GALVANIZADA *N. 22*, ADESIVADA, DE *2,4 X 1,2* M (SEM POSTES PARA FIXACAO) | K79: 1 | P79: M2 | U79: 400 | Z79: 400
I80: CUSTO TOTAL DO MATERIAL = | W80: 410.3908
A81: Atividades Auxiliares (D) | K81: Qtde. | P81: Unidade | U81: Preço Unit. | Z81: Custo Unitário
I82: CUSTO TOTAL DAS ATIVIDADES = | W82: 0
A83: Tempo Fixo (E) | K83: Qtde. | P83: Unidade | U83: Preço Unit. | Z83: Custo Unitário
I84: CUSTO UNITÁRIO TOTAL DO TEMPO FIXO = | W84: 0
A85: Momento de Transporte (F) | E85: Qtde. | H85: DMT-LN | I85: DMT-RP | J85: DMT-P | M85: P1 | Q85: P2 | V85: P3 | Z85: Custo Unitário
I86: CUSTO UNITÁRIO TOTAL DE TRANSPORTE = | W86: 0
I88: CUSTO UNITÁRIO DIRETO TOTAL = | W88: 445.45
G89: BONIFICAÇÕES E DESPESAS INDIRETAS ( | O89: 0 | S89: % ) = | W89: 0
I90: PREÇO UNITÁRIO TOTAL = | W90: 445.45
F95: CUSTO UNITÁRIO DE REFERÊNCIA | X95: Pág: 4
A96: Serviço: | D96: BACIA DE CONTENÇÃO PARA TANQUE DE EMULSÃO DE 30.000 L - INCLUSIVE DEMOLIÇÃO | P96: Código | T96: 0903802 | Y96: D.B. | AB96: 45658
P97: Prod. Equipe: | T97: 1 | Y97: Unid: | AB97: UN
A99: Equipamento (A) | I99: Qtde. | J99: Utilização | Q99: Custo Operacional | Z99: Custo Horário
J100: Operat. | M100: Improd. | Q100: Operat. | V100: Improd.
I101: CUSTO HORÁRIO DE EQUIPAMENTO = | W101: 0
A102: Mão de Obra (B) | K102: Encargos | P102: Qtde. | U102: Salário-Hora | Z102: Custo Horário
I103: CUSTO HORÁRIO DE MÃO DE OBRA = | W103: 0
I104: CUSTO HORÁRIO DE EXECUÇÃO = | W104: 0
I105: CUSTO UNITÁRIO DE EXECUÇÃO = | W105: 0
I106: CUSTO DO FIC = | W106: 0
I107: CUSTO DO FIT = | W107: 0
A108: Material (C) | K108: Qtde. | P108: Unidade | U108: Preço Unit. | Z108: Custo Unitário
I109: CUSTO TOTAL DO MATERIAL = | W109: 0
A110: Atividades Auxiliares (D) | K110: Qtde. | P110: Unidade | U110: Preço Unit. | Z110: Custo Unitário
B111: 0903818 | D111: TINTA LÁTEX - DUAS CAMADAS COM APLICAÇÃO MANUAL | K111: 58.976 | P111: M² | U111: 15.2789 | Z111: 901.1533
B112: 0903860 | D112: SELADOR ACRÍLICO - CAMADA DE FUNDO COM APLICAÇÃO MANUAL | K112: 58.976 | P112: M² | U112: 2.9322 | Z112: 172.7997
B113: 0919250 | D113: FORNECIMENTO E INSTALAÇÃO DE EXTINTOR DE ESPUMA 10 L | K113: 1 | P113: UN | U113: 614.2858 | Z113: 614.29
B114: 0903788 | D114: CHAPISCO COM ARGAMASSA DE CIMENTO E AREIA 1:3 - APLICAÇÃO MANUAL | K114: 58.976 | P114: M² | U114: 4.3287 | Z114: 255.3661
B115: 0903789 | D115: EMBOÇO COM ARGAMASSA DE CIMENTO, CAL HIDRATADA E AREIA 1:2:8 COM ESPESSURA DE 2 CM - APLICAÇÃO MANUAL | K115: 58.976 | P115: M² | U115: 31.5787 | Z115: 1862.4621
B116: 1107892 | D116: CONCRETO FCK = 20 MPA - CONFECÇÃO EM BETONEIRA E LANÇAMENTO MANUAL - AREIA E BRITA COMERCIAIS | K116: 11.17754 | P116: M³ | U116: 444.0113 | Z116: 4962.9395
B117: 1106057 | D117: CONCRETO MAGRO - CONFECÇÃO EM BETONEIRA E LANÇAMENTO MANUAL - AREIA E BRITA COMERCIAIS | K117: 2.79439 | P117: M³ | U117: 441.1583 | Z117: 1232.7731
B118: 1619004 | D118: DEMOLIÇÃO MECÂNICA DE ALVENARIA COM CARREGADEIRA DE PNEUS | K118: 5.2768 | P118: M³ | U118: 51.0758 | Z118: 269.5389
B119: 1619006 | D119: DEMOLIÇÃO MECÂNICA DE CONCRETO SIMPLES COM ESCAVADEIRA HIDRÁULICA | K119: 13.97193 | P119: M³ | U119: 113.8373 | Z119: 1590.5645
...

Sheet RESUMO
A1: CLIENTE: | B1: DEPARTAMENTO DE ESTRADAS DE RODAGEM DO ESTADO DE PERNAMBUCO - DER/PE | D1: DATA BASE: | E1: JANEIRO/2025 - PE
A2: PROJETO: | B2: REABILITAÇÃO DE RODOVIAS DO ESTADO DE PERNAMBUCO
A3: RODOVIAS: | B3: 626APE0005 / 655APE0001 / PE-625 / PE-626 / PE-628 / PE-632 / PE-634 / PE-635
A4: LOTE: | B4: LOTE 09
A5: EXTENSÃO: | B5: 219,15km | D5: TRIBUTAÇÃO: | E5: SEM DESONERAÇÃO
A6: ITEM | B6: DESCRIÇÃO DOS SERVIÇOS | C6: R$ | D6: % | E6: VALOR / KM
A7: ='P.O.'!A14 -> 1 | B7: ='P.O.'!D14 -> ADMINISTRAÇAO LOCAL DE OBRAS | C7: ='P.O.'!J14 -> 1864539.7 | D7: =C7/$C$18 -> 0.021885859 | E7: =C7/$D$19 -> 8508.0526
A8: ='P.O.'!A17 -> 2 | B8: ='P.O.'!D17 -> CANTEIRO DE OBRAS | C8: ='P.O.'!J17 -> 783758.25 | D8: =C8/$C$18 -> 0.0091997088 | E8: =C8/$D$19 -> 3576.3552
A9: ='P.O.'!A22 -> 3 | B9: ='P.O.'!D22 -> MOBILIZAÇÃO E DESMOBILIZAÇÃO | C9: ='P.O.'!J22 -> 761512.52 | D9: =C9/$C$18 -> 0.0089385897 | E9: =C9/$D$19 -> 3474.8461
A10: ='P.O.'!A25 -> 4 | B10: ='P.O.'!D25 -> 626APE0005 - ENTR. BR-428 (PETROLINA) / ENTR. PE-626 (KM 4,95) | C10: ='P.O.'!J25 -> 1749681.7 | D10: =C10/$C$18 -> 0.020537662 | E10: =C10/$D$19 -> 7983.9458
A11: ='P.O.'!A62 -> 5 | B11: ='P.O.'!D62 -> 655APE0001 - PETROLINA / ENTR. PE-655 (JATOBÁ) | C11: ='P.O.'!J62 -> 2325334.5 | D11: =C11/$C$18 -> 0.027294641 | E11: =C11/$D$19 -> 10610.698
A12: ='P.O.'!A95 -> 6 | B12: ='P.O.'!D95 -> RODOVIA PE-625 - ENTR. PE604 (SANTA CRUZ) / ENTR. PE-630 (SANTA FILOMENA) | C12: ='P.O.'!J95 -> 8416727.4 | D12: =C12/$C$18 -> 0.098795057 | E12: =C12/$D$19 -> 38406.24
A13: ='P.O.'!A138 -> 7 | B13: ='P.O.'!D138 -> RODOVIA PE-626 - ENTR. BR-428 (PRÓXIMO A LAGOA GRANDE) / PETROLINA | C13: ='P.O.'!J138 -> 17772987 | D13: =C13/$C$18 -> 0.20861829 | E13: =C13/$D$19 -> 81099.645
A14: ='P.O.'!A185 -> 8 | B14: ='P.O.'!D185 -> RODOVIA PE-628 - ENTR. BR-428 / ENTR. PE-634 (P/ URUÁS) | C14: ='P.O.'!J185 -> 11225054 | D14: =C14/$C$18 -> 0.13175903 | E14: =C14/$D$19 -> 51220.87
A15: ='P.O.'!A225 -> 9 | B15: ='P.O.'!D225 -> RODOVIA PE-632 - ENTR. 428 / CAPIM | C15: ='P.O.'!J225 -> 1905551.3 | D15: =C15/$C$18 -> 0.022367251 | E15: =C15/$D$19 -> 8695.192
A16: ='P.O.'!A259 -> 10 | B16: ='P.O.'!D259 -> RODOVIA PE-634 - ENTR. BR407 / URUÁS/CRUZ DE SALINAS | C16: ='P.O.'!J259 -> 3979525.3 | D16: =C16/$C$18 -> 0.046711436 | E16: =C16/$D$19 -> 18158.911
A17: 12 | B17: ='P.O.'!D293 -> RODOVIA PE-635 - ENTR. PE-604 / ENTR. PE-630 (DORMENTES) | C17: ='P.O.'!J293 -> 34409139 | D17: =C17/$C$18 -> 0.40389248 | E17: =C17/$D$19 -> 157011.82
B18: TOTAL GERAL | C18: =C12+C11+C10+C9+C8+C7+C13+C14+C15+C16+C17 -> 85193811 | D18: =D12+D11+D10+D9+D8+D7+D13+D14+D15+D16+D17 -> 1 | E18: =C18/$D$19 -> 388746.57
C19: KM DO PROJETO | D19: 219.15 | E19: Km

Sheet P.O.
A1: =RESUMO!A1 -> CLIENTE: | B1: =RESUMO!B1 -> DEPARTAMENTO DE ESTRADAS DE RODAGEM DO ESTADO DE PERNAMBUCO - DER/PE
A2: =RESUMO!A2 -> PROJETO: | B2: =RESUMO!B2 -> REABILITAÇÃO DE RODOVIAS DO ESTADO DE PERNAMBUCO
A3: =RESUMO!A3 -> RODOVIAS: | B3: =RESUMO!B3 -> 626APE0005 / 655APE0001 / PE-625 / PE-626 / PE-628 / PE-632 / PE-634 / PE-635
A4: =RESUMO!A4 -> LOTE: | B4: =RESUMO!B4 -> LOTE 09 | I4: DATA BASE: | J4: =RESUMO!E1 -> JANEIRO/2025 - PE
A5: =RESUMO!A5 -> EXTENSÃO: | B5: =RESUMO!B5 -> 219,15km | I5: TRIBUTAÇÃO: | J5: =RESUMO!E5 -> SEM DESONERAÇÃO | M5: =SUBTOTAL(9,J29:J318) -> 3.0746784e+08 | N5: =M5/M6 -> 3.6090397
I6: BDI SERVIÇOS: | J6: 0.2123 | M6: =J335 -> 85193811
I7: BDI DIFERENCIADO: | J7: 0.15
A9: PLANILHA ORÇAMENTÁRIA
A11: ITEM | B11: CÓDIGO | C11: FONTE | D11: DESCRIÇÃO | E11: UND | F11: QUANT. | G11: CUSTO UNITÁRIO (R$) | H11: BDI (%) | I11: PREÇO UNITÁRIO (R$) | J11: PREÇO TOTAL (R$)
A14: 1 | D14: ADMINISTRAÇAO LOCAL DE OBRAS | J14: =J15 -> 1864539.7
A15: 1.1 | B15: C0001 | C15: PRÓPRIA | D15: CUSTO DA ADMINISTRAÇÃO LOCAL | E15: UN | F15: 1 | G15: 1538018.4 | H15: =$J$6 -> 0.2123 | I15: =ROUND(((H15+1)*G15),2) -> 1864539.7 | J15: =TRUNC((I15*F15),2) -> 1864539.7 | K15: =G15*F15 -> 1538018.4
A17: 2 | D17: CANTEIRO DE OBRAS | J17: =SUM(J18:J20) -> 783758.25
A18: 2.1 | B18: C0002 | C18: PRÓPRIA | D18: CUSTO PARA IMPLANTAÇÃO DO CANTEIRO DE OBRAS | E18: UN | F18: 1 | G18: 508139.35 | H18: =$J$6 -> 0.2123 | I18: =ROUND(((H18+1)*G18),2) -> 616017.33 | J18: =TRUNC((I18*F18),2) -> 616017.33 | K18: =G18*F18 -> 508139.35
A19: 2.2 | B19: C0003 | C19: PRÓPRIA | D19: FORNECIMENTO, TRANSPORTE E ASSENTAMENTO DE PLACA DE OBRA | E19: M² | F19: =7*2*12 -> 168 | G19: 445.45 | H19: =$J$6 -> 0.2123 | I19: =ROUND(((H19+1)*G19),2) -> 540.02 | J19: =TRUNC((I19*F19),2) -> 90723.36 | K19: =G19*F19 -> 74835.6
A20: 2.3 | B20: 903802 | C20: SICRO | D20: BACIA DE CONTENÇÃO PARA TANQUE DE EMULSÃO DE 30.000 L, SEM COBERTURA, INCLUSIVE DEMOLIÇÕES | E20: UN | F20: 4 | G20: 15882.53 | H20: =$J$6 -> 0.2123 | I20: =ROUND(((H20+1)*G20),2) -> 19254.39 | J20: =TRUNC((I20*F20),2) -> 77017.56 | K20: =G20*F20 -> 63530.12
A22: 3 | D22: MOBILIZAÇÃO E DESMOBILIZAÇÃO | J22: =J23 -> 761512.52
A23: 3.1 | B23: C0003 | C23: PRÓPRIA | D23: CUSTO DE MOBILIZAÇÃO E DESMOBILIZAÇÃO DA OBRA | E23: UN | F23: 2 | G23: 314077.59 | H23: =$J$6 -> 0.2123 | I23: =ROUND(((H23+1)*G23),2) -> 380756.26 | J23: =TRUNC((I23*F23),2) -> 761512.52 | K23: =G23*F23 -> 628155.18
A25: 4 | D25: 626APE0005 - ENTR. BR-428 (PETROLINA) / ENTR. PE-626 (KM 4,95) | J25: =J26+J39+J43 -> 1749681.7
A26: 4.1 | D26: PAVIMENTAÇÃO | J26: =J27+J34 -> 495345.54
A27: 4.1.1 | D27: PISTA DE ROLAMENTO E ACOSTAMENTO | J27: =SUM(J28:J33) -> 137555.45
A28: 4.1.1.1 | B28: 4915746 | C28: SICRO | D28: REMENDO PROFUNDO COM IMPRIMAÇÃO COM ASFALTO DILUÍDO - DEMOLIÇÃO MECÂNICA E CORTE COM SERRA | E28: M³ | F28: 5.396 | G28: 412.98 | H28: =$J$6 -> 0.2123 | I28: =ROUND(((H28+1)*G28),2) -> 500.66 | J28: =TRUNC((I28*F28),2) -> 2701.56 | K28: =G28*F28 -> 2228.4401
A29: 4.1.1.2 | B29: S0010 | C29: PRÓPRIA | D29: AQUISIÇÃO DE MASSA ASFÁLTICA COMERCIAL | E29: T | F29: 3.24 | G29: 669.95 | H29: =$J$7 -> 0.15 | I29: =ROUND(((H29+1)*G29),2) -> 770.44 | J29: =TRUNC((I29*F29),2) -> 2496.22 | K29: =G29*F29 -> 2170.638
A30: 4.1.1.3 | B30: 5914389 | C30: SICRO | D30: TRANSPORTE COM CAMINHÃO BASCULANTE DE 10 M³ - RODOVIA PAVIMENTADA | E30: TKM | F30: =F29*44.77 -> 145.0548 | G30: 0.83 | H30: =$J$6 -> 0.2123 | I30: =ROUND(((H30+1)*G30),2) -> 1.01 | J30: =TRUNC((I30*F30),2) -> 146.5 | K30: =G30*F30 -> 120.39548
A31: 4.1.1.4 | B31: 4011212 | C31: SICRO | D31: VARREDURA DA SUPERFÍCIE PARA EXECUÇÃO DE REVESTIMENTO ASFÁLTICO | E31: M² | F31: 26980 | G31: 0.07 | H31: =$J$6 -> 0.2123 | I31: =ROUND(((H31+1)*G31),2) -> 0.08 | J31: =TRUNC((I31*F31),2) -> 2158.4 | K31: =G31*F31 -> 1888.6
A32: 4.1.1.5 | B32: 4011353 | C32: SICRO | D32: PINTURA DE LIGAÇÃO | E32: M² | F32: 26.98 | G32: 0.28 | H32: =$J$6 -> 0.2123 | I32: =ROUND(((H32+1)*G32),2) -> 0.34 | J32: =TRUNC((I32*F32),2) -> 9.17 | K32: =G32*F32 -> 7.5544
A33: 4.1.1.6 | B33: 4011410 | C33: SICRO | D33: MICRORREVESTIMENTO A FRIO COM EMULSÃO MODIFICADA COM POLÍMERO DE 1,5 CM - FAIXA III - BRITA COMERCIAL | E33: M² | F33: 26980 | G33: 3.98 | H33: =$J$6 -> 0.2123 | I33: =ROUND(((H33+1)*G33),2) -> 4.82 | J33: =TRUNC((I33*F33),2) -> 130043.6 | K33: =G33*F33 -> 107380.4
A34: 4.1.2 | D34: MATERIAIS BETUMINOSOS | J34: =SUM(J35:J38) -> 357790.09
A35: 4.1.2.1 | B35: S0002 | C35: ANP | D35: AQUISIÇÃO DE MATERIAL BETUMINOSO - EMULSÕES ASFÁLTICAS RR-1C | E35: T | F35: 0.012 | G35: 3880.63 | H35: =$J$7 -> 0.15 | I35: =ROUND(((H35+1)*G35),2) -> 4462.72 | J35: =TRUNC((I35*F35),2) -> 53.55 | K35: =G35*F35 -> 46.56756
A36: 4.1.2.2 | B36: S0004 | C36: ANP | D36: AQUISIÇÃO DE MATERIAL BETUMINOSO - EMULSÕES ASFÁLTICA MODIFICADA POR POLÍMEROS RR1C-E | E36: T | F36: 63.673 | G36: 4516.85 | H36: =$J$7 -> 0.15 | I36: =ROUND(((H36+1)*G36),2) -> 5194.38 | J36: =TRUNC((I36*F36),2) -> 330741.75 | K36: =G36*F36 -> 287601.39
A37: 4.1.2.3 | B37: S0006 | C37: SICRO | D37: TRANSPORTE DE MATERIAL BETUMINOSO - EMULSÕES ASFÁLTICAS RR-1C | E37: T | F37: =F35 -> 0.012 | G37: 368.59 | H37: =$J$7 -> 0.15 | I37: =ROUND(((H37+1)*G37),2) -> 423.88 | J37: =TRUNC((I37*F37),2) -> 5.08 | K37: =G37*F37 -> 4.42308
A38: 4.1.2.4 | B38: S0008 | C38: SICRO | D38: TRANSPORTE DE MATERIAL BETUMINOSO - EMULSÕES ASFÁLTICA MODIFICADA POR POLÍMEROS RR1C-E | E38: T | F38: =F36 -> 63.673 | G38: 368.59 | H38: =$J$7 -> 0.15 | I38: =ROUND(((H38+1)*G38),2) -> 423.88 | J38: =TRUNC((I38*F38),2) -> 26989.71 | K38: =G38*F38 -> 23469.231
A39: 4.2 | D39: DRENAGEM | J39: =SUM(J40:J42) -> 276952.94
A40: 4.2.1 | B40: 2003377 | C40: SICRO | D40: MEIO-FIO DE CONCRETO - MFC 05 - AREIA E BRITA COMERCIAIS - FÔRMA DE MADEIRA | E40: M | F40: 3366 | G40: 57.4 | H40: =$J$6 -> 0.2123 | I40: =ROUND(((H40+1)*G40),2) -> 69.59 | J40: =TRUNC((I40*F40),2) -> 234239.94 | K40: =G40*F40 -> 193208.4
A41: 4.2.2 | B41: 1619006 | C41: SICRO | D41: DEMOLIÇÃO MECÂNICA DE CONCRETO SIMPLES COM ESCAVADEIRA HIDRÁULICA | E41: M³ | F41: 112.4244 | G41: 113.84 | H41: =$J$6 -> 0.2123 | I41: =ROUND(((H41+1)*G41),2) -> 138.01 | J41: =TRUNC((I41*F41),2) -> 15515.69 | K41: =G41*F41 -> 12798.394
A42: 4.2.3 | B42: S0009 | C42: PRÓPRIA | D42: DESTINAÇÃO DE RESÍDUOS SÓLIDOS EM CTR | E42: T | F42: 269.8146 | G42: 87.65 | H42: =$J$7 -> 0.15 | I42: =ROUND(((H42+1)*G42),2) -> 100.8 | J42: =TRUNC((I42*F42),2) -> 27197.31 | K42: =G42*F42 -> 23649.25
A43: 4.3 | D43: SINALIZAÇÃO | J43: =J44+J48+J53 -> 977383.24
A44: 4.3.1 | D44: SINALIZAÇÃO HORIZONTAL | J44: =SUM(J45:J47) -> 826537.86
A45: 4.3.1.1 | B45: 5213408 | C45: SICRO | D45: PINTURA DE FAIXA COM TERMOPLÁSTICO POR ASPERSÃO - ESPESSURA DE 1,5 MM | E45: M² | F45: 5442.81 | G45: 48.21 | H45: =$J$6 -> 0.2123 | I45: =ROUND(((H45+1)*G45),2) -> 58.44 | J45: =TRUNC((I45*F45),2) -> 318077.81 | K45: =G45*F45 -> 262397.87
A46: 4.3.1.2 | B46: 5213409 | C46: SICRO | D46: PINTURA DE SETAS E ZEBRADOS COM TERMOPLÁSTICO POR EXTRUSÃO - ESPESSURA DE 3,0 MM | E46: M² | F46: 28.13 | G46: 102.62 | H46: =$J$6 -> 0.2123 | I46: =ROUND(((H46+1)*G46),2) -> 124.41 | J46: =TRUNC((I46*F46),2) -> 3499.65 | K46: =G46*F46 -> 2886.7006
A47: 4.3.1.3 | B47: 5219623 | C47: SICRO | D47: TACHA REFLETIVA EM RESINA SINTÉTICA - BIDIRECIONAL TIPO III - COM UM PINO - FORNECIMENTO E COLOCAÇÃO | E47: UN | F47: 7841 | G47: 53.12 | H47: =$J$6 -> 0.2123 | I47: =ROUND(((H47+1)*G47),2) -> 64.4 | J47: =TRUNC((I47*F47),2) -> 504960.4 | K47: =G47*F47 -> 416513.92
A48: 4.3.2 | D48: SINALIZAÇÃO VERTICAL | J48: =SUM(J49:J52) -> 131693.36
A49: 4.3.2.1 | B49: 5213572 | C49: SICRO | D49: PLACA EM AÇO - PELÍCULA III + III - FORNECIMENTO E IMPLANTAÇÃO | E49: M² | F49: 76.37 | G49: 626.24 | H49: =$J$6 -> 0.2123 | I49: =ROUND(((H49+1)*G49),2) -> 759.19 | J49: =TRUNC((I49*F49),2) -> 57979.34 | K49: =G49*F49 -> 47825.949
A50: 4.3.2.2 | B50: C64084 | C50: PRÓPRIA | D50: PLACA EM AÇO - PELÍCULA I + SI - FORNECIMENTO E IMPLANTAÇÃO | E50: M² | F50: 41.33 | G50: 654.4 | H50: =$J$6 -> 0.2123 | I50: =ROUND(((H50+1)*G50),2) -> 793.33 | J50: =TRUNC((I50*F50),2) -> 32788.32 | K50: =G50*F50 -> 27046.352
A51: 4.3.2.3 | B51: C64086 | C51: PRÓPRIA | D51: PLACA EM AÇO - PELÍCULA III + IV - FORNECIMENTO E IMPLANTAÇÃO | E51: M² | F51: 5.56 | G51: 984.98 | H51: =$J$6 -> 0.2123 | I51: =ROUND(((H51+1)*G51),2) -> 1194.09 | J51: =TRUNC((I51*F51),2) -> 6639.14 | K51: =G51*F51 -> 5476.4888
A52: 4.3.2.4 | B52: 5216111 | C52: SICRO | D52: SUPORTE PARA PLACA DE SINALIZAÇÃO EM MADEIRA DE LEI TRATADA 8 X 8 CM - FORNECIMENTO E IMPLANTAÇÃO | E52: UN | F52: 242 | G52: 116.87 | H52: =$J$6 -> 0.2123 | I52: =ROUND(((H52+1)*G52),2) -> 141.68 | J52: =TRUNC((I52*F52),2) -> 34286.56 | K52: =G52*F52 -> 28282.54
A53: 4.3.3 | D53: SINALIZAÇÃO DE OBRA | J53: =SUM(J54:J60) -> 19152.02
A54: 4.3.3.1 | B54: 5212556 | C54: SICRO | D54: PLACA PARA SINALIZAÇÃO DE OBRAS MONTADA EM CAVALETE METÁLICO - 1,00 X 1,00 M - UTILIZAÇÃO DE 600 CICLOS - FORNECIMENTO, 01 IMPLANTAÇÃO E 01 RETIRADA DIÁRIA | E54: UN.DIA | F54: 15 | G54: 1.96 | H54: =$J$6 -> 0.2123 | I54: =ROUND(((H54+1)*G54),2) -> 2.38 | J54: =TRUNC((I54*F54),2) -> 35.7 | K54: =G54*F54 -> 29.4
A55: 4.3.3.2 | B55: 5213343 | C55: SICRO | D55: BARREIRA DE SINALIZAÇÃO TIPO I DE DIRECIONAMENTO OU BLOQUEIO - UTILIZAÇÃO DE 150 CICLOS - FORNECIMENTO, 01 IMPLANTAÇÃO E 01 RETIRADA DIÁRIA | E55: UN.DIA | F55: 40 | G55: 4.14 | H55: =$J$6 -> 0.2123 | I55: =ROUND(((H55+1)*G55),2) -> 5.02 | J55: =TRUNC((I55*F55),2) -> 200.8 | K55: =G55*F55 -> 165.6
A56: 4.3.3.3 | B56: 5213345 | C56: SICRO | D56: BARREIRA DE SINALIZAÇÃO TIPO II DE DIRECIONAMENTO OU BLOQUEIO - UTILIZAÇÃO DE 150 CICLOS - FORNECIMENTO, 01 IMPLANTAÇÃO E 01 RETIRADA DIÁRIA | E56: UN.DIA | F56: 2 | G56: 6.09 | H56: =$J$6 -> 0.2123 | I56: =ROUND(((H56+1)*G56),2) -> 7.38 | J56: =TRUNC((I56*F56),2) -> 14.76 | K56: =G56*F56 -> 12.18
A57: 4.3.3.4 | B57: 5213835 | C57: SICRO | D57: CONE PLÁSTICO PARA CANALIZAÇÃO DE TRÂNSITO - UTILIZAÇÃO DE 150 CICLOS - FORNECIMENTO, 01 IMPLANTAÇÃO E 01 RETIRADA DIÁRIA | E57: UN.DIA | F57: 217 | G57: 0.78 | H57: =$J$6 -> 0.2123 | I57: =ROUND(((H57+1)*G57),2) -> 0.95 | J57: =TRUNC((I57*F57),2) -> 206.15 | K57: =G57*F57 -> 169.26
A58: 4.3.3.5 | B58: 5213848 | C58: SICRO | D58: LUZ DE ADVERTÊNCIA E BATERIA PARA DISPOSITIVOS DE SINALIZAÇÃO - UTILIZAÇÃO DE 200 CICLOS - FORNECIMENTO, 01 IMPLANTAÇÃO E 01 RETIRADA DIÁRIA | E58: UN.DIA | F58: 2 | G58: 1.1 | H58: =$J$6 -> 0.2123 | I58: =ROUND(((H58+1)*G58),2) -> 1.33 | J58: =TRUNC((I58*F58),2) -> 2.66 | K58: =G58*F58 -> 2.2
A59: 4.3.3.6 | B59: C64094 | C59: PRÓPRIA | D59: PLACA EM AÇO - PELÍCULA I + IV - FORNECIMENTO E IMPLANTAÇÃO | E59: M² | F59: 14.34 | G59: 451.96 | H59: =$J$6 -> 0.2123 | I59: =ROUND(((H59+1)*G59),2) -> 547.91 | J59: =TRUNC((I59*F59),2) -> 7857.02 | K59: =G59*F59 -> 6481.1064
A60: 4.3.3.7 | B60: 5213850 | C60: SICRO | D60: OPERAÇÃO DE SINALIZAÇÃO POR BANDEIROLA DE TECIDO OU COM PLACA METÁLICA | E60: H | F60: 403.5359 | G60: 22.15 | H60: =$J$6 -> 0.2123 | I60: =ROUND(((H60+1)*G60),2) -> 26.85 | J60: =TRUNC((I60*F60),2) -> 10834.93 | K60: =G60*F60 -> 8938.3202
A62: 5 | D62: 655APE0001 - PETROLINA / ENTR. PE-655 (JATOBÁ) | J62: =J63+J70+J74 -> 2325334.5
A63: 5.1 | D63: PAVIMENTAÇÃO | J63: =J64+J67 -> 968095.79
A64: 5.1.1 | D64: PISTA DE ROLAMENTO E ACOSTAMENTO | J64: =SUM(J65:J66) -> 261228.8
A65: 5.1.1.1 | B65: 4011212 | C65: SICRO | D65: VARREDURA DA SUPERFÍCIE PARA EXECUÇÃO DE REVESTIMENTO ASFÁLTICO | E65: M² | F65: 53312 | G65: 0.07 | H65: =$J$6 -> 0.2123 | I65: =ROUND(((H65+1)*G65),2) -> 0.08 | J65: =TRUNC((I65*F65),2) -> 4264.96 | K65: =G65*F65 -> 3731.84
A66: 5.1.1.2 | B66: 4011410 | C66: SICRO | D66: MICRORREVESTIMENTO A FRIO COM EMULSÃO MODIFICADA COM POLÍMERO DE 1,5 CM - FAIXA III - BRITA COMERCIAL | E66: M² | F66: 53312 | G66: 3.98 | H66: =$J$6 -> 0.2123 | I66: =ROUND(((H66+1)*G66),2) -> 4.82 | J66: =TRUNC((I66*F66),2) -> 256963.84 | K66: =G66*F66 -> 212181.76
A67: 5.1.2 | D67: MATERIAIS BETUMINOSOS | J67: =SUM(J68:J69) -> 706866.99
A68: 5.1.2.1 | B68: S0004 | C68: ANP | D68: AQUISIÇÃO DE MATERIAL BETUMINOSO - EMULSÕES ASFÁLTICA MODIFICADA POR POLÍMEROS RR1C-E | E68: T | F68: 125.816 | G68: 4516.85 | H68: =$J$7 -> 0.15 | I68: =ROUND(((H68+1)*G68),2) -> 5194.38 | J68: =TRUNC((I68*F68),2) -> 653536.11 | K68: =G68*F68 -> 568292
A69: 5.1.2.2 | B69: S0008 | C69: SICRO | D69: TRANSPORTE DE MATERIAL BETUMINOSO - EMULSÕES ASFÁLTICA MODIFICADA POR POLÍMEROS RR1C-E | E69: T | F69: =F68 -> 125.816 | G69: 368.59 | H69: =$J$7 -> 0.15 | I69: =ROUND(((H69+1)*G69),2) -> 423.88 | J69: =TRUNC((I69*F69),2) -> 53330.88 | K69: =G69*F69 -> 46374.519
A70: 5.2 | D70: DRENAGEM | J70: =SUM(J71:J73) -> 856926.16
A71: 5.2.1 | B71: 2003377 | C71: SICRO | D71: MEIO-FIO DE CONCRETO - MFC 05 - AREIA E BRITA COMERCIAIS - FÔRMA DE MADEIRA | E71: M | F71: 10414.8 | G71: 57.4 | H71: =$J$6 -> 0.2123 | I71: =ROUND(((H71+1)*G71),2) -> 69.59 | J71: =TRUNC((I71*F71),2) -> 724765.93 | K71: =G71*F71 -> 597809.52
A72: 5.2.2 | B72: 1619006 | C72: SICRO | D72: DEMOLIÇÃO MECÂNICA DE CONCRETO SIMPLES COM ESCAVADEIRA HIDRÁULICA | E72: M³ | F72: 347.8563 | G72: 113.84 | H72: =$J$6 -> 0.2123 | I72: =ROUND(((H72+1)*G72),2) -> 138.01 | J72: =TRUNC((I72*F72),2) -> 48007.64 | K72: =G72*F72 -> 39599.961
A73: 5.2.3 | B73: S0009 | C73: PRÓPRIA | D73: DESTINAÇÃO DE RESÍDUOS SÓLIDOS EM CTR | E73: T | F73: 834.8472 | G73: 87.65 | H73: =$J$7 -> 0.15 | I73: =ROUND(((H73+1)*G73),2) -> 100.8 | J73: =TRUNC((I73*F73),2) -> 84152.59 | K73: =G73*F73 -> 73174.357
A74: 5.3 | D74: SINALIZAÇÃO | J74: =J75+J82+J86 -> 500312.55
A75: 5.3.1 | D75: SINALIZAÇÃO HORIZONTAL | J75: =SUM(J76:J81) -> 389329.71
A76: 5.3.1.1 | B76: 5213408 | C76: SICRO | D76: PINTURA DE FAIXA COM TERMOPLÁSTICO POR ASPERSÃO - ESPESSURA DE 1,5 MM | E76: M² | F76: 1947.72 | G76: 48.21 | H76: =$J$6 -> 0.2123 | I76: =ROUND(((H76+1)*G76),2) -> 58.44 | J76: =TRUNC((I76*F76),2) -> 113824.75 | K76: =G76*F76 -> 93899.581
A77: 5.3.1.2 | B77: 5213409 | C77: SICRO | D77: PINTURA DE SETAS E ZEBRADOS COM TERMOPLÁSTICO POR EXTRUSÃO - ESPESSURA DE 3,0 MM | E77: M² | F77: 572.6 | G77: 102.62 | H77: =$J$6 -> 0.2123 | I77: =ROUND(((H77+1)*G77),2) -> 124.41 | J77: =TRUNC((I77*F77),2) -> 71237.16 | K77: =G77*F77 -> 58760.212
A78: 5.3.1.3 | B78: 5219631 | C78: SICRO | D78: TACHA REFLETIVA EM RESINA SINTÉTICA - MONODIRECIONAL TIPO III - COM UM PINO - FORNECIMENTO E COLOCAÇÃO | E78: UN | F78: 1448 | G78: 48.07 | H78: =$J$6 -> 0.2123 | I78: =ROUND(((H78+1)*G78),2) -> 58.28 | J78: =TRUNC((I78*F78),2) -> 84389.44 | K78: =G78*F78 -> 69605.36
A79: 5.3.1.4 | B79: 5219623 | C79: SICRO | D79: TACHA REFLETIVA EM RESINA SINTÉTICA - BIDIRECIONAL TIPO III - COM UM PINO - FORNECIMENTO E COLOCAÇÃO | E79: UN | F79: 1438 | G79: 53.12 | H79: =$J$6 -> 0.2123 | I79: =ROUND(((H79+1)*G79),2) -> 64.4 | J79: =TRUNC((I79*F79),2) -> 92607.2 | K79: =G79*F79 -> 76386.56
A80: 5.3.1.5 | B80: 5219644 | C80: SICRO | D80: TACHÃO REFLETIVO EM RESINA SINTÉTICA - MONODIRECIONAL - FORNECIMENTO E COLOCAÇÃO | E80: UN | F80: 232 | G80: 77.1 | H80: =$J$6 -> 0.2123 | I80: =ROUND(((H80+1)*G80),2) -> 93.47 | J80: =TRUNC((I80*F80),2) -> 21685.04 | K80: =G80*F80 -> 17887.2
A81: 5.3.1.6 | B81: 5219643 | C81: SICRO | D81: TACHÃO REFLETIVO EM RESINA SINTÉTICA - BIDIRECIONAL - FORNECIMENTO E COLOCAÇÃO | E81: UN | F81: 59 | G81: 78.1 | H81: =$J$6 -> 0.2123 | I81: =ROUND(((H81+1)*G81),2) -> 94.68 | J81: =TRUNC((I81*F81),2) -> 5586.12 | K81: =G81*F81 -> 4607.9
A82: 5.3.2 | D82: SINALIZAÇÃO VERTICAL | J82: =SUM(J83:J85) -> 74831.48
A83: 5.3.2.1 | B83: 5213572 | C83: SICRO | D83: PLACA EM AÇO - PELÍCULA III + III - FORNECIMENTO E IMPLANTAÇÃO | E83: M² | F83: 44.45 | G83: 626.24 | H83: =$J$6 -> 0.2123 | I83: =ROUND(((H83+1)*G83),2) -> 759.19 | J83: =TRUNC((I83*F83),2) -> 33745.99 | K83: =G83*F83 -> 27836.368
A84: 5.3.2.2 | B84: C64085 | C84: PRÓPRIA | D84: PLACA EM AÇO - PELÍCULA I + SI - FORNECIMENTO E IMPLANTAÇÃO | E84: M² | F84: 36.43 | G84: 654.4 | H84: =$J$6 -> 0.2123 | I84: =ROUND(((H84+1)*G84),2) -> 793.33 | J84: =TRUNC((I84*F84),2) -> 28901.01 | K84: =G84*F84 -> 23839.792
A85: 5.3.2.3 | B85: 5216111 | C85: SICRO | D85: SUPORTE PARA PLACA DE SINALIZAÇÃO EM MADEIRA DE LEI TRATADA 8 X 8 CM - FORNECIMENTO E IMPLANTAÇÃO | E85: UN | F85: 86 | G85: 116.87 | H85: =$J$6 -> 0.2123 | I85: =ROUND(((H85+1)*G85),2) -> 141.68 | J85: =TRUNC((I85*F85),2) -> 12184.48 | K85: =G85*F85 -> 10050.82
A86: 5.3.3 | D86: SINALIZAÇÃO DE OBRA | J86: =SUM(J87:J93) -> 36151.36
A87: 5.3.3.1 | B87: 5212556 | C87: SICRO | D87: PLACA PARA SINALIZAÇÃO DE OBRAS MONTADA EM CAVALETE METÁLICO - 1,00 X 1,00 M - UTILIZAÇÃO DE 600 CICLOS - FORNECIMENTO, 01 IMPLANTAÇÃO E 01 RETIRADA DIÁRIA | E87: UN.DIA | F87: 15 | G87: 1.96 | H87: =$J$6 -> 0.2123 | I87: =ROUND(((H87+1)*G87),2) -> 2.38 | J87: =TRUNC((I87*F87),2) -> 35.7 | K87: =G87*F87 -> 29.4
A88: 5.3.3.2 | B88: 5213343 | C88: SICRO | D88: BARREIRA DE SINALIZAÇÃO TIPO I DE DIRECIONAMENTO OU BLOQUEIO - UTILIZAÇÃO DE 150 CICLOS - FORNECIMENTO, 01 IMPLANTAÇÃO E 01 RETIRADA DIÁRIA | E88: UN.DIA | F88: 40 | G88: 4.14 | H88: =$J$6 -> 0.2123 | I88: =ROUND(((H88+1)*G88),2) -> 5.02 | J88: =TRUNC((I88*F88),2) -> 200.8 | K88: =G88*F88 -> 165.6
A89: 5.3.3.3 | B89: 5213345 | C89: SICRO | D89: BARREIRA DE SINALIZAÇÃO TIPO II DE DIRECIONAMENTO OU BLOQUEIO - UTILIZAÇÃO DE 150 CICLOS - FORNECIMENTO, 01 IMPLANTAÇÃO E 01 RETIRADA DIÁRIA | E89: UN.DIA | F89: 2 | G89: 6.09 | H89: =$J$6 -> 0.2123 | I89: =ROUND(((H89+1)*G89),2) -> 7.38 | J89: =TRUNC((I89*F89),2) -> 14.76 | K89: =G89*F89 -> 12.18
A90: 5.3.3.4 | B90: 5213835 | C90: SICRO | D90: CONE PLÁSTICO PARA CANALIZAÇÃO DE TRÂNSITO - UTILIZAÇÃO DE 150 CICLOS - FORNECIMENTO, 01 IMPLANTAÇÃO E 01 RETIRADA DIÁRIA | E90: UN.DIA | F90: 217 | G90: 0.78 | H90: =$J$6 -> 0.2123 | I90: =ROUND(((H90+1)*G90),2) -> 0.95 | J90: =TRUNC((I90*F90),2) -> 206.15 | K90: =G90*F90 -> 169.26
A91: 5.3.3.5 | B91: 5213848 | C91: SICRO | D91: LUZ DE ADVERTÊNCIA E BATERIA PARA DISPOSITIVOS DE SINALIZAÇÃO - UTILIZAÇÃO DE 200 CICLOS - FORNECIMENTO, 01 IMPLANTAÇÃO E 01 RETIRADA DIÁRIA | E91: UN.DIA | F91: 2 | G91: 1.1 | H91: =$J$6 -> 0.2123 | I91: =ROUND(((H91+1)*G91),2) -> 1.33 | J91: =TRUNC((I91*F91),2) -> 2.66 | K91: =G91*F91 -> 2.2
A92: 5.3.3.6 | B92: C64094 | C92: PRÓPRIA | D92: PLACA EM AÇO - PELÍCULA I + IV - FORNECIMENTO E IMPLANTAÇÃO | E92: M² | F92: 14.34 | G92: 451.96 | H92: =$J$6 -> 0.2123 | I92: =ROUND(((H92+1)*G92),2) -> 547.91 | J92: =TRUNC((I92*F92),2) -> 7857.02 | K92: =G92*F92 -> 6481.1064
A93: 5.3.3.7 | B93: 5213850 | C93: SICRO | D93: OPERAÇÃO DE SINALIZAÇÃO POR BANDEIROLA DE TECIDO OU COM PLACA METÁLICA | E93: H | F93: 1036.6583 | G93: 22.15 | H93: =$J$6 -> 0.2123 | I93: =ROUND(((H93+1)*G93),2) -> 26.85 | J93: =TRUNC((I93*F93),2) -> 27834.27 | K93: =G93*F93 -> 22961.981
A95: 6 | D95: RODOVIA PE-625 - ENTR. PE604 (SANTA CRUZ) / ENTR. PE-630 (SANTA FILOMENA) | J95: =J96+J98+J111+J119 -> 8416727.4
A96: 6.1 | D96: SERVIÇOS PRELIMINARES | J96: =J97 -> 8689.34
A97: 6.1.1 | B97: 4915742 | C97: SICRO | D97: ROÇADA MECANIZADA COM ROÇADEIRA DE ARRASTE | E97: HA | F97: 15.396 | G97: 465.55 | H97: =$J$6 -> 0.2123 | I97: =ROUND(((H97+1)*G97),2) -> 564.39 | J97: =TRUNC((I97*F97),2) -> 8689.34 | K97: =G97*F97 -> 7167.6078
A98: 6.2 | D98: PAVIMENTAÇÃO | J98: =J99+J106 -> 5831024.7
A99: 6.2.1 | D99: PISTA DE ROLAMENTO E ACOSTAMENTO | J99: =SUM(J100:J105) -> 1575612.4
A100: 6.2.1.1 | B100: 4011212 | C100: SICRO | D100: VARREDURA DA SUPERFÍCIE PARA EXECUÇÃO DE REVESTIMENTO ASFÁLTICO | E100: M² | F100: 320938.2 | G100: 0.07 | H100: =$J$6 -> 0.2123 | I100: =ROUND(((H100+1)*G100),2) -> 0.08 | J100: =TRUNC((I100*F100),2) -> 25675.05 | K100: =G100*F100 -> 22465.674
A101: 6.2.1.2 | B101: 4011353 | C101: SICRO | D101: PINTURA DE LIGAÇÃO | E101: M² | F101: 29.25 | G101: 0.28 | H101: =$J$6 -> 0.2123 | I101: =ROUND(((H101+1)*G101),2) -> 0.34 | J101: =TRUNC((I101*F101),2) -> 9.94 | K101: =G101*F101 -> 8.19
A102: 6.2.1.3 | B102: 4011464 | C102: SICRO | D102: CONCRETO ASFÁLTICO - FAIXA C-12,5 - MASSA COMERCIAL | E102: T | F102: 3.511 | G102: 33.26 | H102: =$J$6 -> 0.2123 | I102: =ROUND(((H102+1)*G102),2) -> 40.32 | J102: =TRUNC((I102*F102),2) -> 141.56 | K102: =G102*F102 -> 116.77586
A103: 6.2.1.4 | B103: S0010 | C103: PRÓPRIA | D103: AQUISIÇÃO DE MASSA ASFÁLTICA COMERCIAL | E103: T | F103: =F102 -> 3.511 | G103: 669.95 | H103: =$J$7 -> 0.15 | I103: =ROUND(((H103+1)*G103),2) -> 770.44 | J103: =TRUNC((I103*F103),2) -> 2705.01 | K103: =G103*F103 -> 2352.1945
A104: 6.2.1.5 | B104: 5914389 | C104: SICRO | D104: TRANSPORTE COM CAMINHÃO BASCULANTE DE 10 M³ - RODOVIA PAVIMENTADA | E104: TKM | F104: =F103*44.77 -> 157.18747 | G104: 0.83 | H104: =$J$6 -> 0.2123 | I104: =ROUND(((H104+1)*G104),2) -> 1.01 | J104: =TRUNC((I104*F104),2) -> 158.75 | K104: =G104*F104 -> 130.4656
A105: 6.2.1.6 | B105: 4011410 | C105: SICRO | D105: MICRORREVESTIMENTO A FRIO COM EMULSÃO MODIFICADA COM POLÍMERO DE 1,5 CM - FAIXA III - BRITA COMERCIAL | E105: M² | F105: 320938.2 | G105: 3.98 | H105: =$J$6 -> 0.2123 | I105: =ROUND(((H105+1)*G105),2) -> 4.82 | J105: =TRUNC((I105*F105),2) -> 1546922.1 | K105: =G105*F105 -> 1277334
A106: 6.2.2 | D106: MATERIAIS BETUMINOSOS | J106: =SUM(J107:J110) -> 4255412.3
A107: 6.2.2.1 | B107: S0002 | C107: ANP | D107: AQUISIÇÃO DE MATERIAL BETUMINOSO - EMULSÕES ASFÁLTICAS RR-1C | E107: T | F107: 0.013 | G107: 3880.63 | H107: =$J$7 -> 0.15 | I107: =ROUND(((H107+1)*G107),2) -> 4462.72 | J107: =TRUNC((I107*F107),2) -> 58.01 | K107: =G107*F107 -> 50.44819
A108: 6.2.2.2 | B108: S0004 | C108: ANP | D108: AQUISIÇÃO DE MATERIAL BETUMINOSO - EMULSÕES ASFÁLTICA MODIFICADA POR POLÍMEROS RR1C-E | E108: T | F108: 757.414 | G108: 4516.85 | H108: =$J$7 -> 0.15 | I108: =ROUND(((H108+1)*G108),2) -> 5194.38 | J108: =TRUNC((I108*F108),2) -> 3934296.1 | K108: =G108*F108 -> 3421125.4
A109: 6.2.2.3 | B109: S0006 | C109: SICRO | D109: TRANSPORTE DE MATERIAL BETUMINOSO - EMULSÕES ASFÁLTICAS RR-1C | E109: T | F109: =F107 -> 0.013 | G109: 368.59 | H109: =$J$7 -> 0.15 | I109: =ROUND(((H109+1)*G109),2) -> 423.88 | J109: =TRUNC((I109*F109),2) -> 5.51 | K109: =G109*F109 -> 4.79167
...

Sheet CURVA ABC
A1: =RESUMO!A1 -> CLIENTE: | B1: =RESUMO!B1 -> DEPARTAMENTO DE ESTRADAS DE RODAGEM DO ESTADO DE PERNAMBUCO - DER/PE
A2: =RESUMO!A2 -> PROJETO: | B2: =RESUMO!B2 -> REABILITAÇÃO DE RODOVIAS DO ESTADO DE PERNAMBUCO
A3: =RESUMO!A3 -> RODOVIAS: | B3: =RESUMO!B3 -> 626APE0005 / 655APE0001 / PE-625 / PE-626 / PE-628 / PE-632 / PE-634 / PE-635
A4: =RESUMO!A4 -> LOTE: | B4: =RESUMO!B4 -> LOTE 09 | I4: =[10]RESUMO!E1 -> JANEIRO/2025 - PE
A5: =RESUMO!A5 -> EXTENSÃO: | B5: =RESUMO!B5 -> 219,15km | I5: =[10]RESUMO!E5 -> SEM DESONERAÇÃO
H6: BDI SERVIÇOS: | I6: 0.2123
H7: BDI DIFERENCIADO: | I7: 0.15
A10: CÓDIGO | B10: FONTE | C10: DESCRIÇÃO | D10: UND | E10: QUANT. | F10: PREÇO UNITÁRIO (R$) | G10: PREÇO TOTAL (R$) | H10: CURVA ABC
H11: % | I11: % ACUM
A12: S0010 | B12: PRÓPRIA | C12: AQUISIÇÃO DE MASSA ASFÁLTICA COMERCIAL | D12: T | E12: =SUMIF('P.O.'!$D$14:$F$334,C12,'P.O.'!$F$14:$F$334) -> 26530.591 | F12: =VLOOKUP(C12,'P.O.'!$D$14:$I$334,6,) -> 770.44 | G12: =TRUNC((E12*F12),2) -> 20440229 | H12: =G12/$G$61 -> 0.23992621 | I12: =H12 -> 0.23992621
A13: S0004 | B13: ANP | C13: AQUISIÇÃO DE MATERIAL BETUMINOSO - EMULSÕES ASFÁLTICA MODIFICADA POR POLÍMEROS RR1C-E | D13: T | E13: =SUMIF('P.O.'!$D$14:$F$334,C13,'P.O.'!$F$14:$F$334) -> 3720.582 | F13: =VLOOKUP(C13,'P.O.'!$D$14:$I$334,6,) -> 5194.38 | G13: =TRUNC((E13*F13),2) -> 19326117 | H13: =G13/$G$61 -> 0.22684883 | I13: =H13+I12 -> 0.46677505
A14: 4011410 | B14: SICRO | C14: MICRORREVESTIMENTO A FRIO COM EMULSÃO MODIFICADA COM POLÍMERO DE 1,5 CM - FAIXA III - BRITA COMERCIAL | D14: M² | E14: =SUMIF('P.O.'!$D$14:$F$334,C14,'P.O.'!$F$14:$F$334) -> 1576518.2 | F14: =VLOOKUP(C14,'P.O.'!$D$14:$I$334,6,) -> 4.82 | G14: =TRUNC((E14*F14),2) -> 7598817.7 | H14: =G14/$G$61 -> 0.089194481 | I14: =H14+I13 -> 0.55596953
A15: 2003377 | B15: SICRO | C15: MEIO-FIO DE CONCRETO - MFC 05 - AREIA E BRITA COMERCIAIS - FÔRMA DE MADEIRA | D15: M | E15: =SUMIF('P.O.'!$D$14:$F$334,C15,'P.O.'!$F$14:$F$334) -> 85570.1 | F15: =VLOOKUP(C15,'P.O.'!$D$14:$I$334,6,) -> 69.59 | G15: =TRUNC((E15*F15),2) -> 5954823.2 | H15: =G15/$G$61 -> 0.069897369 | I15: =H15+I14 -> 0.6258669
A16: 5219623 | B16: SICRO | C16: TACHA REFLETIVA EM RESINA SINTÉTICA - BIDIRECIONAL TIPO III - COM UM PINO - FORNECIMENTO E COLOCAÇÃO | D16: UN | E16: =SUMIF('P.O.'!$D$14:$F$334,C16,'P.O.'!$F$14:$F$334) -> 91270 | F16: =VLOOKUP(C16,'P.O.'!$D$14:$I$334,6,) -> 64.4 | G16: =TRUNC((E16*F16),2) -> 5877788 | H16: =G16/$G$61 -> 0.068993134 | I16: =H16+I15 -> 0.69486003
A17: 5213408 | B17: SICRO | C17: PINTURA DE FAIXA COM TERMOPLÁSTICO POR ASPERSÃO - ESPESSURA DE 1,5 MM | D17: M² | E17: =SUMIF('P.O.'!$D$14:$F$334,C17,'P.O.'!$F$14:$F$334) -> 90258.61 | F17: =VLOOKUP(C17,'P.O.'!$D$14:$I$334,6,) -> 58.44 | G17: =TRUNC((E17*F17),2) -> 5274713.2 | H17: =G17/$G$61 -> 0.061914276 | I17: =H17+I16 -> 0.75677431
A18: 4011484 | B18: SICRO | C18: RECICLAGEM COM INCORPORAÇÃO DO REVESTIMENTO ASFÁLTICO À BASE E ADIÇÃO DE BRITA COMERCIAL - 100% PROCTOR MODIFICADO | D18: M³ | E18: =SUMIF('P.O.'!$D$14:$F$334,C18,'P.O.'!$F$14:$F$334) -> 44200 | F18: =VLOOKUP(C18,'P.O.'!$D$14:$I$334,6,) -> 94.6 | G18: =TRUNC((E18*F18),2) -> 4181320 | H18: =G18/$G$61 -> 0.049080091 | I18: =H18+I17 -> 0.8058544
A19: S0001 | B19: ANP | C19: AQUISIÇÃO DE MATERIAL BETUMINOSO - ASFALTOS DILUÍDOS CM-30 | D19: T | E19: =SUMIF('P.O.'!$D$14:$F$334,C19,'P.O.'!$F$14:$F$334) -> 265.2 | F19: =VLOOKUP(C19,'P.O.'!$D$14:$I$334,6,) -> 9229.6 | G19: =TRUNC((E19*F19),2) -> 2447689.9 | H19: =G19/$G$61 -> 0.028730842 | I19: =H19+I18 -> 0.83458524
A20: C0001 | B20: PRÓPRIA | C20: CUSTO DA ADMINISTRAÇÃO LOCAL | D20: UN | E20: =SUMIF('P.O.'!$D$14:$F$334,C20,'P.O.'!$F$14:$F$334) -> 1 | F20: =VLOOKUP(C20,'P.O.'!$D$14:$I$334,6,) -> 1864539.7 | G20: =TRUNC((E20*F20),2) -> 1864539.7 | H20: =G20/$G$61 -> 0.021885859 | I20: =H20+I19 -> 0.8564711
A21: S0008 | B21: SICRO | C21: TRANSPORTE DE MATERIAL BETUMINOSO - EMULSÕES ASFÁLTICA MODIFICADA POR POLÍMEROS RR1C-E | D21: T | E21: =SUMIF('P.O.'!$D$14:$F$334,C21,'P.O.'!$F$14:$F$334) -> 3720.582 | F21: =VLOOKUP(C21,'P.O.'!$D$14:$I$334,6,) -> 423.88 | G21: =TRUNC((E21*F21),2) -> 1577080.3 | H21: =G21/$G$61 -> 0.018511677 | I21: =H21+I20 -> 0.87498278
A22: 5914389 | B22: SICRO | C22: TRANSPORTE COM CAMINHÃO BASCULANTE DE 10 M³ - RODOVIA PAVIMENTADA | D22: TKM | E22: =SUMIF('P.O.'!$D$14:$F$334,C22,'P.O.'!$F$14:$F$334) -> 1187774.6 | F22: =VLOOKUP(C22,'P.O.'!$D$14:$I$334,6,) -> 1.01 | G22: =TRUNC((E22*F22),2) -> 1199652.3 | H22: =G22/$G$61 -> 0.014081449 | I22: =H22+I21 -> 0.88906423
A23: 4011464 | B23: SICRO | C23: CONCRETO ASFÁLTICO - FAIXA C-12,5 - MASSA COMERCIAL | D23: T | E23: =SUMIF('P.O.'!$D$14:$F$334,C23,'P.O.'!$F$14:$F$334) -> 26523.511 | F23: =VLOOKUP(C23,'P.O.'!$D$14:$I$334,6,) -> 40.32 | G23: =TRUNC((E23*F23),2) -> 1069428 | H23: =G23/$G$61 -> 0.012552883 | I23: =H23+I22 -> 0.90161711
A24: 5213572 | B24: SICRO | C24: PLACA EM AÇO - PELÍCULA III + III - FORNECIMENTO E IMPLANTAÇÃO | D24: M² | E24: =SUMIF('P.O.'!$D$14:$F$334,C24,'P.O.'!$F$14:$F$334) -> 1241.81 | F24: =VLOOKUP(C24,'P.O.'!$D$14:$I$334,6,) -> 759.19 | G24: =TRUNC((E24*F24),2) -> 942769.73 | H24: =G24/$G$61 -> 0.011066176 | I24: =H24+I23 -> 0.91268329
A25: 5213850 | B25: SICRO | C25: OPERAÇÃO DE SINALIZAÇÃO POR BANDEIROLA DE TECIDO OU COM PLACA METÁLICA | D25: H | E25: =SUMIF('P.O.'!$D$14:$F$334,C25,'P.O.'!$F$14:$F$334) -> 33443.102 | F25: =VLOOKUP(C25,'P.O.'!$D$14:$I$334,6,) -> 26.85 | G25: =TRUNC((E25*F25),2) -> 897947.29 | H25: =G25/$G$61 -> 0.010540053 | I25: =H25+I24 -> 0.92322334
A26: C0003 | B26: PRÓPRIA | C26: CUSTO DE MOBILIZAÇÃO E DESMOBILIZAÇÃO DA OBRA | D26: UN | E26: =SUMIF('P.O.'!$D$14:$F$334,C26,'P.O.'!$F$14:$F$334) -> 2 | F26: =VLOOKUP(C26,'P.O.'!$D$14:$I$334,6,) -> 380756.26 | G26: =TRUNC((E26*F26),2) -> 761512.52 | H26: =G26/$G$61 -> 0.0089385897 | I26: =H26+I25 -> 0.93216193
A27: C64084 | B27: PRÓPRIA | C27: PLACA EM AÇO - PELÍCULA I + SI - FORNECIMENTO E IMPLANTAÇÃO | D27: M² | E27: =SUMIF('P.O.'!$D$14:$F$334,C27,'P.O.'!$F$14:$F$334) -> 877.074 | F27: =VLOOKUP(C27,'P.O.'!$D$14:$I$334,6,) -> 793.33 | G27: =TRUNC((E27*F27),2) -> 695809.11 | H27: =G27/$G$61 -> 0.0081673669 | I27: =H27+I26 -> 0.9403293
A28: S0009 | B28: PRÓPRIA | C28: DESTINAÇÃO DE RESÍDUOS SÓLIDOS EM CTR | D28: T | E28: =SUMIF('P.O.'!$D$14:$F$334,C28,'P.O.'!$F$14:$F$334) -> 6884.0189 | F28: =VLOOKUP(C28,'P.O.'!$D$14:$I$334,6,) -> 100.8 | G28: =TRUNC((E28*F28),2) -> 693909.1 | H28: =G28/$G$61 -> 0.0081450647 | I28: =H28+I27 -> 0.94847436
A29: 5216111 | B29: SICRO | C29: SUPORTE PARA PLACA DE SINALIZAÇÃO EM MADEIRA DE LEI TRATADA 8 X 8 CM - FORNECIMENTO E IMPLANTAÇÃO | D29: UN | E29: =SUMIF('P.O.'!$D$14:$F$334,C29,'P.O.'!$F$14:$F$334) -> 5071 | F29: =VLOOKUP(C29,'P.O.'!$D$14:$I$334,6,) -> 141.68 | G29: =TRUNC((E29*F29),2) -> 718459.28 | H29: =G29/$G$61 -> 0.0084332333 | I29: =H29+I28 -> 0.95690759
A30: C0002 | B30: PRÓPRIA | C30: CUSTO PARA IMPLANTAÇÃO DO CANTEIRO DE OBRAS | D30: UN | E30: =SUMIF('P.O.'!$D$14:$F$334,C30,'P.O.'!$F$14:$F$334) -> 1 | F30: =VLOOKUP(C30,'P.O.'!$D$14:$I$334,6,) -> 616017.33 | G30: =TRUNC((E30*F30),2) -> 616017.33 | H30: =G30/$G$61 -> 0.0072307756 | I30: =H30+I29 -> 0.96413837
A31: S0002 | B31: ANP | C31: AQUISIÇÃO DE MATERIAL BETUMINOSO - EMULSÕES ASFÁLTICAS RR-1C | D31: T | E31: =SUMIF('P.O.'!$D$14:$F$334,C31,'P.O.'!$F$14:$F$334) -> 99.489 | F31: =VLOOKUP(C31,'P.O.'!$D$14:$I$334,6,) -> 4462.72 | G31: =TRUNC((E31*F31),2) -> 443991.55 | H31: =G31/$G$61 -> 0.005211547 | I31: =H31+I30 -> 0.96934992
A32: 5219631 | B32: SICRO | C32: TACHA REFLETIVA EM RESINA SINTÉTICA - MONODIRECIONAL TIPO III - COM UM PINO - FORNECIMENTO E COLOCAÇÃO | D32: UN | E32: =SUMIF('P.O.'!$D$14:$F$334,C32,'P.O.'!$F$14:$F$334) -> 8192 | F32: =VLOOKUP(C32,'P.O.'!$D$14:$I$334,6,) -> 58.28 | G32: =TRUNC((E32*F32),2) -> 477429.76 | H32: =G32/$G$61 -> 0.0056040428 | I32: =H32+I31 -> 0.97495396
A33: 1619006 | B33: SICRO | C33: DEMOLIÇÃO MECÂNICA DE CONCRETO SIMPLES COM ESCAVADEIRA HIDRÁULICA | D33: M³ | E33: =SUMIF('P.O.'!$D$14:$F$334,C33,'P.O.'!$F$14:$F$334) -> 2867.9015 | F33: =VLOOKUP(C33,'P.O.'!$D$14:$I$334,6,) -> 138.01 | G33: =TRUNC((E33*F33),2) -> 395799.08 | H33: =G33/$G$61 -> 0.0046458666 | I33: =H33+I32 -> 0.97959983
A34: 5213409 | B34: SICRO | C34: PINTURA DE SETAS E ZEBRADOS COM TERMOPLÁSTICO POR EXTRUSÃO - ESPESSURA DE 3,0 MM | D34: M² | E34: =SUMIF('P.O.'!$D$14:$F$334,C34,'P.O.'!$F$14:$F$334) -> 3303.92 | F34: =VLOOKUP(C34,'P.O.'!$D$14:$I$334,6,) -> 124.41 | G34: =TRUNC((E34*F34),2) -> 411040.68 | H34: =G34/$G$61 -> 0.0048247716 | I34: =H34+I33 -> 0.9844246
A35: C64092 | B35: PRÓPRIA | C35: PLACA EM ACM - PELÍCULA III + SI - FORNECIEMNTO E IMPLANTAÇÃO | D35: M² | E35: =SUMIF('P.O.'!$D$14:$F$334,C35,'P.O.'!$F$14:$F$334) -> 214.41 | F35: =VLOOKUP(C35,'P.O.'!$D$14:$I$334,6,) -> 925.14 | G35: =TRUNC((E35*F35),2) -> 198359.26 | H35: =G35/$G$61 -> 0.0023283295 | I35: =H35+I34 -> 0.98675293
A36: 4011212 | B36: SICRO | C36: VARREDURA DA SUPERFÍCIE PARA EXECUÇÃO DE REVESTIMENTO ASFÁLTICO | D36: M² | E36: =SUMIF('P.O.'!$D$14:$F$334,C36,'P.O.'!$F$14:$F$334) -> 1797518.2 | F36: =VLOOKUP(C36,'P.O.'!$D$14:$I$334,6,) -> 0.08 | G36: =TRUNC((E36*F36),2) -> 143801.45 | H36: =G36/$G$61 -> 0.0016879331 | I36: =H36+I35 -> 0.98844086
A37: S0005 | B37: SICRO | C37: TRANSPORTE DE MATERIAL BETUMINOSO - ASFALTOS DILUÍDOS CM-30 | D37: T | E37: =SUMIF('P.O.'!$D$14:$F$334,C37,'P.O.'!$F$14:$F$334) -> 265.2 | F37: =VLOOKUP(C37,'P.O.'!$D$14:$I$334,6,) -> 477.71 | G37: =TRUNC((E37*F37),2) -> 126688.69 | H37: =G37/$G$61 -> 0.0014870645 | I37: =H37+I36 -> 0.98992792
A38: 5219644 | B38: SICRO | C38: TACHÃO REFLETIVO EM RESINA SINTÉTICA - MONODIRECIONAL - FORNECIMENTO E COLOCAÇÃO | D38: UN | E38: =SUMIF('P.O.'!$D$14:$F$334,C38,'P.O.'!$F$14:$F$334) -> 1314 | F38: =VLOOKUP(C38,'P.O.'!$D$14:$I$334,6,) -> 93.47 | G38: =TRUNC((E38*F38),2) -> 122819.58 | H38: =G38/$G$61 -> 0.0014416491 | I38: =H38+I37 -> 0.99136957
A39: 4011351 | B39: SICRO | C39: IMPRIMAÇÃO COM ASFALTO DILUÍDO | D39: M² | E39: =SUMIF('P.O.'!$D$14:$F$334,C39,'P.O.'!$F$14:$F$334) -> 221000 | F39: =VLOOKUP(C39,'P.O.'!$D$14:$I$334,6,) -> 0.46 | G39: =TRUNC((E39*F39),2) -> 101660 | H39: =G39/$G$61 -> 0.0011932792 | I39: =H39+I38 -> 0.99256285
A40: C0003 | B40: PRÓPRIA | C40: FORNECIMENTO, TRANSPORTE E ASSENTAMENTO DE PLACA DE OBRA | D40: M² | E40: =SUMIF('P.O.'!$D$14:$F$334,C40,'P.O.'!$F$14:$F$334) -> 168 | F40: =VLOOKUP(C40,'P.O.'!$D$14:$I$334,6,) -> 540.02 | G40: =TRUNC((E40*F40),2) -> 90723.36 | H40: =G40/$G$61 -> 0.0010649055 | I40: =H40+I39 -> 0.99362776
A41: 4011353 | B41: SICRO | C41: PINTURA DE LIGAÇÃO | D41: M² | E41: =SUMIF('P.O.'!$D$14:$F$334,C41,'P.O.'!$F$14:$F$334) -> 221088.23 | F41: =VLOOKUP(C41,'P.O.'!$D$14:$I$334,6,) -> 0.34 | G41: =TRUNC((E41*F41),2) -> 75169.99 | H41: =G41/$G$61 -> 0.00088234097 | I41: =H41+I40 -> 0.9945101
A42: 903802 | B42: SICRO | C42: BACIA DE CONTENÇÃO PARA TANQUE DE EMULSÃO DE 30.000 L, SEM COBERTURA, INCLUSIVE DEMOLIÇÕES | D42: UN | E42: =SUMIF('P.O.'!$D$14:$F$334,C42,'P.O.'!$F$14:$F$334) -> 4 | F42: =VLOOKUP(C42,'P.O.'!$D$14:$I$334,6,) -> 19254.39 | G42: =TRUNC((E42*F42),2) -> 77017.56 | H42: =G42/$G$61 -> 0.00090402764 | I42: =H42+I41 -> 0.99541413
A43: C64094 | B43: PRÓPRIA | C43: PLACA EM AÇO - PELÍCULA I + IV - FORNECIMENTO E IMPLANTAÇÃO | D43: M² | E43: =SUMIF('P.O.'!$D$14:$F$334,C43,'P.O.'!$F$14:$F$334) -> 114.72 | F43: =VLOOKUP(C43,'P.O.'!$D$14:$I$334,6,) -> 547.91 | G43: =TRUNC((E43*F43),2) -> 62856.23 | H43: =G43/$G$61 -> 0.00073780277 | I43: =H43+I42 -> 0.99615193
A44: 5219643 | B44: SICRO | C44: TACHÃO REFLETIVO EM RESINA SINTÉTICA - BIDIRECIONAL - FORNECIMENTO E COLOCAÇÃO | D44: UN | E44: =SUMIF('P.O.'!$D$14:$F$334,C44,'P.O.'!$F$14:$F$334) -> 632 | F44: =VLOOKUP(C44,'P.O.'!$D$14:$I$334,6,) -> 94.68 | G44: =TRUNC((E44*F44),2) -> 59837.76 | H44: =G44/$G$61 -> 0.00070237215 | I44: =H44+I43 -> 0.9968543
A45: C64091 | B45: PRÓPRIA | C45: PLACA EM ALUMÍNIO COMPOSTO, ESPESSURA DE 3,0 MM, MODULADA, AÉREA - PELÍCULA RETRORREFLETIVA TIPO III + IV - FORNECIMENTO E IMPLANTAÇÃO | D45: M² | E45: =SUMIF('P.O.'!$D$14:$F$334,C45,'P.O.'!$F$14:$F$334) -> 43.03 | F45: =VLOOKUP(C45,'P.O.'!$D$14:$I$334,6,) -> 1247.36 | G45: =TRUNC((E45*F45),2) -> 53673.9 | H45: =G45/$G$61 -> 0.00063002112 | I45: =H45+I44 -> 0.99748432
A46: 2003257 | B46: SICRO | C46: SARJETA TRIANGULAR DE CONCRETO - STC 100-20 - ESCAVAÇÃO MECÂNICA - AREIA E BRITA COMERCIAIS | D46: M | E46: =SUMIF('P.O.'!$D$14:$F$334,C46,'P.O.'!$F$14:$F$334) -> 108.9 | F46: =VLOOKUP(C46,'P.O.'!$D$14:$I$334,6,) -> 67.93 | G46: =TRUNC((E46*F46),2) -> 7397.57 | H46: =G46/$G$61 -> 8.6832247e-05 | I46: =H46+I45 -> 0.99757115
A47: 4915742 | B47: SICRO | C47: ROÇADA MECANIZADA COM ROÇADEIRA DE ARRASTE | D47: HA | E47: =SUMIF('P.O.'!$D$14:$F$334,C47,'P.O.'!$F$14:$F$334) -> 87.436 | F47: =VLOOKUP(C47,'P.O.'!$D$14:$I$334,6,) -> 564.39 | G47: =TRUNC((E47*F47),2) -> 49348 | H47: =G47/$G$61 -> 0.00057924396 | I47: =H47+I46 -> 0.9981504
A48: S0006 | B48: SICRO | C48: TRANSPORTE DE MATERIAL BETUMINOSO - EMULSÕES ASFÁLTICAS RR-1C | D48: T | E48: =SUMIF('P.O.'!$D$14:$F$334,C48,'P.O.'!$F$14:$F$334) -> 99.489 | F48: =VLOOKUP(C48,'P.O.'!$D$14:$I$334,6,) -> 423.88 | G48: =TRUNC((E48*F48),2) -> 42171.39 | H48: =G48/$G$61 -> 0.00049500532 | I48: =H48+I47 -> 0.9986454
A49: 4915713 | B49: SICRO | C49: DESOBSTRUÇÃO DE BUEIRO | D49: M³ | E49: =SUMIF('P.O.'!$D$14:$F$334,C49,'P.O.'!$F$14:$F$334) -> 524.7 | F49: =VLOOKUP(C49,'P.O.'!$D$14:$I$334,6,) -> 80.56 | G49: =TRUNC((E49*F49),2) -> 42269.83 | H49: =G49/$G$61 -> 0.00049616081 | I49: =H49+I48 -> 0.99914156
A50: 4915633 | B50: SICRO | C50: LIMPEZA E DESOBSTRUÇÃO MECANIZADA DE BUEIROS COM DIÂMETRO DE ATÉ 1,00 M | D50: M | E50: =SUMIF('P.O.'!$D$14:$F$334,C50,'P.O.'!$F$14:$F$334) -> 1201.2 | F50: =VLOOKUP(C50,'P.O.'!$D$14:$I$334,6,) -> 23.92 | G50: =TRUNC((E50*F50),2) -> 28732.7 | H50: =G50/$G$61 -> 0.00033726276 | I50: =H50+I49 -> 0.99947883
A51: 4915746 | B51: SICRO | C51: REMENDO PROFUNDO COM IMPRIMAÇÃO COM ASFALTO DILUÍDO - DEMOLIÇÃO MECÂNICA E CORTE COM SERRA | D51: M³ | E51: =SUMIF('P.O.'!$D$14:$F$334,C51,'P.O.'!$F$14:$F$334) -> 37.396 | F51: =VLOOKUP(C51,'P.O.'!$D$14:$I$334,6,) -> 500.66 | G51: =TRUNC((E51*F51),2) -> 18722.68 | H51: =G51/$G$61 -> 0.00021976573 | I51: =H51+I50 -> 0.99969859
A52: C64086 | B52: PRÓPRIA | C52: PLACA EM AÇO - PELÍCULA III + IV - FORNECIMENTO E IMPLANTAÇÃO | D52: M² | E52: =SUMIF('P.O.'!$D$14:$F$334,C52,'P.O.'!$F$14:$F$334) -> 11.12 | F52: =VLOOKUP(C52,'P.O.'!$D$14:$I$334,6,) -> 1194.09 | G52: =TRUNC((E52*F52),2) -> 13278.28 | H52: =G52/$G$61 -> 0.00015585968 | I52: =H52+I51 -> 0.99985445
A53: 4915712 | B53: SICRO | C53: LIMPEZA DE BUEIRO | D53: M³ | E53: =SUMIF('P.O.'!$D$14:$F$334,C53,'P.O.'!$F$14:$F$334) -> 289.74 | F53: =VLOOKUP(C53,'P.O.'!$D$14:$I$334,6,) -> 26.85 | G53: =TRUNC((E53*F53),2) -> 7779.51 | H53: =G53/$G$61 -> 9.1315436e-05 | I53: =H53+I52 -> 0.99994577
A54: 5213835 | B54: SICRO | C54: CONE PLÁSTICO PARA CANALIZAÇÃO DE TRÂNSITO - UTILIZAÇÃO DE 150 CICLOS - FORNECIMENTO, 01 IMPLANTAÇÃO E 01 RETIRADA DIÁRIA | D54: UN.DIA | E54: =SUMIF('P.O.'!$D$14:$F$334,C54,'P.O.'!$F$14:$F$334) -> 1736 | F54: =VLOOKUP(C54,'P.O.'!$D$14:$I$334,6,) -> 0.95 | G54: =TRUNC((E54*F54),2) -> 1649.2 | H54: =G54/$G$61 -> 1.9358214e-05 | I54: =H54+I53 -> 0.99996513
A55: 5213343 | B55: SICRO | C55: BARREIRA DE SINALIZAÇÃO TIPO I DE DIRECIONAMENTO OU BLOQUEIO - UTILIZAÇÃO DE 150 CICLOS - FORNECIMENTO, 01 IMPLANTAÇÃO E 01 RETIRADA DIÁRIA | D55: UN.DIA | E55: =SUMIF('P.O.'!$D$14:$F$334,C55,'P.O.'!$F$14:$F$334) -> 320 | F55: =VLOOKUP(C55,'P.O.'!$D$14:$I$334,6,) -> 5.02 | G55: =TRUNC((E55*F55),2) -> 1606.4 | H55: =G55/$G$61 -> 1.885583e-05 | I55: =H55+I54 -> 0.99998398
A56: 2003237 | B56: SICRO | C56: DISSIPADOR DE ENERGIA - DES 100-300 - AREIA, BRITA E PEDRA DE MÃO COMERCIAIS | D56: un | E56: =SUMIF('P.O.'!$D$14:$F$334,C56,'P.O.'!$F$14:$F$334) -> 1 | F56: =VLOOKUP(C56,'P.O.'!$D$14:$I$334,6,) -> 940.18 | G56: =TRUNC((E56*F56),2) -> 940.18 | H56: =G56/$G$61 -> 1.1035778e-05 | I56: =H56+I55 -> 0.99999502
A57: 5212556 | B57: SICRO | C57: PLACA PARA SINALIZAÇÃO DE OBRAS MONTADA EM CAVALETE METÁLICO - 1,00 X 1,00 M - UTILIZAÇÃO DE 600 CICLOS - FORNECIMENTO, 01 IMPLANTAÇÃO E 01 RETIRADA DIÁRIA | D57: UN.DIA | E57: =SUMIF('P.O.'!$D$14:$F$334,C57,'P.O.'!$F$14:$F$334) -> 120 | F57: =VLOOKUP(C57,'P.O.'!$D$14:$I$334,6,) -> 2.38 | G57: =TRUNC((E57*F57),2) -> 285.6 | H57: =G57/$G$61 -> 3.3523562e-06 | I57: =H57+I56 -> 0.99999837
A58: 5213343 | B58: SICRO | C58: BARREIRA DE SINALIZAÇÃO TIPO II DE DIRECIONAMENTO OU BLOQUEIO - UTILIZAÇÃO DE 150 CICLOS - FORNECIMENTO, 01 IMPLANTAÇÃO E 01 RETIRADA DIÁRIA | D58: UN.DIA | E58: =SUMIF('P.O.'!$D$14:$F$334,C58,'P.O.'!$F$14:$F$334) -> 16 | F58: =VLOOKUP(C58,'P.O.'!$D$14:$I$334,6,) -> 7.38 | G58: =TRUNC((E58*F58),2) -> 118.08 | H58: =G58/$G$61 -> 1.3860162e-06 | I58: =H58+I57 -> 0.99999976
A59: 5213848 | B59: SICRO | C59: LUZ DE ADVERTÊNCIA E BATERIA PARA DISPOSITIVOS DE SINALIZAÇÃO - UTILIZAÇÃO DE 200 CICLOS - FORNECIMENTO, 01 IMPLANTAÇÃO E 01 RETIRADA DIÁRIA | D59: UN.DIA | E59: =SUMIF('P.O.'!$D$14:$F$334,C59,'P.O.'!$F$14:$F$334) -> 16 | F59: =VLOOKUP(C59,'P.O.'!$D$14:$I$334,6,) -> 1.33 | G59: =TRUNC((E59*F59),2) -> 21.28 | H59: =G59/$G$61 -> 2.497834e-07 | I59: =H59+I58 -> 1
F61: TOTAL | G61: =SUM(G12:G59)-0.54 -> 85193811

Sheet CRONOGRAMA - ONE - L09
A1: PROJETO EXECUTIVO DE ENGENHARIA PARA REABILITAÇÃO FUNCIONAL DAS RODOVIAS DO LOTE 09
A2: RODOVIAS : Diversas LOTE : 09 EXTENSÃO: 219,15 KM
A3: CRONOGRAMA FÍSICO-FINANCEIRO (SEM DESONERAÇÃO) DATA BASE: JANEIRO/2025 - PE
A4: ITEM | B4: DISCRIMINAÇÃO | C4: UND | D4: VALOR TOTAL | E4: REABILITAÇÃO FUNCIONAL | K4: TOTAL (% / R$)
E5: 30 | F5: 60 | G5: 90 | H5: 120 | I5: 150 | J5: 180
A6: 1 | B6: ADMINISTRAÇÃO LOCAL | C6: % | D6: =D8/$D$31 -> 0.021885859 | E6: 0.1667 | F6: 0.1667 | G6: 0.1667 | H6: 0.1667 | I6: 0.1667 | J6: 0.1665 | K6: =SUM(E6:J6) -> 1
C8: R$ | D8: 1864539.7 | E8: =ROUND($D$8*E6,2) -> 310818.77 | F8: =ROUND($D$8*F6,2) -> 310818.77 | G8: =ROUND($D$8*G6,2) -> 310818.77 | H8: =ROUND($D$8*H6,2) -> 310818.77 | I8: =ROUND($D$8*I6,2) -> 310818.77 | J8: =ROUND($D$8*J6,2) -> 310445.86 | K8: =SUM(E8:J8)+0.02 -> 1864539.7 | L8: =K8-D8 -> 0.01
A9: 2 | B9: CANTEIRO DE OBRAS | C9: % | D9: =D11/$D$31 -> 0.0091997088 | E9: 1 | K9: =SUM(E9:J9) -> 1
C11: R$ | D11: 783758.25 | E11: =ROUND($D$11*E9,2) -> 783758.25 | K11: =SUM(E11:J11) -> 783758.25 | L11: =K11-D11 -> 0
A12: 3 | B12: MOBILIZAÇÃO E DESMOBILIZAÇÃO | C12: % | D12: =D14/$D$31 -> 0.0089385897 | E12: 0.8 | J12: 0.2 | K12: =SUM(E12:J12) -> 1
C14: R$ | D14: 761512.52 | E14: =ROUND($D$14*E12,2) -> 609210.02 | J14: =ROUND($D$14*J12,2) -> 152302.5 | K14: =SUM(E14:J14) -> 761512.52 | L14: =K14-D14 -> 0
A15: 4 | B15: SERVIÇOS PRELIMINARES | C15: % | D15: =D17/$D$31 -> 0.00057924349 | F15: 0.25 | G15: 0.25 | H15: 0.25 | I15: 0.25 | K15: =SUM(E15:J15) -> 1
C17: R$ | D17: 49347.96 | F17: =ROUND($D$17*F15,2) -> 12336.99 | G17: =ROUND($D$17*G15,2) -> 12336.99 | H17: =ROUND($D$17*H15,2) -> 12336.99 | I17: =ROUND($D$17*I15,2) -> 12336.99 | K17: =SUM(E17:J17)-0.02 -> 49347.94 | L17: =K17-D17+0.02 -> 1.0477379e-11
A18: 5 | B18: PAVIMENTAÇÃO | C18: % | D18: =D20/$D$31 -> 0.69010341 | F18: 0.25 | G18: 0.25 | H18: 0.25 | I18: 0.25 | K18: =SUM(E18:J18) -> 1
C20: R$ | D20: 58792539 | F20: =ROUND($D$20*F18,2) -> 14698135 | G20: =ROUND($D$20*G18,2) -> 14698135 | H20: =ROUND($D$20*H18,2) -> 14698135 | I20: =ROUND($D$20*I18,2) -> 14698135 | K20: =SUM(E20:J20)-0.01 -> 58792539 | L20: =K20-D20 -> 0.010000005
A21: 6 | B21: DRENAGEM | C21: % | D21: =D23/$D$31 -> 0.083710906 | F21: 0.25 | G21: 0.25 | H21: 0.25 | I21: 0.25 | K21: =SUM(E21:J21) -> 1
C23: R$ | D23: 7131651.1 | F23: =ROUND($D$23*F21,2) -> 1782912.8 | G23: =ROUND($D$23*G21,2) -> 1782912.8 | H23: =ROUND($D$23*H21,2) -> 1782912.8 | I23: =ROUND($D$23*I21,2) -> 1782912.8 | K23: =SUM(E23:J23)-0.03 -> 7131651.1 | L23: =K23-D23+0.01 -> -0.010000001
A24: 7 | B24: SINALIZAÇÃO | C24: % | D24: =D26/$D$31 -> 0.17426123 | I24: 0.5 | J24: 0.5 | K24: =SUM(E24:J24) -> 1
C26: R$ | D26: 14845978 | I26: =ROUND($D$26*I24,2) -> 7422989.2 | J26: =ROUND($D$26*J24,2) -> 7422989.2 | K26: =SUM(E26:J26) -> 14845978 | L26: =K26-D26 -> 0.010000002
A27: 8 | B27: SINALIZAÇÃO DE OBRAS | C27: % | D27: =D29/$D$31 -> 0.011321057 | E27: 0.1667 | F27: 0.1667 | G27: 0.1667 | H27: 0.1667 | I27: 0.1667 | J27: 0.1665 | K27: =SUM(E27:J27) -> 1
C29: R$ | D29: 964483.97 | E29: =ROUND($D$29*E27,2) -> 160779.48 | F29: =ROUND($D$29*F27,2) -> 160779.48 | G29: =ROUND($D$29*G27,2) -> 160779.48 | H29: =ROUND($D$29*H27,2) -> 160779.48 | I29: =ROUND($D$29*I27,2) -> 160779.48 | J29: =ROUND($D$29*J27,2) -> 160586.58 | K29: =SUM(E29:J29)-0.02 -> 964483.96 | L29: =K29-D29+0.03 -> 0.02
B30: % TOTAL | C30: % | D30: =D12+D9+D6+D21+D18+D24+D15+D27 -> 1 | E30: =E31/$D$31 -> 0.021886173 | F30: =F31/$D$31 -> 0.19913398 | G30: =G31/$D$31 -> 0.19913398 | H30: =H31/$D$31 -> 0.19913398 | I30: =I31/$D$31 -> 0.2862646 | J30: =J31/$D$31 -> 0.094447285 | K30: =K31/$D$31 -> 1
A31: TOTAL SIMPLES | C31: R$ | D31: =D14+D11+D8+D23+D20+D26+D17+D29 -> 85193811 | E31: =E14+E11+E8+E23+E20+E26+E17+E29 -> 1864566.5 | F31: =F14+F11+F8+F23+F20+F26+F17+F29 -> 16964983 | G31: =G14+G11+G8+G23+G20+G26+G17+G29 -> 16964983 | H31: =H14+H11+H8+H23+H20+H26+H17+H29 -> 16964983 | I31: =I14+I11+I8+I23+I20+I26+I17+I29 -> 24387972 | J31: =J14+J11+J8+J23+J20+J26+J17+J29 -> 8046324.1 | K31: =K14+K11+K8+K23+K20+K26+K17+K29+0.02 -> 85193811
A32: TOTAL ACUMULADO | C32: R$ | D32: =D31 -> 85193811 | E32: =E31 -> 1864566.5 | F32: =F31+E32 -> 18829549 | G32: =G31+F32 -> 35794532 | H32: =H31+G32 -> 52759515 | I32: =I31+H32 -> 77147487 | J32: =J31+I32-0.04 -> 85193811 | L32: =J32-K31 -> 0

Sheet Mat. Betuminoso
B2: GOVERNO DO ESTADO DE PERNAMBUCO
B3: SECRETARIA DE MOBILIDADE E INFRAESTRUTURA
B4: DEPARTAMENTO DE ESTRADAS DE RODAGEM - DER/PE
B6: RODOVIA: | C6: LOTE 09 | F6: EXTENSÃO: | G6: 183.12
B7: UF: | C7: PE | F7: DATA BASE: | G7: JANEIRO/2025
F8: TIPO: | G8: SEM DESONERAÇÃO
B10: TRANSPORTE DE MATERIAL BETUMINOSO - PEDÁGIO
B12: As equações tarifárias de transporte referidas na Portaria nº 1977 de 25 de outubro de 2017 não consideram eventuais despesas relacionadas ao pagamento de pedágio em rodovias concessionadas. Para fim de cálculo do custo referencial de pedágio foram considerados veículos de classe 3S3 com capacidade de carga de 28 toneladas. Segue relação de postos de pedágio em cada percurso considerado na avaliação do binômio "Aquisição + Transporte" dos fornecedores de material betuminoso. | N12: IND. REAJ. | O12: DATA BASE | Q12: FATOR
O13: I0 | P13: I1
O14: 45689 | P14: 45658
N15: PAVIM | O15: 587.959 | P15: 584.512 | Q15: =ROUND((P15/O15),4) -> 0.9941
C18: Refinaria | D18: Localidade | E18: DMT | F18: Local do pedágio | G18: Valor (R$) | H18: Total Pedágio | I18: Total Pedágio | J18: Total Pedágio (P/ tonelada)
C19: Refinaria Mataripe | D19: Mataripe/BA | E19: 497 | J19: =EVEN(2*(I19:I19/28)) -> 0
C20: Refinaria Lubrificantes e Derivados do Nordeste (Lubnor) | D20: Fortaleza/CE | E20: 786 | J20: =EVEN(2*(I20/28)) -> 0 | N20: =1646+18.1 -> 1664.1
C21: Refinaria Gabriel Passo (Regap) | D21: Betim/MG | E21: 1664 | J21: =EVEN(2*(I21/28)) -> 0
B23: Origem das emulsões asfálficas e asfaltos modificados definidos nas bases de industrialização, seguindo a orientação da Portaria nº 1977 de 25 de outubro de 2017, art. 4º.
C25: Distribuidora | D25: Localidade | E25: DMT | F25: Local do pedágio | G25: Valor (R$) | H25: Total Pedágio | I25: Total Pedágio | J25: Total Pedágio (P/tonelada)
C26: BRASIL Asfaltos | D26: Candeias/BA | E26: 600 | J26: =EVEN(2*(I26/28)) -> 0
C28: CBAA Asfaltos | D28: Feira de Santana/BA | E28: 429 | J28: =EVEN(2*(I28/28)) -> 0
C30: Betunel Asfaltos | D30: Fortaleza/CE | E30: 774 | J30: =EVEN(2*(I30/28)) -> 0
C32: Custo do pedágio reajustado conforme índice de pavimentação - último índice de reajustamento disponível na elaboração do PATO: Outubro/2024 Fonte: https://qualp.com.br/
B35: PREÇOS DE DISTRIBUIÇÃO DE PRODUTOS ASFÁLTICOS
B37: Agência Nacional do Petróleo, Gás Natural e Biocombustíveis
B38: Superintendência de Defesa da Concorrência, Estudos e Regulação Econômica
B41: PREÇO MÉDIO MENSAL PONDERADO PRATICADO PELOS DISTRIBUIDORES DE PRODUTOS ASFÁLTICOS (R$/KG)
D43: Mês | E43: Produto | G43: Estado/Região | H43: Preço
D44: =$G$7 -> JANEIRO/2025 | E44: ASFALTOS DILUÍDOS CM-30 | G44: Nordeste | H44: 6.087525
D45: =$G$7 -> JANEIRO/2025 | E45: ASFALTOS DILUÍDOS CM-30 | G45: Nordeste | H45: 6.087525
D46: =$G$7 -> JANEIRO/2025 | E46: ASFALTOS DILUÍDOS CM-30 | G46: Sudeste | H46: 5.73853
D47: =$G$7 -> JANEIRO/2025 | E47: EMULSÕES ASFÁLTICAS RR-1C | G47: Nordeste | H47: 2.9434581
D48: =$G$7 -> JANEIRO/2025 | E48: EMULSÕES ASFÁLTICAS RR-1C | G48: Nordeste | H48: 2.9434581
D49: =$G$7 -> JANEIRO/2025 | E49: EMULSÕES ASFÁLTICAS RR-1C | G49: Ceará | H49: 2.780745
D50: =$G$7 -> JANEIRO/2025 | E50: EMULSÕES ASFÁLTICAS RR-2C | G50: Nordeste | H50: 2.9736
D51: =$G$7 -> JANEIRO/2025 | E51: EMULSÕES ASFÁLTICAS RR-2C | G51: Nordeste | H51: 2.9736
D52: =$G$7 -> JANEIRO/2025 | E52: EMULSÕES ASFÁLTICAS RR-2C | G52: Ceará | H52: 2.930866
D53: =$G$7 -> JANEIRO/2025 | E53: EMULSÕES ASFÁLTICAS RR-1C-E | G53: Brasil | H53: 3.4260306
D54: =$G$7 -> JANEIRO/2025 | E54: EMULSÕES ASFÁLTICAS RR-1C-E | G54: Brasil | H54: 3.4260306
D55: =$G$7 -> JANEIRO/2025 | E55: EMULSÕES ASFÁLTICAS RR-1C-E | G55: Brasil | H55: 3.8904178
D56: Fonte: https://www.gov.br/anp/pt-br/assuntos/precos-e-defesa-da-concorrencia/precos/precos-de-distribuicao-de-produtos-asfalticos

Sheet Aquis. Betuminoso
B2: GOVERNO DO ESTADO DE PERNAMBUCO
B3: SECRETARIA DE MOBILIDADE E INFRAESTRUTURA
B4: DEPARTAMENTO DE ESTRADAS DE RODAGEM - DER/PE
B6: RODOVIA: | C6: ='Mat. Betuminoso'!C6:E6 -> LOTE 09 | J6: EXTENSÃO: | K6: ='Mat. Betuminoso'!G6 -> 183.12
B7: UF: | C7: ='Mat. Betuminoso'!C7:E7 -> PE | J7: DATA BASE: | K7: ='Mat. Betuminoso'!G7 -> JANEIRO/2025
J8: TIPO: | K8: ='Mat. Betuminoso'!G8 -> SEM DESONERAÇÃO
B10: CUSTO DO MATERIAL BETUMINOSO - BINÔMIO DE AQUISIÇÃO E TRANSPORTE
B11: BASEADO NA PORTARIA Nº 1977 DE 25 DE OUTUBRO DE 2017 E PORTARIA COMPLEMENTAR Nº 434 DE 14 DE MARÇO DE 2017
B14: MATERIAL BETUMINOSO - CM-30
C16: UF | D16: LOCAL (AQUISIÇÃO) | E16: FLU (D) | F16: PAV (D1) | G16: N PAV (D2) | H16: L N (D3) | I16: ICMS (%) | J16: COFINS (%) | K16: PIS (%) | L16: BDI (%) | M16: AQUISIÇÃO ANP (R$/kg) | N16: VALOR PEDÁGIO | O16: VALOR BALSA
B17: R-1 | C17: ='Mat. Betuminoso'!G44 -> Nordeste | D17: ='Mat. Betuminoso'!D19 -> Mataripe/BA | E17: 0 | F17: ='Mat. Betuminoso'!E19 -> 497 | G17: 0 | H17: 0 | I17: 20.5 | J17: 3 | K17: 0.65 | L17: 0 | M17: ='Mat. Betuminoso'!H44 -> 6.087525 | N17: =VLOOKUP(D17,'Mat. Betuminoso'!$D$19:$J$21,7,0) -> 0 | O17: 0
B18: R-2 | C18: ='Mat. Betuminoso'!G45 -> Nordeste | D18: ='Mat. Betuminoso'!D20 -> Fortaleza/CE | E18: 0 | F18: ='Mat. Betuminoso'!E20 -> 786 | G18: 0 | H18: 0 | I18: 20.5 | J18: 3 | K18: 0.65 | L18: 0 | M18: ='Mat. Betuminoso'!H45 -> 6.087525 | N18: =VLOOKUP(D18,'Mat. Betuminoso'!$D$19:$J$21,7,0) -> 0 | O18: 0
B19: R-3 | C19: ='Mat. Betuminoso'!G46 -> Sudeste | D19: ='Mat. Betuminoso'!D21 -> Betim/MG | E19: 0 | F19: ='Mat. Betuminoso'!E21 -> 1664 | G19: 0 | H19: 0 | I19: 20.5 | J19: 3 | K19: 0.65 | L19: 0 | M19: ='Mat. Betuminoso'!H46 -> 5.73853 | N19: =VLOOKUP(D19,'Mat. Betuminoso'!$D$19:$J$21,7,0) -> 0 | O19: 0
C21: Transporte Rodoviário | H21: Indice Reajuste | I21: DATA BASE | K21: Fator Correção
C22: T.R. = 26,939 + (0,253 x D1) + (0,299xD2) + (0,412xD3) | I22: I0 | J22: I1
I23: 41821 | J23: ='Mat. Betuminoso'!$P$14 -> 45658
H24: PAVIM | I24: 270.237 | J24: ='Mat. Betuminoso'!$P$15 -> 584.512 | K24: =ROUND((J24/I24),4) -> 2.163
B27: Serviço | D27: R-1 Sem ICMS | E27: Unidade | G27: R-2 Sem ICMS | H27: Unidade | J27: R-3 Sem ICMS | K27: Unidade | M27: R-4 Sem ICMS | N27: Unidade
B28: Aquisição | D28: =M17*1000 -> 6087.525 | E28: R$/T | G28: =M18*1000 -> 6087.525 | H28: R$/T | J28: =M19*1000 -> 5738.53 | K28: R$/T
B29: Transporte | D29: =TRUNC(($K$24*((26.939+(0.253*F17)+(0.299*G17)+(0.412*H17)))),2) -> 330.24 | E29: R$/T | G29: =TRUNC(($K$24*((26.939+(0.253*F18)+(0.299*G18)+(0.412*H18)))),2) -> 488.39 | H29: R$/T | J29: =($K$24*((26.939+(0.253*F19)+(0.299*G19)+(0.412*H19)))) -> 968.87475 | K29: R$/T
B31: Serviço | D31: R-1 Com Impostos | E31: Unidade | G31: R-2 Com Impostos | H31: Unidade | J31: R-3 Com Impostos | K31: Unidade | M31: R-4 Com Impostos | N31: Unidade
B32: Aquisição | D32: =D28/(1-(I17/100)-(J17/100)-(K17/100)) -> 8025.7416 | E32: R$/T | G32: =G28/(1-(I18/100)-(J18/100)-(K18/100)) -> 8025.7416 | H32: R$/T | J32: =J28/(1-(I19/100)-(J19/100)-(K19/100)) -> 7565.6295 | K32: R$/T
B33: Transporte | D33: =D29/(1-(I17/100)) -> 415.39623 | E33: R$/T | G33: =G29/(1-(I18/100)) -> 614.32704 | H33: R$/T | J33: =J29/(1-(I19/100)) -> 1218.7104 | K33: R$/T
B35: Serviço | D35: R-1 C/ Impostos/Pedágio | E35: Unidade | G35: R-2 C/ Impostos/Pedágio | H35: Unidade | J35: R-3 C/ Impostos/Pedágio | K35: Unidade | M35: R-4 C/ Impostos/Pedágio | N35: Unidade
B36: Aquisição | D36: =D32 -> 8025.7416 | E36: R$/T | G36: =G32 -> 8025.7416 | H36: R$/T | J36: =J32 -> 7565.6295 | K36: R$/T
B37: Transporte | D37: =SUM(D33,N17) -> 415.39623 | E37: R$/T | G37: =SUM(G33,N18) -> 614.32704 | H37: R$/T | J37: =SUM(J33,N19) -> 1218.7104 | K37: R$/T
B39: Serviço | D39: BDI | E39: Unidade | G39: BDI | H39: Unidade | J39: BDI | K39: Unidade | M39: BDI | N39: Unidade
B40: Aquisição | D40: =D36*L17/100 -> 0 | E40: R$/T | G40: =G36*L18/100 -> 0 | H40: R$/T | J40: =J36*L19/100 -> 0 | K40: R$/T
B41: Transporte | D41: =D37*L17/100 -> 0 | E41: R$/T | G41: =G37*L18/100 -> 0 | H41: R$/T | J41: =J37*L19/100 -> 0 | K41: R$/T
B43: Serviço | D43: R-1 Total | E43: Unidade | G43: R-2 Total | H43: Unidade | J43: R-3 Total | K43: Unidade | M43: R-4 Total | N43: Unidade
B44: Aquisição | D44: =TRUNC(SUM(D36,D40),3) -> 8025.741 | E44: R$ | G44: =TRUNC(SUM(G36,G40),3) -> 8025.741 | H44: R$ | J44: =TRUNC(SUM(J36,J40),2) -> 7565.62 | K44: R$
B45: Transporte | D45: =TRUNC(SUM(D37,D41),3) -> 415.396 | E45: R$ | G45: =TRUNC(SUM(G37,G41),3) -> 614.327 | H45: R$ | J45: =TRUNC(SUM(J37,J41),2) -> 1218.71 | K45: R$
B46: Total | D46: =IF(D44=0,0,SUM(D44:D45)) -> 8441.137 | E46: R$ | G46: =IF(G44=0,0,SUM(G44:G45)) -> 8640.068 | H46: R$ | J46: =IF(J44=0,0,SUM(J44:J45)) -> 8784.33 | K46: R$
B75: MATERIAL BETUMINOSO - RR-1C
C77: UF | D77: LOCAL (AQUISIÇÃO) | E77: FLU (D) | F77: PAV (D1) | G77: N PAV (D2) | H77: L N (D3) | I77: ICMS (%) | J77: COFINS (%) | K77: PIS (%) | L77: BDI (%) | M77: AQUISIÇÃO ANP (R$/kg) | N77: VALOR PEDÁGIO | O77: VALOR BALSA
B78: R-1 | C78: ='Mat. Betuminoso'!G47 -> Nordeste | D78: ='Mat. Betuminoso'!$D$26 -> Candeias/BA | E78: 0 | F78: ='Mat. Betuminoso'!$E$26 -> 600 | G78: 0 | H78: 0 | I78: 20.5 | J78: 3 | K78: 0.65 | L78: 0 | M78: =VLOOKUP(C78,'Mat. Betuminoso'!$G$47:$H$49,2,0) -> 2.9434581 | N78: =VLOOKUP(D78,'Mat. Betuminoso'!$D$26:$J$31,7,0) -> 0 | O78: 0
B79: R-2 | C79: ='Mat. Betuminoso'!G48 -> Nordeste | D79: ='Mat. Betuminoso'!$D$28 -> Feira de Santana/BA | E79: 0 | F79: ='Mat. Betuminoso'!$E$28 -> 429 | G79: 0 | H79: 0 | I79: 20.5 | J79: 3 | K79: 0.65 | L79: 0 | M79: =VLOOKUP(C79,'Mat. Betuminoso'!$G$47:$H$49,2,0) -> 2.9434581 | N79: =VLOOKUP(D79,'Mat. Betuminoso'!$D$26:$J$31,7,0) -> 0 | O79: 0
B80: R-3 | C80: ='Mat. Betuminoso'!G49 -> Ceará | D80: ='Mat. Betuminoso'!$D$30 -> Fortaleza/CE | E80: 0 | F80: ='Mat. Betuminoso'!$E$30 -> 774 | G80: 0 | H80: 0 | I80: 20.5 | J80: 3 | K80: 0.65 | L80: 0 | M80: =VLOOKUP(C80,'Mat. Betuminoso'!$G$47:$H$49,2,0) -> 2.780745 | N80: =VLOOKUP(D80,'Mat. Betuminoso'!$D$26:$J$31,7,0) -> 0 | O80: 0
C82: Transporte Rodoviário | H82: Indice Reajuste | I82: DATA BASE | K82: Fator Correção
C83: T.R. = 26,939 + (0,253 x D1) + (0,299xD2) + (0,412xD3) | I83: I0 | J83: I1
I84: 41821 | J84: ='Mat. Betuminoso'!$P$14 -> 45658
H85: PAVIM | I85: 270.237 | J85: ='Mat. Betuminoso'!$P$15 -> 584.512 | K85: =ROUND((J85/I85),4) -> 2.163
B88: Serviço | D88: R-1 Sem ICMS | E88: Unidade | G88: R-2 Sem ICMS | H88: Unidade | J88: R-3 Sem ICMS | K88: Unidade | M88: R-4 Sem ICMS | N88: Unidade
B89: Aquisição | D89: =M78*1000 -> 2943.4581 | E89: R$/T | G89: =M79*1000 -> 2943.4581 | H89: R$/T | J89: =M80*1000 -> 2780.745 | K89: R$/T
B90: Transporte | D90: =TRUNC(($K$24*((26.939+(0.253*F78)+(0.299*G78)+(0.412*H78)))),2) -> 386.61 | E90: R$/T | G90: =TRUNC(($K$24*((26.939+(0.253*F79)+(0.299*G79)+(0.412*H79)))),2) -> 293.03 | H90: R$/T | J90: =($K$24*((26.939+(0.253*F80)+(0.299*G80)+(0.412*H80)))) -> 481.83204 | K90: R$/T
B92: Serviço | D92: R-1 Com Impostos | E92: Unidade | G92: R-2 Com Impostos | H92: Unidade | J92: R-3 Com Impostos | K92: Unidade | M92: R-4 Com Impostos | N92: Unidade
B93: Aquisição | D93: =D89/(1-(I78/100)-(J78/100)-(K78/100)) -> 3880.6304 | E93: R$/T | G93: =G89/(1-(I79/100)-(J79/100)-(K79/100)) -> 3880.6304 | H93: R$/T | J93: =J89/(1-(I80/100)-(J80/100)-(K80/100)) -> 3666.1107 | K93: R$/T
B94: Transporte | D94: =D90/(1-(I78/100)) -> 486.30189 | E94: R$/T | G94: =G90/(1-(I79/100)) -> 368.59119 | H94: R$/T | J94: =J90/(1-(I80/100)) -> 606.07804 | K94: R$/T
B96: Serviço | D96: R-1 C/ Impostos/Pedágio | E96: Unidade | G96: R-2 C/ Impostos/Pedágio | H96: Unidade | J96: R-3 C/ Impostos/Pedágio | K96: Unidade | M96: R-4 C/ Impostos/Pedágio | N96: Unidade
B97: Aquisição | D97: =D93 -> 3880.6304 | E97: R$/T | G97: =G93 -> 3880.6304 | H97: R$/T | J97: =J93 -> 3666.1107 | K97: R$/T
B98: Transporte | D98: =SUM(D94,N78) -> 486.30189 | E98: R$/T | G98: =SUM(G94,N79) -> 368.59119 | H98: R$/T | J98: =SUM(J94,N80) -> 606.07804 | K98: R$/T
B100: Serviço | D100: BDI | E100: Unidade | G100: BDI | H100: Unidade | J100: BDI | K100: Unidade | M100: BDI | N100: Unidade
B101: Aquisição | D101: =D97*L78/100 -> 0 | E101: R$/T | G101: =G97*L79/100 -> 0 | H101: R$/T | J101: =J97*L80/100 -> 0 | K101: R$/T
B102: Transporte | D102: =D98*L78/100 -> 0 | E102: R$/T | G102: =G98*L79/100 -> 0 | H102: R$/T | J102: =J98*L80/100 -> 0 | K102: R$/T
B104: Serviço | D104: R-1 Total | E104: Unidade | G104: R-2 Total | H104: Unidade | J104: R-3 Total | K104: Unidade | M104: R-4 Total | N104: Unidade
B105: Aquisição | D105: =TRUNC(SUM(D97,D101),2) -> 3880.63 | E105: R$ | G105: =TRUNC(SUM(G97,G101),2) -> 3880.63 | H105: R$ | J105: =TRUNC(SUM(J97,J101),2) -> 3666.11 | K105: R$
B106: Transporte | D106: =TRUNC(SUM(D98,D102),2) -> 486.3 | E106: R$ | G106: =TRUNC(SUM(G98,G102),2) -> 368.59 | H106: R$ | J106: =TRUNC(SUM(J98,J102),2) -> 606.07 | K106: R$
B107: Total | D107: =IF(D105=0,0,SUM(D105:D106)) -> 4366.93 | E107: R$ | G107: =IF(G105=0,0,SUM(G105:G106)) -> 4249.22 | H107: R$ | J107: =IF(J105=0,0,SUM(J105:J106)) -> 4272.18 | K107: R$
B137: MATERIAL BETUMINOSO - RR-2C
C139: UF | D139: LOCAL (AQUISIÇÃO) | E139: FLU (D) | F139: PAV (D1) | G139: N PAV (D2) | H139: L N (D3) | I139: ICMS (%) | J139: COFINS (%) | K139: PIS (%) | L139: BDI (%) | M139: AQUISIÇÃO ANP (R$/kg) | N139: VALOR PEDÁGIO | O139: VALOR BALSA
B140: R-1 | C140: ='Mat. Betuminoso'!G50 -> Nordeste | D140: ='Mat. Betuminoso'!$D$26 -> Candeias/BA | E140: 0 | F140: ='Mat. Betuminoso'!$E$26 -> 600 | G140: 0 | H140: 0 | I140: 20.5 | J140: 3 | K140: 0.65 | L140: 0 | M140: =VLOOKUP(C140,'Mat. Betuminoso'!$G$50:$H$52,2,0) -> 2.9736 | N140: =VLOOKUP(D140,'Mat. Betuminoso'!$D$26:$J$31,7,0) -> 0 | O140: 0
B141: R-2 | C141: ='Mat. Betuminoso'!G51 -> Nordeste | D141: ='Mat. Betuminoso'!$D$28 -> Feira de Santana/BA | E141: 0 | F141: ='Mat. Betuminoso'!$E$28 -> 429 | G141: 0 | H141: 0 | I141: 20.5 | J141: 3 | K141: 0.65 | L141: 0 | M141: =VLOOKUP(C141,'Mat. Betuminoso'!$G$50:$H$52,2,0) -> 2.9736 | N141: =VLOOKUP(D141,'Mat. Betuminoso'!$D$26:$J$31,7,0) -> 0 | O141: 0
B142: R-3 | C142: ='Mat. Betuminoso'!G52 -> Ceará | D142: ='Mat. Betuminoso'!$D$30 -> Fortaleza/CE | E142: 0 | F142: ='Mat. Betuminoso'!$E$30 -> 774 | G142: 0 | H142: 0 | I142: 20.5 | J142: 3 | K142: 0.65 | L142: 0 | M142: =VLOOKUP(C142,'Mat. Betuminoso'!$G$50:$H$52,2,0) -> 2.930866 | N142: =VLOOKUP(D142,'Mat. Betuminoso'!$D$26:$J$31,7,0) -> 0 | O142: 0
C144: Transporte Rodoviário | H144: Indice Reajuste | I144: DATA BASE | K144: Fator Correção
C145: T.R. = 26,939 + (0,253 x D1) + (0,299xD2) + (0,412xD3) | I145: I0 | J145: I1
I146: 41821 | J146: ='Mat. Betuminoso'!$P$14 -> 45658
H147: PAVIM | I147: 270.237 | J147: ='Mat. Betuminoso'!$P$15 -> 584.512 | K147: =ROUND((J147/I147),4) -> 2.163
B150: Serviço | D150: R-1 Sem ICMS | E150: Unidade | G150: R-2 Sem ICMS | H150: Unidade | J150: R-3 Sem ICMS | K150: Unidade | M150: R-4 Sem ICMS | N150: Unidade
B151: Aquisição | D151: =M140*1000 -> 2973.6 | E151: R$/T | G151: =M141*1000 -> 2973.6 | H151: R$/T | J151: =M142*1000 -> 2930.866 | K151: R$/T
B152: Transporte | D152: =TRUNC(($K$24*((26.939+(0.253*F140)+(0.299*G140)+(0.412*H140)))),2) -> 386.61 | E152: R$/T | G152: =TRUNC(($K$24*((26.939+(0.253*F141)+(0.299*G141)+(0.412*H141)))),2) -> 293.03 | H152: R$/T | J152: =($K$24*((26.939+(0.253*F142)+(0.299*G142)+(0.412*H142)))) -> 481.83204 | K152: R$/T
B154: Serviço | D154: R-1 Com Impostos | E154: Unidade | G154: R-2 Com Impostos | H154: Unidade | J154: R-3 Com Impostos | K154: Unidade | M154: R-4 Com Impostos | N154: Unidade
B155: Aquisição | D155: =D151/(1-(I140/100)-(J140/100)-(K140/100)) -> 3920.3692 | E155: R$/T | G155: =G151/(1-(I141/100)-(J141/100)-(K141/100)) -> 3920.3692 | H155: R$/T | J155: =J151/(1-(I142/100)-(J142/100)-(K142/100)) -> 3864.029 | K155: R$/T
B156: Transporte | D156: =D152/(1-(I140/100)) -> 486.30189 | E156: R$/T | G156: =G152/(1-(I141/100)) -> 368.59119 | H156: R$/T | J156: =J152/(1-(I142/100)) -> 606.07804 | K156: R$/T
B158: Serviço | D158: R-1 C/ Impostos/Pedágio | E158: Unidade | G158: R-2 C/ Impostos/Pedágio | H158: Unidade | J158: R-3 C/ Impostos/Pedágio | K158: Unidade | M158: R-4 C/ Impostos/Pedágio | N158: Unidade
B159: Aquisição | D159: =D155 -> 3920.3692 | E159: R$/T | G159: =G155 -> 3920.3692 | H159: R$/T | J159: =J155 -> 3864.029 | K159: R$/T
B160: Transporte | D160: =SUM(D156,N140) -> 486.30189 | E160: R$/T | G160: =SUM(G156,N141) -> 368.59119 | H160: R$/T | J160: =SUM(J156,N142) -> 606.07804 | K160: R$/T
B162: Serviço | D162: BDI | E162: Unidade | G162: BDI | H162: Unidade | J162: BDI | K162: Unidade | M162: BDI | N162: Unidade
B163: Aquisição | D163: =D159*L140/100 -> 0 | E163: R$/T | G163: =G159*L141/100 -> 0 | H163: R$/T | J163: =J159*L142/100 -> 0 | K163: R$/T
B164: Transporte | D164: =D160*L140/100 -> 0 | E164: R$/T | G164: =G160*L141/100 -> 0 | H164: R$/T | J164: =J160*L142/100 -> 0 | K164: R$/T
B166: Serviço | D166: R-1 Total | E166: Unidade | G166: R-2 Total | H166: Unidade | J166: R-3 Total | K166: Unidade | M166: R-4 Total | N166: Unidade
B167: Aquisição | D167: =TRUNC(SUM(D159,D163),2) -> 3920.36 | E167: R$ | G167: =TRUNC(SUM(G159,G163),2) -> 3920.36 | H167: R$ | J167: =TRUNC(SUM(J159,J163),2) -> 3864.02 | K167: R$
B168: Transporte | D168: =TRUNC(SUM(D160,D164),2) -> 486.3 | E168: R$ | G168: =TRUNC(SUM(G160,G164),2) -> 368.59 | H168: R$ | J168: =TRUNC(SUM(J160,J164),2) -> 606.07 | K168: R$
B169: Total | D169: =IF(D167=0,0,SUM(D167:D168)) -> 4406.66 | E169: R$ | G169: =IF(G167=0,0,SUM(G167:G168)) -> 4288.95 | H169: R$ | J169: =IF(J167=0,0,SUM(J167:J168)) -> 4470.09 | K169: R$
B202: MATERIAL BETUMINOSO - RR-1C-E
C204: UF | D204: LOCAL (AQUISIÇÃO) | E204: FLU (D) | F204: PAV (D1) | G204: N PAV (D2) | H204: LN (D3) | I204: ICMS (%) | J204: COFINS (%) | K204: PIS (%) | L204: BDI (%) | M204: AQUISIÇÃO ANP (R$/kg) | N204: VALOR PEDÁGIO | O204: VALOR BALSA
B205: R-1 | C205: ='Mat. Betuminoso'!G53 -> Brasil | D205: ='Mat. Betuminoso'!$D$26 -> Candeias/BA | E205: 0 | F205: ='Mat. Betuminoso'!E26 -> 600 | G205: 0 | H205: 0 | I205: 20.5 | J205: 3 | K205: 0.65 | L205: 0 | M205: ='Mat. Betuminoso'!H53 -> 3.4260306 | N205: =VLOOKUP(D205,'Mat. Betuminoso'!$D$26:$J$31,7,0) -> 0 | O205: 0
B206: R-2 | C206: ='Mat. Betuminoso'!G54 -> Brasil | D206: ='Mat. Betuminoso'!$D$28 -> Feira de Santana/BA | E206: 0 | F206: ='Mat. Betuminoso'!E28 -> 429 | G206: 0 | H206: 0 | I206: 20.5 | J206: 3 | K206: 0.65 | L206: 0 | M206: ='Mat. Betuminoso'!H54 -> 3.4260306 | N206: =VLOOKUP(D206,'Mat. Betuminoso'!$D$26:$J$31,7,0) -> 0 | O206: 0
B207: R-3 | C207: ='Mat. Betuminoso'!G55 -> Brasil | D207: ='Mat. Betuminoso'!$D$30 -> Fortaleza/CE | E207: 0 | F207: ='Mat. Betuminoso'!E30 -> 774 | G207: 0 | H207: 0 | I207: 20.5 | J207: 3 | K207: 0.65 | L207: 0 | M207: ='Mat. Betuminoso'!H55 -> 3.8904178 | N207: =VLOOKUP(D207,'Mat. Betuminoso'!$D$26:$J$31,7,0) -> 0 | O207: 0
C209: Transporte Rodoviário | H209: Indice Reajuste | I209: DATA BASE | K209: Fator Correção
C210: T.R. = 26,939 + (0,253 x D1) + (0,299xD2) + (0,412xD3) | I210: I0 | J210: I1
I211: 41821 | J211: ='Mat. Betuminoso'!$P$14 -> 45658
H212: PAVIM | I212: 270.237 | J212: ='Mat. Betuminoso'!$P$15 -> 584.512 | K212: =ROUND((J212/I212),4) -> 2.163
B215: Serviço | D215: R-1 Sem ICMS | E215: Unidade | G215: R-2 Sem ICMS | H215: Unidade | J215: R-3 Sem ICMS | K215: Unidade | M215: R-4 Sem ICMS | N215: Unidade
B216: Aquisição | D216: =M205*1000 -> 3426.0306 | E216: R$/T | G216: =TRUNC(M206*1000,2) -> 3426.03 | H216: R$/T | J216: =M207*1000 -> 3890.4178 | K216: R$/T
B217: Transporte | D217: =TRUNC(($K$24*((26.939+(0.253*F205)+(0.299*G205)+(0.412*H205)))),2) -> 386.61 | E217: R$/T | G217: =TRUNC(($K$24*((26.939+(0.253*F206)+(0.299*G206)+(0.412*H206)))),2) -> 293.03 | H217: R$/T | J217: =($K$24*((26.939+(0.253*F207)+(0.299*G207)+(0.412*H207)))) -> 481.83204 | K217: R$/T
B219: Serviço | D219: R-1 Com Impostos | E219: Unidade | G219: R-2 Com Impostos | H219: Unidade | J219: R-3 Com Impostos | K219: Unidade | M219: R-4 Com Impostos | N219: Unidade
B220: Aquisição | D220: =D216/(1-(I205/100)-(J205/100)-(K205/100)) -> 4516.8499 | E220: R$/T | G220: =G216/(1-(I206/100)-(J206/100)-(K206/100)) -> 4516.849 | H220: R$/T | J220: =J216/(1-(I207/100)-(J207/100)-(K207/100)) -> 5129.094 | K220: R$/T
B221: Transporte | D221: =D217/(1-(I205/100)) -> 486.30189 | E221: R$/T | G221: =G217/(1-(I206/100)) -> 368.59119 | H221: R$/T | J221: =J217/(1-(I207/100)) -> 606.07804 | K221: R$/T
B223: Serviço | D223: R-1 C/ Impostos/Pedágio | E223: Unidade | G223: R-2 C/ Impostos/Pedágio | H223: Unidade | J223: R-3 C/ Impostos/Pedágio | K223: Unidade | M223: R-4 C/ Impostos/Pedágio | N223: Unidade
B224: Aquisição | D224: =D220 -> 4516.8499 | E224: R$/T | G224: =G220 -> 4516.849 | H224: R$/T | J224: =J220 -> 5129.094 | K224: R$/T
...

Sheet Cotações
B2: GOVERNO DO ESTADO DE PERNAMBUCO
B3: SECRETARIA DE MOBILIDADE E INFRAESTRUTURA
B4: DEPARTAMENTO DE ESTRADAS DE RODAGEM - DER/PE
B6: RODOVIA: | C6: ='Mat. Betuminoso'!C6:E6 -> LOTE 09 | F6: EXTENSÃO: | G6: ='Mat. Betuminoso'!G6:K6 -> 183.12
B7: UF: | C7: ='Mat. Betuminoso'!C7:E7 -> PE | F7: DATA BASE: | G7: ='Mat. Betuminoso'!G7:K7 -> JANEIRO/2025
F8: TIPO: | G8: ='Mat. Betuminoso'!G8:K8 -> SEM DESONERAÇÃO
B11: COTAÇÕES

Sheet Mapa+Binômio
B2: GOVERNO DO ESTADO DE PERNAMBUCO
B3: SECRETARIA DE MOBILIDADE E INFRAESTRUTURA - SEMOBI/PE
B4: DEPARTAMENTO DE ESTRADAS DE RODAGEM - DER/PE
B6: RODOVIA: | C6: ='Mat. Betuminoso'!C6:E6 -> LOTE 09 | J6: EXTENSÃO: | K6: ='Mat. Betuminoso'!G6 -> 183.12
B7: UF: | C7: ='Mat. Betuminoso'!C7:E7 -> PE | J7: DATA BASE: | K7: ='Mat. Betuminoso'!G7 -> JANEIRO/2025
J8: TIPO: | K8: ='Mat. Betuminoso'!G8 -> SEM DESONERAÇÃO
B10: MAPA DE COTAÇÕES E ESTUDO DE BINÔMIO
C11: CONSIDERAÇÕES:
C13: 1. Dados das cotações informados pelos fornecedores
C14: 2. DMT de aquisição dos Materiais Pétreos: FORNECEDOR/PARA O CANTEIRO
B16: MATERIAL PÉTREO E ARENOSO E MASSA ASFÁLTICA
B18: Insumo | C18: Fornecedor | D18: Data Cotação | E18: Preço Cotação | F18: Condição de Frete | G18: Índice Adotado | H18: Data Base Orçamento | I18: Índice de Reajsutamento | K18: Fator de Regressão | L18: Custo Reajustado | M18: Densidade Adotada | N18: Custo Reajustado (R$/m³) | O18: Distância Fixa | R18: Transporte | S18: Preço Unitário do Transporte | W18: Valor Total do Transporte | X18: Binômio (Aquisição + Transporte)
I19: Índice Cotação | J19: Índice Data Base | O19: P | P19: RP | Q19: LN | S19: P (5914389) | T19: RP (5914374) | U19: LN (5914359) | V19: Und | X19: Valor Total | Y19: Und
B20: BRITA 0 | C20: BRITAFORTE | D20: 45627 | E20: 115 | F20: FOB | G20: PAVIMENTAÇÃO | H20: 45658 | I20: 583.334 | J20: 584.512 | K20: =TRUNC(J20/I20,4) -> 1.002 | L20: =TRUNC(E20*K20,2) -> 115.23 | M20: 1.5 | N20: =L20 -> 115.23 | O20: 199 | Q20: 0.02 | R20: Transp C. Basc 10 m³ (t.km) | S20: 0.83 | T20: 1.02 | U20: 1.27 | V20: R$/t.km | W20: =TRUNC((O20*S20+P20*T20+Q20*U20),2) -> 165.19 | X20: =W20+N20 -> 280.42 | Y20: R$/m³
C21: PEDREIRA BARBOSA | D21: 45748 | E21: 143 | F21: FOB | G21: PAVIMENTAÇÃO | H21: 45658 | I21: 587.959 | J21: 584.512 | K21: =TRUNC(J21/I21,4) -> 0.9941 | L21: =TRUNC(E21*K21,2) -> 142.15 | M21: 1.5 | N21: =L21 -> 142.15 | O21: 209 | Q21: 0.02 | R21: Transp C. Basc 10 m³ (t.km) | S21: =$S$20 -> 0.83 | T21: =$T$20 -> 1.02 | U21: =$U$20 -> 1.27 | V21: R$/t.km | W21: =TRUNC((O21*S21+P21*T21+Q21*U21),2) -> 173.49 | X21: =W21+N21 -> 315.64 | Y21: R$/m³
C22: QUALITY BRITA | D22: 45809 | E22: 93.47 | F22: FOB | G22: PAVIMENTAÇÃO | H22: 45658 | I22: 587.552 | J22: 584.512 | K22: =TRUNC(J22/I22,4) -> 0.9948 | L22: =TRUNC(E22*K22,2) -> 92.98 | M22: 1.438 | N22: =L22 -> 92.98 | O22: 2.4 | Q22: 0.02 | R22: Transp C. Basc 10 m³ (t.km) | S22: =$S$20 -> 0.83 | T22: =$T$20 -> 1.02 | U22: =$U$20 -> 1.27 | V22: R$/t.km | W22: =TRUNC((O22*S22+P22*T22+Q22*U22),2) -> 2.01 | X22: =W22+N22 -> 94.99 | Y22: R$/m³
K23: =TRUNC(J23/I23,4) -> #DIV/0! | L23: =TRUNC(E23*K23,2) -> #DIV/0! | M23: 1.5 | N23: =L23 -> #DIV/0! | R23: Transp C. Basc 10 m³ (t.km) | S23: =$S$20 -> 0.83 | T23: =$T$20 -> 1.02 | U23: =$U$20 -> 1.27 | V23: R$/t.km | W23: =TRUNC((O23*S23+P23*T23+Q23*U23),2) -> 0 | X23: =W23+N23 -> #DIV/0! | Y23: R$/m³
B24: BRITA 1 | C24: =$C$20 -> BRITAFORTE | D24: =$D$20 -> 45627 | E24: 110 | F24: FOB | G24: PAVIMENTAÇÃO | H24: 45658 | I24: 583.334 | J24: 584.512 | K24: =TRUNC(J24/I24,4) -> 1.002 | L24: =TRUNC(E24*K24,2) -> 110.22 | M24: 1.5 | N24: =L24 -> 110.22 | O24: 199 | Q24: 0.02 | R24: Transp C. Basc 10 m³ (t.km) | S24: 0.83 | T24: 1.02 | U24: 1.27 | V24: R$/t.km | W24: =TRUNC((O24*S24+P24*T24+Q24*U24),2) -> 165.19 | X24: =W24+N24 -> 275.41 | Y24: R$/m³
C25: =$C$21 -> PEDREIRA BARBOSA | D25: =$D$21 -> 45748 | E25: 132 | F25: FOB | G25: PAVIMENTAÇÃO | H25: 45658 | I25: 587.959 | J25: 584.512 | K25: =TRUNC(J25/I25,4) -> 0.9941 | L25: =TRUNC(E25*K25,2) -> 131.22 | M25: 1.5 | N25: =L25 -> 131.22 | O25: 209 | Q25: 0.02 | R25: Transp C. Basc 10 m³ (t.km) | S25: =$S$20 -> 0.83 | T25: =$T$20 -> 1.02 | U25: =$U$20 -> 1.27 | V25: R$/t.km | W25: =TRUNC((O25*S25+P25*T25+Q25*U25),2) -> 173.49 | X25: =W25+N25 -> 304.71 | Y25: R$/m³
C26: =$C$22 -> QUALITY BRITA | D26: 45809 | E26: 84.3 | F26: FOB | G26: PAVIMENTAÇÃO | H26: 45658 | I26: 587.552 | J26: 584.512 | K26: =TRUNC(J26/I26,4) -> 0.9948 | L26: =TRUNC(E26*K26,2) -> 83.86 | M26: 1.405 | N26: =L26 -> 83.86 | O26: 2.4 | Q26: 0.02 | R26: Transp C. Basc 10 m³ (t.km) | S26: =$S$20 -> 0.83 | T26: =$T$20 -> 1.02 | U26: =$U$20 -> 1.27 | V26: R$/t.km | W26: =TRUNC((O26*S26+P26*T26+Q26*U26),2) -> 2.01 | X26: =W26+N26 -> 85.87 | Y26: R$/m³
C27: =$C$23 -> 0 | G27: PAVIMENTAÇÃO | H27: 45658 | I27: 583.334 | J27: 584.512 | K27: =TRUNC(J27/I27,4) -> 1.002 | L27: =TRUNC(E27*K27,2) -> 0 | M27: 1.5 | N27: =L27 -> 0 | R27: Transp C. Basc 10 m³ (t.km) | S27: =$S$20 -> 0.83 | T27: =$T$20 -> 1.02 | U27: =$U$20 -> 1.27 | V27: R$/t.km | W27: =TRUNC((O27*S27+P27*T27+Q27*U27),2) -> 0 | X27: =W27+N27 -> 0 | Y27: R$/m³
B28: BRITA 2 | C28: =$C$20 -> BRITAFORTE | D28: =$D$20 -> 45627 | E28: 110 | F28: FOB | G28: PAVIMENTAÇÃO | H28: 45658 | I28: 583.334 | J28: 584.512 | K28: =TRUNC(J28/I28,4) -> 1.002 | L28: =TRUNC(E28*K28,2) -> 110.22 | M28: 1.5 | N28: =L28 -> 110.22 | O28: 199 | Q28: 0.02 | R28: Transp C. Basc 10 m³ (t.km) | S28: 0.83 | T28: 1.02 | U28: 1.27 | V28: R$/t.km | W28: =TRUNC((O28*S28+P28*T28+Q28*U28),2) -> 165.19 | X28: =W28+N28 -> 275.41 | Y28: R$/m³
C29: =$C$21 -> PEDREIRA BARBOSA | D29: =$D$21 -> 45748 | E29: 132 | F29: FOB | G29: PAVIMENTAÇÃO | H29: 45658 | I29: 587.959 | J29: 584.512 | K29: =TRUNC(J29/I29,4) -> 0.9941 | L29: =TRUNC(E29*K29,2) -> 131.22 | M29: 1.5 | N29: =L29 -> 131.22 | O29: 209 | Q29: 0.02 | R29: Transp C. Basc 10 m³ (t.km) | S29: =$S$20 -> 0.83 | T29: =$T$20 -> 1.02 | U29: =$U$20 -> 1.27 | V29: R$/t.km | W29: =TRUNC((O29*S29+P29*T29+Q29*U29),2) -> 173.49 | X29: =W29+N29 -> 304.71 | Y29: R$/m³
C30: =$C$22 -> QUALITY BRITA | D30: 45809 | E30: 90.66 | F30: FOB | G30: PAVIMENTAÇÃO | H30: 45658 | I30: 587.552 | J30: 584.512 | K30: =TRUNC(J30/I30,4) -> 0.9948 | L30: =TRUNC(E30*K30,2) -> 90.18 | M30: 1.395 | N30: =L30 -> 90.18 | O30: 2.4 | Q30: 0.02 | R30: Transp C. Basc 10 m³ (t.km) | S30: =$S$20 -> 0.83 | T30: =$T$20 -> 1.02 | U30: =$U$20 -> 1.27 | V30: R$/t.km | W30: =TRUNC((O30*S30+P30*T30+Q30*U30),2) -> 2.01 | X30: =W30+N30 -> 92.19 | Y30: R$/m³
C31: =$C$23 -> 0 | G31: PAVIMENTAÇÃO | H31: 45658 | I31: 583.334 | J31: 584.512 | K31: =TRUNC(J31/I31,4) -> 1.002 | L31: =TRUNC(E31*K31,2) -> 0 | M31: 1.5 | N31: =L31 -> 0 | R31: Transp C. Basc 10 m³ (t.km) | S31: =$S$20 -> 0.83 | T31: =$T$20 -> 1.02 | U31: =$U$20 -> 1.27 | V31: R$/t.km | W31: =TRUNC((O31*S31+P31*T31+Q31*U31),2) -> 0 | X31: =W31+N31 -> 0 | Y31: R$/m³
B32: BRITA 4 | C32: =$C$21 -> PEDREIRA BARBOSA | D32: =$D$21 -> 45748 | E32: 132 | F32: FOB | G32: PAVIMENTAÇÃO | H32: 45658 | I32: 587.959 | J32: 584.512 | K32: =TRUNC(J32/I32,4) -> 0.9941 | L32: =TRUNC(E32*K32,2) -> 131.22 | M32: 1.5 | N32: =L32 -> 131.22 | O32: =$O$21 -> 209 | Q32: =$Q$21 -> 0.02 | R32: Transp C. Basc 10 m³ (t.km) | S32: =$S$20 -> 0.83 | T32: =$T$20 -> 1.02 | U32: =$U$20 -> 1.27 | V32: R$/t.km | W32: =TRUNC((O32*S32+P32*T32+Q32*U32),2) -> 173.49 | X32: =W32+N32 -> 304.71 | Y32: R$/m³
D33: =$D$21 -> 45748 | F33: FOB | G33: PAVIMENTAÇÃO | H33: 45658 | I33: 587.959 | J33: 584.512 | K33: =TRUNC(J33/I33,4) -> 0.9941 | L33: =TRUNC(E33*K33,2) -> 0 | M33: 1.5 | N33: =L33 -> 0 | O33: =$O$21 -> 209 | Q33: =$Q$21 -> 0.02 | R33: Transp C. Basc 10 m³ (t.km) | S33: =$S$20 -> 0.83 | T33: =$T$20 -> 1.02 | U33: =$U$20 -> 1.27 | V33: R$/t.km | W33: =TRUNC((O33*S33+P33*T33+Q33*U33),2) -> 173.49 | X33: =W33+N33 -> 173.49 | Y33: R$/m³
C34: =$C$22 -> QUALITY BRITA | G34: PAVIMENTAÇÃO | H34: 45658 | I34: 583.334 | J34: 584.512 | K34: =TRUNC(J34/I34,4) -> 1.002 | L34: =TRUNC(E34*K34,2) -> 0 | M34: 1.5 | N34: =L34 -> 0 | R34: Transp C. Basc 10 m³ (t.km) | S34: =$S$20 -> 0.83 | T34: =$T$20 -> 1.02 | U34: =$U$20 -> 1.27 | V34: R$/t.km | W34: =TRUNC((O34*S34+P34*T34+Q34*U34),2) -> 0 | X34: =W34+N34 -> 0 | Y34: R$/m³
C35: =$C$23 -> 0 | G35: PAVIMENTAÇÃO | H35: 45658 | I35: 583.334 | J35: 584.512 | K35: =TRUNC(J35/I35,4) -> 1.002 | L35: =TRUNC(E35*K35,2) -> 0 | M35: 1.5 | N35: =L35 -> 0 | R35: Transp C. Basc 10 m³ (t.km) | S35: =$S$20 -> 0.83 | T35: =$T$20 -> 1.02 | U35: =$U$20 -> 1.27 | V35: R$/t.km | W35: =TRUNC((O35*S35+P35*T35+Q35*U35),2) -> 0 | X35: =W35+N35 -> 0 | Y35: R$/m³
B36: PEDRA DE MÃO | C36: =$C$20 -> BRITAFORTE | D36: 45627 | E36: 90 | F36: FOB | G36: DRENAGEM | H36: 45658 | I36: 476.054 | J36: 477.285 | K36: =TRUNC(J36/I36,4) -> 1.0025 | L36: =TRUNC(E36*K36,2) -> 90.22 | M36: 1.5 | N36: =L36 -> 90.22 | O36: 199 | Q36: 0.02 | R36: Transp C. Basc 10 m³ (t.km) | S36: 0.83 | T36: 1.02 | U36: 1.27 | V36: R$/t.km | W36: =TRUNC((O36*S36+P36*T36+Q36*U36),2) -> 165.19 | X36: =W36+N36 -> 255.41 | Y36: R$/m³
C37: =$C$21 -> PEDREIRA BARBOSA | D37: =$D$21 -> 45748 | G37: DRENAGEM | H37: 45658 | J37: 477.285 | K37: =TRUNC(J37/I37,4) -> #DIV/0! | L37: =TRUNC(E37*K37,2) -> #DIV/0! | M37: 1.5 | N37: =L37 -> #DIV/0! | O37: 209 | Q37: 0.02 | R37: Transp C. Basc 10 m³ (t.km) | S37: =$S$20 -> 0.83 | T37: =$T$20 -> 1.02 | U37: =$U$20 -> 1.27 | V37: R$/t.km | W37: =TRUNC((O37*S37+P37*T37+Q37*U37),2) -> 173.49 | X37: =W37+N37 -> #DIV/0! | Y37: R$/m³
C38: =$C$22 -> QUALITY BRITA | D38: 45809 | E38: 72.05 | F38: FOB | G38: DRENAGEM | H38: 45658 | I38: 482.629 | J38: 477.285 | K38: =TRUNC(J38/I38,4) -> 0.9889 | L38: =TRUNC(E38*K38,2) -> 71.25 | M38: 1.31 | N38: =L38 -> 71.25 | O38: 2.4 | Q38: 0.02 | R38: Transp C. Basc 10 m³ (t.km) | S38: =$S$20 -> 0.83 | T38: =$T$20 -> 1.02 | U38: =$U$20 -> 1.27 | V38: R$/t.km | W38: =TRUNC((O38*S38+P38*T38+Q38*U38),2) -> 2.01 | X38: =W38+N38 -> 73.26 | Y38: R$/m³
C39: =$C$23 -> 0 | G39: DRENAGEM | H39: 45658 | J39: 477.285 | K39: =TRUNC(J39/I39,4) -> #DIV/0! | L39: =TRUNC(E39*K39,2) -> #DIV/0! | M39: 1.5 | N39: =L39 -> #DIV/0! | R39: Transp C. Basc 10 m³ (t.km) | S39: =$S$20 -> 0.83 | T39: =$T$20 -> 1.02 | U39: =$U$20 -> 1.27 | V39: R$/t.km | W39: =TRUNC((O39*S39+P39*T39+Q39*U39),2) -> 0 | X39: =W39+N39 -> #DIV/0! | Y39: R$/m³
B40: BGS | C40: =$C$20 -> BRITAFORTE | D40: 45627 | E40: 95 | F40: FOB | G40: PAVIMENTAÇÃO | H40: 45658 | I40: 583.334 | J40: 584.512 | K40: =TRUNC(J40/I40,4) -> 1.002 | L40: =TRUNC(E40*K40,2) -> 95.19 | M40: 1.5 | N40: =L40 -> 95.19 | O40: 199 | Q40: 0.02 | R40: Transp C. Basc 10 m³ (t.km) | S40: 0.83 | T40: 1.02 | U40: 1.27 | V40: R$/t.km | W40: =TRUNC((O40*S40+P40*T40+Q40*U40),2) -> 165.19 | X40: =W40+N40 -> 260.38 | Y40: R$/m³
C41: =$C$21 -> PEDREIRA BARBOSA | D41: =$D$21 -> 45748 | E41: 120 | F41: FOB | G41: PAVIMENTAÇÃO | H41: 45658 | I41: 587.959 | J41: 584.512 | K41: =TRUNC(J41/I41,4) -> 0.9941 | L41: =TRUNC(E41*K41,2) -> 119.29 | M41: 1.5 | N41: =L41 -> 119.29 | O41: 209 | Q41: 0.02 | R41: Transp C. Basc 10 m³ (t.km) | S41: =$S$20 -> 0.83 | T41: =$T$20 -> 1.02 | U41: =$U$20 -> 1.27 | V41: R$/t.km | W41: =TRUNC((O41*S41+P41*T41+Q41*U41),2) -> 173.49 | X41: =W41+N41 -> 292.78 | Y41: R$/m³
C42: =$C$22 -> QUALITY BRITA | D42: 45809 | E42: 79.09 | F42: FOB | G42: PAVIMENTAÇÃO | H42: 45658 | I42: 587.552 | J42: 584.512 | K42: =TRUNC(J42/I42,4) -> 0.9948 | L42: =TRUNC(E42*K42,2) -> 78.67 | M42: 1.61 | N42: =L42 -> 78.67 | O42: 2.4 | Q42: 0.02 | R42: Transp C. Basc 10 m³ (t.km) | S42: =$S$20 -> 0.83 | T42: =$T$20 -> 1.02 | U42: =$U$20 -> 1.27 | V42: R$/t.km | W42: =TRUNC((O42*S42+P42*T42+Q42*U42),2) -> 2.01 | X42: =W42+N42 -> 80.68 | Y42: R$/m³
C43: =$C$23 -> 0 | G43: PAVIMENTAÇÃO | H43: 45658 | I43: 583.334 | J43: 584.512 | K43: =TRUNC(J43/I43,4) -> 1.002 | L43: =TRUNC(E43*K43,2) -> 0 | M43: 1.5 | N43: =L43 -> 0 | R43: Transp C. Basc 10 m³ (t.km) | S43: =$S$20 -> 0.83 | T43: =$T$20 -> 1.02 | U43: =$U$20 -> 1.27 | V43: R$/t.km | W43: =TRUNC((O43*S43+P43*T43+Q43*U43),2) -> 0 | X43: =W43+N43 -> 0 | Y43: R$/m³
B44: PÓ DE PEDRA | C44: =$C$20 -> BRITAFORTE | D44: 45627 | E44: 50 | F44: FOB | G44: PAVIMENTAÇÃO | H44: 45658 | I44: 583.334 | J44: 584.512 | K44: =TRUNC(J44/I44,4) -> 1.002 | L44: =TRUNC(E44*K44,2) -> 50.1 | M44: 1.5 | N44: =L44 -> 50.1 | O44: 199 | Q44: 0.02 | R44: Transp C. Basc 10 m³ (t.km) | S44: 0.83 | T44: 1.02 | U44: 1.27 | V44: R$/t.km | W44: =TRUNC((O44*S44+P44*T44+Q44*U44),2) -> 165.19 | X44: =W44+N44 -> 215.29 | Y44: R$/m³
C45: =$C$21 -> PEDREIRA BARBOSA | D45: =$D$21 -> 45748 | E45: 90 | F45: FOB | G45: PAVIMENTAÇÃO | H45: 45658 | I45: 587.959 | J45: 584.512 | K45: =TRUNC(J45/I45,4) -> 0.9941 | L45: =TRUNC(E45*K45,2) -> 89.46 | M45: 1.5 | N45: =L45 -> 89.46 | O45: 209 | Q45: 0.02 | R45: Transp C. Basc 10 m³ (t.km) | S45: =$S$20 -> 0.83 | T45: =$T$20 -> 1.02 | U45: =$U$20 -> 1.27 | V45: R$/t.km | W45: =TRUNC((O45*S45+P45*T45+Q45*U45),2) -> 173.49 | X45: =W45+N45 -> 262.95 | Y45: R$/m³
C46: =$C$22 -> QUALITY BRITA | D46: 45809 | E46: 62.12 | F46: FOB | G46: PAVIMENTAÇÃO | H46: 45658 | I46: 587.552 | J46: 584.512 | K46: =TRUNC(J46/I46,4) -> 0.9948 | L46: =TRUNC(E46*K46,2) -> 61.79 | M46: 1.553 | N46: =L46 -> 61.79 | O46: 2.4 | Q46: 0.02 | R46: Transp C. Basc 10 m³ (t.km) | S46: =$S$20 -> 0.83 | T46: =$T$20 -> 1.02 | U46: =$U$20 -> 1.27 | V46: R$/t.km | W46: =TRUNC((O46*S46+P46*T46+Q46*U46),2) -> 2.01 | X46: =W46+N46 -> 63.8 | Y46: R$/m³
C47: =$C$23 -> 0 | G47: PAVIMENTAÇÃO | H47: 45658 | I47: 583.334 | J47: 584.512 | K47: =TRUNC(J47/I47,4) -> 1.002 | L47: =TRUNC(E47*K47,2) -> 0 | M47: 1.5 | N47: =L47 -> 0 | R47: Transp C. Basc 10 m³ (t.km) | S47: =$S$20 -> 0.83 | T47: =$T$20 -> 1.02 | U47: =$U$20 -> 1.27 | V47: R$/t.km | W47: =TRUNC((O47*S47+P47*T47+Q47*U47),2) -> 0 | X47: =W47+N47 -> 0 | Y47: R$/m³
B48: AREIA MÉDIA | C48: AMR | D48: 45597 | E48: 200 | F48: FOB | G48: PAVIMENTAÇÃO | H48: 45658 | I48: 581.407 | J48: 584.512 | K48: =TRUNC(J48/I48,4) -> 1.0053 | L48: =TRUNC(E48*K48,2) -> 201.06 | M48: 1.5 | N48: =L48 -> 201.06 | O48: 15.2 | Q48: 0.02 | R48: Transp C. Basc 10 m³ (t.km) | S48: =$S$20 -> 0.83 | T48: =$T$20 -> 1.02 | U48: =$U$20 -> 1.27 | V48: R$/t.km | W48: =TRUNC((O48*S48+P48*T48+Q48*U48),2) -> 12.64 | X48: =W48+N48 -> 213.7 | Y48: R$/m³
B51: AREIA MÉDIA LAVADA | C51: AMR | D51: 45597 | E51: 210 | F51: FOB | G51: DRENAGEM | H51: 45658 | I51: 473.717 | J51: 477.285 | K51: =TRUNC(J51/I51,4) -> 1.0075 | L51: =TRUNC(E51*K51,2) -> 211.57 | M51: 1.5 | N51: =L51 -> 211.57 | O51: =O48 -> 15.2 | Q51: 0.02 | R51: Transp C. Basc 10 m³ (t.km) | S51: =$S$20 -> 0.83 | T51: =$T$20 -> 1.02 | U51: =$U$20 -> 1.27 | V51: R$/t.km | W51: =TRUNC((O51*S51+P51*T51+Q51*U51),2) -> 12.64 | X51: =W51+N51 -> 224.21 | Y51: R$/m³
B54: MASSA ASFÁLTICA FAIXA C | C54: CONSTRUTORA CASTILHO | D54: 45809 | E54: 600 | F54: FOB | G54: PAVIMENTAÇÃO | H54: 45658 | I54: 587.552 | J54: 584.512 | K54: =TRUNC(J54/I54,4) -> 0.9948 | L54: =TRUNC(E54*K54,2) -> 596.88 | M54: 2.4 | N54: =TRUNC(L54*M54,2) -> 1432.51 | O54: 18.1 | Q54: 0.02 | R54: Transp C. Basc 10 m³ (t.km) | S54: =$S$20 -> 0.83 | T54: =$T$20 -> 1.02 | U54: =$U$20 -> 1.27 | V54: R$/t.km | W54: =TRUNC((O54*S54+P54*T54+Q54*U54),2) -> 15.04 | X54: =W54+N54 -> 1447.55 | Y54: R$/m³
C55: CONSTRUTORA LUMAX | D55: 45809 | E55: 680 | F55: FOB | G55: PAVIMENTAÇÃO | H55: 45658 | I55: 567.092 | J55: 584.512 | K55: =TRUNC(J55/I55,4) -> 1.0307 | L55: =TRUNC(E55*K55,2) -> 700.87 | M55: 2.4 | N55: =TRUNC(L55*M55,2) -> 1682.08 | O55: 30.8 | Q55: 0.02 | R55: Transp C. Basc 10 m³ (t.km) | S55: =$S$20 -> 0.83 | T55: =$T$20 -> 1.02 | U55: =$U$20 -> 1.27 | V55: R$/t.km | W55: =TRUNC((O55*S55+P55*T55+Q55*U55),2) -> 25.58 | X55: =W55+N55 -> 1707.66 | Y55: R$/m³
C56: ANCAR CONSTRUTORA | D56: 45809 | E56: 780 | F56: FOB | G56: PAVIMENTAÇÃO | H56: 45658 | I56: 567.092 | J56: 584.512 | K56: =TRUNC(J56/I56,4) -> 1.0307 | L56: =TRUNC(E56*K56,2) -> 803.94 | M56: 2.4 | N56: =TRUNC(L56*M56,2) -> 1929.45 | O56: 18.1 | Q56: 0.02 | R56: Transp C. Basc 10 m³ (t.km) | S56: =$S$20 -> 0.83 | T56: =$T$20 -> 1.02 | U56: =$U$20 -> 1.27 | V56: R$/t.km | W56: =TRUNC((O56*S56+P56*T56+Q56*U56),2) -> 15.04 | X56: =W56+N56 -> 1944.49 | Y56: R$/m³
B57: MASSA ASFÁLTICA FAIXA B | C57: =C54 -> CONSTRUTORA CASTILHO | D57: =D54 -> 45809 | E57: 740 | F57: FOB | G57: PAVIMENTAÇÃO | H57: 45658 | I57: 586.211 | J57: 584.512 | K57: =TRUNC(J57/I57,4) -> 0.9971 | L57: =TRUNC(E57*K57,2) -> 737.85 | M57: 2.4 | N57: =TRUNC(L57*M57,2) -> 1770.84 | O57: =O54 -> 18.1 | Q57: 0.02 | R57: Transp C. Basc 10 m³ (t.km) | S57: =$S$20 -> 0.83 | T57: =$T$20 -> 1.02 | U57: =$U$20 -> 1.27 | V57: R$/t.km | W57: =TRUNC((O57*S57+P57*T57+Q57*U57),2) -> 15.04 | X57: =W57+N57 -> 1785.88 | Y57: R$/m³
C58: =C55 -> CONSTRUTORA LUMAX | D58: =D55 -> 45809 | E58: 650 | F58: FOB | G58: PAVIMENTAÇÃO | H58: 45658 | I58: 567.092 | J58: 584.512 | K58: =TRUNC(J58/I58,4) -> 1.0307 | L58: =TRUNC(E58*K58,2) -> 669.95 | M58: 2.4 | N58: =TRUNC(L58*M58,2) -> 1607.88 | O58: =O55 -> 30.8 | Q58: 0.02 | R58: Transp C. Basc 10 m³ (t.km) | S58: =$S$20 -> 0.83 | T58: =$T$20 -> 1.02 | U58: =$U$20 -> 1.27 | V58: R$/t.km | W58: =TRUNC((O58*S58+P58*T58+Q58*U58),2) -> 25.58 | X58: =W58+N58 -> 1633.46 | Y58: R$/m³
C59: =C56 -> ANCAR CONSTRUTORA | D59: =D56 -> 45809 | E59: 740 | F59: FOB | G59: PAVIMENTAÇÃO | H59: 45658 | I59: 567.092 | J59: 584.512 | K59: =TRUNC(J59/I59,4) -> 1.0307 | L59: =TRUNC(E59*K59,2) -> 762.71 | M59: 2.4 | N59: =TRUNC(L59*M59,2) -> 1830.5 | O59: =O56 -> 18.1 | Q59: 0.02 | R59: Transp C. Basc 10 m³ (t.km) | S59: =$S$20 -> 0.83 | T59: =$T$20 -> 1.02 | U59: =$U$20 -> 1.27 | V59: R$/t.km | W59: =TRUNC((O59*S59+P59*T59+Q59*U59),2) -> 15.04 | X59: =W59+N59 -> 1845.54 | Y59: R$/m³
B61: DESTINAÇÃO DE RESÍDUOS SÓLIDOS
B63: Insumo | C63: Fornecedor | D63: Data Cotação | E63: Preço Cotação | F63: Condição de Frete | G63: Índice Adotado | H63: Data Base Orçamento | I63: Índice de Reajsutamento | K63: Fator de Regressão | L63: Custo Reajustado | O63: Distância Canteiro - CTR | R63: Transporte | S63: Preço Unitário do Transporte | W63: Valor Total do Transporte | X63: Binômio (Aquisição + Transporte)
I64: Índice Cotação | J64: Índice Data Base | O64: P | P64: RP | Q64: LN | S64: P (5914389) | T64: RP (5914374) | U64: LN (5914359) | V64: Und | X64: Valor Total | Y64: Und
B65: DESTINAÇÃO DE RESÍDUOS SÓLIDOS (Entulho) | C65: CTR PETROLINA | D65: 45748 | E65: 88.36 | F65: FOB | G65: OBRAS COMPLEMENTARES E MEIO AMBIENTE | H65: 45658 | I65: 165.469 | J65: 164.153 | K65: =TRUNC(J65/I65,4) -> 0.992 | L65: =TRUNC(E65*K65,2) -> 87.65 | O65: 106 | Q65: 0.02 | R65: Transp C. Basc 10 m³ (t.km) | S65: 0.83 | T65: 1.02 | U65: 1.27 | V65: R$/t.km | W65: =TRUNC((O65*S65+P65*T65+Q65*U65),2) -> 88 | X65: =W65+L65 -> 175.65 | Y65: R$/t

Sheet Mob. e Desmob
B2: GOVERNO DO ESTADO DE PERNAMBUCO
B3: SECRETARIA DE MOBILIDADE E INFRAESTRUTURA
B4: DEPARTAMENTO DE ESTRADAS DE RODAGEM - DER/PE
B6: RODOVIA: | D6: ='Mat. Betuminoso'!C6 -> LOTE 09
B7: UF: | D7: ='Mat. Betuminoso'!C7 -> PE
B8: EXTENSÃO: | D8: ='Mat. Betuminoso'!G6 -> 183.12
B9: DATA BASE: | D9: ='Mat. Betuminoso'!G7 -> JANEIRO/2025
B10: TIPO: | D10: ='Mat. Betuminoso'!G8 -> SEM DESONERAÇÃO
B12: MOBILIZAÇÃO E DESMOBILIZAÇÃO DE EQUIPAMENTOS E VEÍCULOS
C14: CONSIDERAÇÕES INICIAIS:
C15: Segundo a nova metodologia, os custos de mobilização de um determinado projeto podem ser definidos em função de composições de custos de referência elaboradas para os diferentes veículos transportadores, conforme expressão apresentada abaixo:
H17: CMob | I17: Representa o custo de mobilização;
H18: DM | I18: Representa a distância de mobilização, em quilômetros (km) ou em milhas náuticas (mi);
H19: K | I19: Representa o fator relacionado à necessidade de retorno do veículo a sua origem;
H20: FU | I20: Representa o fator de utilização do veículo transportador
H21: V | I21: representa a velocidade média de transporte, em km/h ou nós;
H22: CH | I22: Representa o custo horário do veículo transportador;
C24: O fator K será igual a 1 quando o veículo não retornar e 2 quando o veículo transportador retornar ao local de origem
C25: Já o fator FU representa o inverso do número de equipamentos a serem transportados nos diferentes veículos transportadores.
C27: OBSERVAÇÕES:
C28: 1 - De acordo com o Manual Sicro - Volume 9 - Mobilização e Desmobilização, as ferramentas e os equipamentos leves ou de pequeno porte, cujo peso individual e formato permitem que sejam transportados, embarcados ou rebocados, serão transportados em veículos transportadores autônomos da frota mobilizada (que podem se deslocar pelos próprios meios)
C30: 2 - A cada mobilização corresponderá uma desmobilização, cujo cálculo será igual ao da mobilização.
C32: DADOS DE ENTRADA:
H33: Tabela 01 - Velocidades médias de transporte por tipo e condição da via e extensões
H34: Velocidade Rodovia Pav (P) - km/h | L34: 60
H35: Velocidade Rodovia Revestimento Primário (RP) - km/h | L35: 50
H36: Velocidade Rodovia Leito Natural (LN) - km/h | L36: 40
H37: DMT Capital - Canteiro (km) | J37: Recife/PE | L37: 690
C68: ITEM | D68: CÓDIGO | E68: DISCRIMINAÇÃO | I68: ORIGEM | J68: DESTINO | K68: DISTANCIA MOBILIZAÇÃO DM (km) | L68: VELOCIDADE MÉDIA - V (km/h) | M68: TEMPO DE VIAGEM (h) | N68: FATOR DE UTILIZAÇÃO (FU) | O68: IDA/ VOLTA (K) | P68: QUANTIDADE | Q68: EQUIPAMENTO TRANSPORTADOR | R68: CUSTO HORÁRIO - CH (R$) | S68: CUSTO TOTAL MOBILIZAÇÃO - Cmob (R$)
C69: 1 | D69: EQUIPAMENTOS DE GRANDE PORTE
C70: 1.1 | D70: M0041 | E70: Container de 1 TEU com banheiros | I70: =J37 -> Recife/PE | J70: Canteiro | K70: =$L$37 -> 690 | L70: =$L$34 -> 60 | M70: =TRUNC(K70/L70,2) -> 11.5 | N70: 0.5 | O70: =IF(D70=Q70,1,2) -> 2 | P70: =Canteiro!K111 -> 1 | Q70: E9665 | R70: =VLOOKUP(Q70,'[11]Equipamentos (OK)'!$D$15:$G$545,3,0) -> 389.8279 | S70: =TRUNC(M70*N70*O70*P70*R70,2) -> 4483.02
C71: 1.2 | D71: M0042 | E71: Container 1 TEU com janela | I71: =$I$70 -> Recife/PE | J71: Canteiro | K71: =$L$37 -> 690 | L71: =$L$34 -> 60 | M71: =TRUNC(K71/L71,2) -> 11.5 | N71: 0.5 | O71: =IF(D71=Q71,1,2) -> 2 | P71: =Canteiro!K112 -> 1 | Q71: E9665 | R71: =VLOOKUP(Q71,'[11]Equipamentos (OK)'!$D$15:$G$545,3,0) -> 389.8279 | S71: =TRUNC(M71*N71*O71*P71*R71,2) -> 4483.02
C72: 1.3 | D72: M0057 | E72: Container 1 TEU duplo (6,0 m x 4,88 m) com janela | I72: =$I$70 -> Recife/PE | J72: Canteiro | K72: =$L$37 -> 690 | L72: =$L$34 -> 60 | M72: =TRUNC(K72/L72,2) -> 11.5 | N72: 0.5 | O72: =IF(D72=Q72,1,2) -> 2 | P72: =(SUM(Canteiro!K106,Canteiro!K107,Canteiro!K109)) -> 3 | Q72: E9665 | R72: =VLOOKUP(Q72,'[11]Equipamentos (OK)'!$D$15:$G$545,3,0) -> 389.8279 | S72: =TRUNC(M72*N72*O72*P72*R72,2) -> 13449.06
C73: 1.4 | D73: M0058 | E73: Container 1 TEU duplo (6,0 m x 4,88 m) com janela e 2 lavabos | I73: =$I$70 -> Recife/PE | J73: Canteiro | K73: =$L$37 -> 690 | L73: =$L$34 -> 60 | M73: =TRUNC(K73/L73,2) -> 11.5 | N73: 0.5 | O73: =IF(D73=Q73,1,2) -> 2 | P73: =Canteiro!K108 -> 1 | Q73: E9665 | R73: =VLOOKUP(Q73,'[11]Equipamentos (OK)'!$D$15:$G$545,3,0) -> 389.8279 | S73: =TRUNC(M73*N73*O73*P73*R73,2) -> 4483.02
C74: 1.5 | D74: M0060 | E74: Container 3/4 de 1 TEU com janela | I74: =$I$70 -> Recife/PE | J74: Canteiro | K74: =$L$37 -> 690 | L74: =$L$34 -> 60 | M74: =TRUNC(K74/L74,2) -> 11.5 | N74: 0.5 | O74: =IF(D74=Q74,1,2) -> 2 | P74: =Canteiro!K113 -> 1 | Q74: E9665 | R74: =VLOOKUP(Q74,'[11]Equipamentos (OK)'!$D$15:$G$545,3,0) -> 389.8279 | S74: =TRUNC(M74*N74*O74*P74*R74,2) -> 4483.02
C75: 1.6 | D75: M0065 | E75: Container 3/4 de 1 TEU com janela e 1 banheiro | I75: =$I$70 -> Recife/PE | J75: Canteiro | K75: =$L$37 -> 690 | L75: =$L$34 -> 60 | M75: =TRUNC(K75/L75,2) -> 11.5 | N75: 0.5 | O75: =IF(D75=Q75,1,2) -> 2 | P75: =Canteiro!K114 -> 1 | Q75: E9665 | R75: =VLOOKUP(Q75,'[11]Equipamentos (OK)'!$D$15:$G$545,3,0) -> 389.8279 | S75: =TRUNC(M75*N75*O75*P75*R75,2) -> 4483.02
C76: 1.7 | D76: M0066 | E76: Container 2 TEU revestimento térmico (ar cond.) com janela e 1 lavabo | I76: =$I$70 -> Recife/PE | J76: Canteiro | K76: =$L$37 -> 690 | L76: =$L$34 -> 60 | M76: =TRUNC(K76/L76,2) -> 11.5 | N76: 1 | O76: =IF(D76=Q76,1,2) -> 2 | P76: =SUM(Canteiro!K105,Canteiro!K115) -> 2 | Q76: E9018 | R76: =VLOOKUP(Q76,'[11]Equipamentos (OK)'!$D$15:$G$545,3,0) -> 501.7756 | S76: =TRUNC(M76*N76*O76*P76*R76,2) -> 23081.67
C77: 1.8 | D77: M0071 | E77: Contêiner com 3 janelas para guarita - L = 2,44 m e C = 3,05 m (1/2 TEU) | I77: =$I$70 -> Recife/PE | J77: Canteiro | K77: =$L$37 -> 690 | L77: =$L$34 -> 60 | M77: =TRUNC(K77/L77,2) -> 11.5 | N77: 0.33 | O77: 2 | P77: =Canteiro!K116 -> 1 | Q77: E9665 | R77: =VLOOKUP(Q77,'[11]Equipamentos (OK)'!$D$15:$G$545,3,0) -> 389.8279 | S77: =TRUNC(M77*N77*O77*P77*R77,2) -> 2958.79
C78: 1.9 | D78: E9076 | E78: Equipamento de pintura eletrostática com cabine de 13,2 kW e estufa de 90.000 kCal | I78: =$I$70 -> Recife/PE | J78: Canteiro | K78: =$L$37 -> 690 | L78: =$L$34 -> 60 | M78: =TRUNC(K78/L78,2) -> 11.5 | N78: 1 | O78: 2 | P78: 1 | Q78: E9665 | R78: =VLOOKUP(Q78,'[11]Equipamentos (OK)'!$D$15:$G$545,3,0) -> 389.8279 | S78: =TRUNC(M78*N78*O78*P78*R78,2) -> 8966.04
C79: 1.10 | D79: E9127 | E79: Escavadeira hidráulica com martelo hidráulico de 520 kg - 75 Kw | I79: =$I$70 -> Recife/PE | J79: Canteiro | K79: =$L$37 -> 690 | L79: =$L$34 -> 60 | M79: =TRUNC(K79/L79,2) -> 11.5 | N79: 1 | O79: =IF(D79=Q79,1,2) -> 2 | P79: 9 | Q79: E9665 | R79: =VLOOKUP(Q79,'[11]Equipamentos (OK)'!$D$15:$G$545,3,0) -> 389.8279 | S79: =TRUNC(M79*N79*O79*P79*R79,2) -> 80694.37
C80: 1.11 | D80: E9509 | E80: Caminhão tanque distribuidor de asfalto com capacidade de 6.000 l - 136 kW | I80: =$I$70 -> Recife/PE | J80: Canteiro | K80: =$L$37 -> 690 | L80: =$L$34 -> 60 | M80: =TRUNC(K80/L80,2) -> 11.5 | N80: 1 | O80: =IF(D80=Q80,1,2) -> 1 | P80: 1 | Q80: E9509 | R80: =VLOOKUP(Q80,'[11]Equipamentos (OK)'!$D$15:$G$545,3,0) -> 261.1718 | S80: =TRUNC(M80*N80*O80*P80*R80,2) -> 3003.47
C81: 1.12 | D81: E9583 | E81: Distribuidor de agregados rebocável com cpacidade de 1,9m³ | I81: =$I$70 -> Recife/PE | J81: Canteiro | K81: =$L$37 -> 690 | L81: =$L$34 -> 60 | M81: =TRUNC(K81/L81,2) -> 11.5 | N81: 1 | O81: 2 | P81: 1 | Q81: E9665 | R81: =VLOOKUP(Q81,'[11]Equipamentos (OK)'!$D$15:$G$545,3,0) -> 389.8279 | S81: =TRUNC(M81*N81*O81*P81*R81,2) -> 8966.04
C82: 1.13 | D82: E9558 | E82: Tanque de estocagem de asfalto com capacidade de 30.000 l | I82: =$I$70 -> Recife/PE | J82: Canteiro | K82: =$L$37 -> 690 | L82: =$L$34 -> 60 | M82: =TRUNC(K82/L82,2) -> 11.5 | N82: 1 | O82: =IF(D82=Q82,1,2) -> 2 | P82: 4 | Q82: E9665 | R82: =VLOOKUP(Q82,'[11]Equipamentos (OK)'!$D$15:$G$545,3,0) -> 389.8279 | S82: =TRUNC(M82*N82*O82*P82*R82,2) -> 35864.16
C83: 1.14 | D83: E9571 | E83: Caminhão tanque com capacidade de 10.000 l - 188 kW | I83: =$I$70 -> Recife/PE | J83: Canteiro | K83: =$L$37 -> 690 | L83: =$L$34 -> 60 | M83: =TRUNC(K83/L83,2) -> 11.5 | N83: 1 | O83: =IF(D83=Q83,1,2) -> 1 | P83: 3 | Q83: E9571 | R83: =VLOOKUP(Q83,'[11]Equipamentos (OK)'!$D$15:$G$545,3,0) -> 322.6302 | S83: =TRUNC(M83*N83*O83*P83*R83,2) -> 11130.74
C84: 1.15 | D84: E9577 | E84: Trator agrícola - 77 kW | I84: =$I$70 -> Recife/PE | J84: Canteiro | K84: =$L$37 -> 690 | L84: =$L$34 -> 60 | M84: =TRUNC(K84/L84,2) -> 11.5 | N84: 0.5 | O84: =IF(D84=Q84,1,2) -> 2 | P84: 1 | Q84: E9665 | R84: =VLOOKUP(Q84,'[11]Equipamentos (OK)'!$D$15:$G$545,3,0) -> 389.8279 | S84: =TRUNC(M84*N84*O84*P84*R84,2) -> 4483.02
C85: 1.16 | D85: E9584 | E85: Carregadeira de pneus com capacidade de 1,53 m³ - 106 kW | I85: =$I$70 -> Recife/PE | J85: Canteiro | K85: =$L$37 -> 690 | L85: =$L$34 -> 60 | M85: =TRUNC(K85/L85,2) -> 11.5 | N85: 1 | O85: =IF(D85=Q85,1,2) -> 2 | P85: 3 | Q85: E9665 | R85: =VLOOKUP(Q85,'[11]Equipamentos (OK)'!$D$15:$G$545,3,0) -> 389.8279 | S85: =TRUNC(M85*N85*O85*P85*R85,2) -> 26898.12
C86: 1.17 | D86: E9644 | E86: Caminhão demarcador de faixas com sistema de pintura a frio - 28 kW/115 kW | I86: =$I$70 -> Recife/PE | J86: Canteiro | K86: =$L$37 -> 690 | L86: =$L$34 -> 60 | M86: =TRUNC(K86/L86,2) -> 11.5 | N86: 1 | O86: =IF(D86=Q86,1,2) -> 1 | P86: 1 | Q86: E9644 | R86: =VLOOKUP(Q86,'[11]Equipamentos (OK)'!$D$15:$G$545,3,0) -> 373.2064 | S86: =TRUNC(M86*N86*O86*P86*R86,2) -> 4291.87
C87: 1.18 | D87: E9645 | E87: Caminhão demarcador de faixas com sistema de pintura a quente - 5 kW/30, 10 kw/136 kw | I87: =$I$70 -> Recife/PE | J87: Canteiro | K87: =$L$37 -> 690 | L87: =$L$34 -> 60 | M87: =TRUNC(K87/L87,2) -> 11.5 | N87: 1 | O87: =IF(D87=Q87,1,2) -> 1 | P87: 1 | Q87: E9645 | R87: =VLOOKUP(Q87,'[11]Equipamentos (OK)'!$D$15:$G$545,3,0) -> 563.5083 | S87: =TRUNC(M87*N87*O87*P87*R87,2) -> 6480.34
C88: 1.19 | D88: E9682 | E88: Rolo compactador liso autopropelido vibratório de 1,6 t - 18 kW | I88: =$I$70 -> Recife/PE | J88: Canteiro | K88: =$L$37 -> 690 | L88: =$L$34 -> 60 | M88: =TRUNC(K88/L88,2) -> 11.5 | N88: 1 | O88: =IF(D88=Q88,1,2) -> 2 | P88: 1 | Q88: E9666 | R88: =VLOOKUP(Q88,'[11]Equipamentos (OK)'!$D$15:$G$545,3,0) -> 416.6987 | S88: =TRUNC(M88*N88*O88*P88*R88,2) -> 9584.07
C89: 1.20 | D89: E9687 | E89: Caminhão carroceria com capacidade de 5 t - 115 kW | I89: =$I$70 -> Recife/PE | J89: Canteiro | K89: =$L$37 -> 690 | L89: =$L$34 -> 60 | M89: =TRUNC(K89/L89,2) -> 11.5 | N89: 1 | O89: =IF(D89=Q89,1,2) -> 1 | P89: 1 | Q89: E9687 | R89: =VLOOKUP(Q89,'[11]Equipamentos (OK)'!$D$15:$G$545,3,0) -> 149.9159 | S89: =TRUNC(M89*N89*O89*P89*R89,2) -> 1724.03
C90: 1.21 | D90: E9745 | E90: Trator agrícola sobre pneus com roçadeira de arraste e cpacidade de 1,50 M - 77 kw | I90: =$I$70 -> Recife/PE | J90: Canteiro | K90: =$L$37 -> 690 | L90: =$L$34 -> 60 | M90: =TRUNC(K90/L90,2) -> 11.5 | N90: 0.5 | O90: =IF(D90=Q90,1,2) -> 2 | P90: 1 | Q90: E9665 | R90: =VLOOKUP(Q90,'[11]Equipamentos (OK)'!$D$15:$G$545,3,0) -> 389.8279 | S90: =TRUNC(M90*N90*O90*P90*R90,2) -> 4483.02
C91: 1.22 | D91: E9762 | E91: Rolo compactador de pneus autopropelido de 27 t - 85 kW | I91: =$I$70 -> Recife/PE | J91: Canteiro | K91: =$L$37 -> 690 | L91: =$L$34 -> 60 | M91: =TRUNC(K91/L91,2) -> 11.5 | N91: 0.5 | O91: =IF(D91=Q91,1,2) -> 2 | P91: 1 | Q91: E9666 | R91: =VLOOKUP(Q91,'[11]Equipamentos (OK)'!$D$15:$G$545,3,0) -> 416.6987 | S91: =TRUNC(M91*N91*O91*P91*R91,2) -> 4792.03
C92: 1.23 | D92: E9670 | E92: Usina móvel de lama asfáltica ou microrrevestimento com cavalo mecânico com capacidade de 12 m³ - 95,6 kW/240 Kw | I92: =$I$70 -> Recife/PE | J92: Canteiro | K92: =$L$37 -> 690 | L92: =$L$34 -> 60 | M92: =TRUNC(K92/L92,2) -> 11.5 | N92: 1 | O92: =IF(D92=Q92,1,2) -> 1 | P92: 1 | Q92: E9670 | R92: =VLOOKUP(Q92,'[11]Equipamentos (OK)'!$D$15:$G$545,3,0) -> 762.7428 | S92: =TRUNC(M92*N92*O92*P92*R92,2) -> 8771.54
C93: 1.24 | D93: E9199 | E93: Caminhão com sistema de hidrojateamento de alta pressão e vácuo para limpeza e desobstrução de bueiros com capacidade total de 15.600 l - 188 kW | I93: =$I$70 -> Recife/PE | J93: Canteiro | K93: =$L$37 -> 690 | L93: =$L$34 -> 60 | M93: =TRUNC(K93/L93,2) -> 11.5 | N93: 1 | O93: =IF(D93=Q93,1,2) -> 1 | P93: 1 | Q93: E9199 | R93: =VLOOKUP(Q93,'[11]Equipamentos (OK)'!$D$15:$G$545,3,0) -> 339.6467 | S93: =TRUNC(M93*N93*O93*P93*R93,2) -> 3905.93
... C96: 1.25 | D96: E9617 | E96: Usina misturadora de pré-misturado a frio com | I96: =$I$70 -> Recife/PE | J96: Canteiro | K96: =$L$37 -> 690 | L96: =$L$34 -> 60 | M96: =TRUNC(K96/L96,2) -> 11.5 | N96: 1 | O96: =IF(D96=Q96,1,2) -> 2 | P96: 1 | Q96: E9665 | R96: =VLOOKUP(Q96,'[11]Equipamentos (OK)'!$D$15:$G$545,3,0) -> 389.8279 | S96: =TRUNC(M96*N96*O96*P96*R96,2) -> 8966.04
C97: TOTAL DE EQUIPAMENTOS DE GRANDE PORTE (R$) | S97: =SUM(S70:S96) -> 314077.59
C98: BDI = | R98: 0.2123 | S98: 0
C99: TOTAL GERAL DE EQUIPAMENTOS DE GRANDE PORTE (R$) | S99: =SUM(S97:S98) -> 314077.59

Sheet Canteiro
B2: GOVERNO DO ESTADO DE PERNAMBUCO
B3: SECRETARIA DE MOBILIDADE E INFRAESTRUTURA
B4: DEPARTAMENTO DE ESTRADAS DE RODAGEM - DER/PE
B6: RODOVIA: | C6: ='Mat. Betuminoso'!C6:E6 -> LOTE 09
B7: UF: | C7: ='Mat. Betuminoso'!C7:E7 -> PE
B8: EXTENSÃO: | C8: ='Mat. Betuminoso'!G6 -> 183.12
B9: DATA BASE: | C9: ='Mat. Betuminoso'!G7 -> JANEIRO/2025
B10: TIPO: | C10: SEM DESONERAÇÃO
B12: METODOLOGIA E CRITÉRIOS ADOTADOS PARA O CANTEIRO DE OBRAS - MANUAL DE CUSTOS DE INFRAESTRUTURA DE TRANSPORTES - VOLUME 07
B14: PARÂMETROS DA OBRA CONSIDERADOS
B16: NATUREZA DA OBRA
D18: Construção | F18: X | G18: Restauração | J18: Conservação Rotineira
D19: OAE - Construção | G19: OAE - Restauração | J19: Emergência
B22: PORTE DA OBRA
D24: Pequena | G24: Média | I24: X | J24: Grande | M24: Conservação
B27: INSTALAÇÕES INDUSTRIAIS
D29: Central de Britagem (m³/h) | J29: Usina de Concreto (m³/h)
D30: Usina de Asfalto a Quente (t/h) | J30: Usina de Asfalto a Frio (t/h)
D31: Usina de Solos (m³/h) | J31: Fábrica de Premoldados
B34: PADRÃO DE CONSTRUÇÃO
D36: Provisório | G36: Permanente | I36: X | J36: Conteirner
B40: CENTROS REGIONAL
C42: 18.1 | D42: Km | F42: PETROLINA | H42: Município | J42: PE | K42: UF
B46: FATORES DE AJUSTE
D48: K1 - FATOR PADRÃO DA CONSTRUÇÃO | G48: Tipo de Canteiro | H48: Fator K1
G49: Provisória | H49: 0.8
G50: Permanente | H50: 1
G51: Conteiner | H51: Sim
D53: K2 - FATOR DE MOBILIÁRIO E APARELHAGEM | G53: Canteiros de Obras | K53: Fator K2
G54: Construção e restauração rodoviária de pequeno ou médio porte | K54: 1.05
G55: Construção e restauração rodoviária de grande porte | K55: 1.04
G56: Conservação rodoviária | K56: 1.13
G57: Construção ou recuperação, reforço e alargamento de obras de arte especiais de pequeno porte | K57: 1.06
G58: Construção ou recuperação, reforço e alargamento de obras de arte especiais de médio ou grande porte | K58: 1.04
G59: Construção ferroviária | K59: 1.05
D61: K3 - FATOR DE DISTÂNCIA DO CANTEIRO AOS CENTROS FORNECEDORES | G61: Condição do Pavimento | H61: Equação - Fator K3 | J61: Extensão | K61: Fator K3
G62: Leito Natural | H62: 1 + 0,0014 x DT | J62: 0 | K62: =TRUNC(IF(J62=0,0,(1+(0.0014*J62))),3) -> 0
G63: Revestimento Primário | H63: 1 + 0,0009 x DT | J63: 0 | K63: =TRUNC(IF(J63=0,0,(1+(0.0009*J63))),3) -> 0
G64: Rodovia Pavimentada | H64: 1 + 0,0008 x DT | J64: =C42 -> 18.1 | K64: =TRUNC(IF(J64=0,0,(1+(0.0008*J64))),3) -> 1.014
B67: CUSTO MÉDIO DA CONSTRUÇÃO CIVIL
C69: PE | D69: UF | F69: 1599.37 | G69: CMCC (R$/m²) | I69: X | J69: Desonerado | M69: Onerado
C71: PE | D71: UF | F71: 1700.01 | G71: CMCC (R$/m²) | J71: Desonerado | L71: X | M71: Onerado
B74: RELAÇÃO ENTRE ÁREA COBERTA X TERRENO
F76: Porte da Obra (Construção, Recuper, Reforço/Alarg OAE) | I76: Conservação Rodoviária
F77: Pequeno | G77: Médio | H77: Grande
C78: Relação entre as áreas cobertas edificadas e as áreas totais dos terrenos | F78: 0.35 | G78: 0.35 | H78: 0.35 | I78: 0.5
B81: FATOR DE EQUIVALÊNCIA DE ÁREA DESCOBERTA - FEAD
D83: 0.05 | E83: Custo equivalente da área descoberta em relação ao custo básico da construção civil
B86: FATOR DE EQUIVALÊNCIA DE ÁREA TERRENO - FEAT
D88: 0.03 | E88: Custo equivalente da área descoberta em relação ao custo básico da construção civil, para uso de Conteineres
B102: TABELA 24 (ANEXO 01/2023) - QUADRO DE QUANTIDADES E CUSTOS DO CANTEIRO - (∑QCn x CCn )
C103: Instalação Coberta | E103: Área referencia (m²) | F103: Utilização de Conteirner | J103: Unidade | K103: Quantidade | L103: Valor Unitário | M103: Valor Total
F104: Tipo | G104: Descrição
C105: Escritório e seção técnica | E105: 29.74 | F105: M0066 | G105: Container 2 TEUs com revestimento térmico, janela e banheiro - inclusive montagem e desmontagem - utilização 5 vezes | J105: Und | K105: 1 | L105: =VLOOKUP(F105,'[11]Material (ok)'!$D$10:$J$1664,7,0) -> 132974.06 | M105: =TRUNC(K105*L105,2) -> 132974.05
C106: Almoxarifado | E106: 29.57 | F106: M0057 | G106: Container 1 TEU duplo - inclusive montagem e desmontagem - utilização 5 vezes | J106: Und | K106: 1 | L106: =VLOOKUP(F106,'[11]Material (ok)'!$D$10:$J$1664,7,0) -> 142235.97 | M106: =TRUNC(K106*L106,2) -> 142235.97
C107: Depósito de cimento | E107: 29.57 | F107: M0057 | G107: Container 1 TEU duplo - inclusive montagem e desmontagem - utilização 5 vezes | J107: Und | K107: 1 | L107: =VLOOKUP(F107,'[11]Material (ok)'!$D$10:$J$1664,7,0) -> 142235.97 | M107: =TRUNC(K107*L107,2) -> 142235.97
C108: Refeitório e cozinha | E108: 59.14 | F108: M0058 | G108: Contêiner com janela e 2 banheiros - L = 4,88 m e C = 6,09 m (1 TEU duplo) | J108: Und | K108: 1 | L108: =VLOOKUP(F108,'[11]Material (ok)'!$D$10:$J$1664,7,0) -> 148013 | M108: =TRUNC(K108*L108,2) -> 148012.99
F109: M0057 | G109: Container 1 TEU duplo - inclusive montagem e desmontagem - utilização 5 vezes | J109: Und | K109: 1 | L109: =VLOOKUP(F109,'[11]Material (ok)'!$D$10:$J$1664,7,0) -> 142235.97 | M109: =TRUNC(K109*L109,2) -> 142235.97
C110: Alojamento | E110: 44.36 | F110: M0059 | G110: Contêiner com revestimento térmico, janela e banheiro - L = 2,44 m e C = 6,09 m (1 TEU) | J110: Und | K110: 0 | L110: =VLOOKUP(F110,'[11]Material (ok)'!$D$10:$J$1664,7,0) -> 59048.747 | M110: =TRUNC(K110*L110,2) -> 0
C111: Banheiro e vestiário | E111: 14.79 | F111: M0041 | G111: Container 1 TEU com banheiro - inclusive montagem e desmontagem - utilização 5 vezes | J111: Und | K111: 1 | L111: =VLOOKUP(F111,'[11]Material (ok)'!$D$10:$J$1664,7,0) -> 98298.528 | M111: =TRUNC(K111*L111,2) -> 98298.52
C112: Oficina | E112: 37.11 | F112: M0042 | G112: Container 1 TEU com janela - inclusive montagem e desmontagem - utilização 5 vezes | J112: Und | K112: 1 | L112: =VLOOKUP(F112,'[11]Material (ok)'!$D$10:$J$1664,7,0) -> 44003.747 | M112: =TRUNC(K112*L112,2) -> 44003.74
F113: M0060 | G113: Container 3/4 TEU com janela - inclusive montagem e desmontagem - utilização 5 vezes | J113: Und | K113: 1 | L113: =VLOOKUP(F113,'[11]Material (ok)'!$D$10:$J$1664,7,0) -> 62423.133 | M113: =TRUNC(K113*L113,2) -> 62423.13
F114: M0065 | G114: Container 3/4 TEU com janela e banheiro - inclusive montagem e desmontagem - utilização 5 vezes | J114: Und | K114: 1 | L114: =VLOOKUP(F114,'[11]Material (ok)'!$D$10:$J$1664,7,0) -> 76319.107 | M114: =TRUNC(K114*L114,2) -> 76319.1
C115: Ambulatório | E115: 29.74 | F115: M0066 | G115: Container 2 TEUs com revestimento térmico, janela e banheiro - inclusive montagem e desmontagem - utilização 5 vezes | J115: Und | K115: 1 | L115: =VLOOKUP(F115,'[11]Material (ok)'!$D$10:$J$1664,7,0) -> 132974.06 | M115: =TRUNC(K115*L115,2) -> 132974.05
C116: Guarita | E116: 7.44 | F116: M0071 | G116: Container 1/2 TEU com janela - inclusive montagem e desmontagem | J116: Und | K116: 1 | L116: =VLOOKUP(F116,'[11]Material (ok)'!$D$10:$J$1664,7,0) -> 50686.169 | M116: =TRUNC(K116*L116,2) -> 50686.16
C117: Residência | E117: 14.79 | F117: M0059 | G117: Container 1 TEU com revestimento térmico, janela e banheiro - inclusive montagem e desmontagem - utilização 5 vezes | J117: Und | K117: 0 | L117: =VLOOKUP(F117,'[11]Material (ok)'!$D$10:$J$1664,7,0) -> 59048.747 | M117: =TRUNC(K117*L117,2) -> 0
C118: Área Total Coberta | E118: =SUM((E105*K105),(E106*K106),(E107*K107),(E108*K108),(E108*K109),(E110*K110),(E111*K111),(E112*K112*K113*K114),(E115*K115),(E116*K116),(E117*K117)) -> 296.24 | G118: Número de Conteineres ( QCi ) | J118: Und | K118: =SUM(K105:K117) -> 11
C119: Área do Terreno ( AT ) | E119: =E118/I78 -> 592.48 | G119: Custo de Conteineres ( ∑ QCn X CCn ) | L119: R$ | M119: =SUM(M105:M117) -> 1172399.6
C120: Área Descoberta | E120: =E119-E118 -> 296.24
C121: Fonte: Tabela 24 - Quadro de quantidades e serviços do canteiro tipo para obras de conservação rodoviária rotineira em pista simples (Anexo 06/2017 - Manual de Custos de Infraestrutura de Tranportes)
C123: OBSERVAÇÃO:
C124: Volume 07 - Canteiro : "Consoante essa funcionalidade, as instalações dos canteiros de obras devem ser dimensionadas de forma a atender às necessidades dos funcionários (administração local, mão de obra ordinária e operadores de veículos e equipamentos), dos veículos e equipamentos e dos insumos necessários à execução da obra. Nesse sentido, a Tabela 39 apresenta os critérios de ocupação e as premissas adotadas para dimensionamento das diferentes instalações cobertas e com vedação lateral dos canteiros de obras."
B129: CP - COEFICIENTE DE PROPORCIONALIDADE DE ACRÉSCIMOS NOS CUSTOS DAS INSTALAÇÕES REFERENCIAIS PARA OBRAS DE CONSERVAÇÃO
F131: CP - Representa o coeficiente de proporcionalidade (adimensional);
F132: kmP - Representa a extensão de faixas de rolamento prevista em projeto (km);
F133: KmR - Representa a extensão de faixas de rolamento de referência (200 km).
D135: =C8 -> 183.12 | E135: Extensão Total do Trecho | H135: =(2*D135)+D136 -> 366.24 | I135: KMP - Km Faixa da Obra
D136: 0 | E136: Terceira Faixa | H136: 200 | I136: KMR - Km Faixa Referência dos Custos
D139: Cp = | E139: =IF(H135>200,1+(H135-H136)/H136,"1") -> 1.8312
C141: OBSERVAÇÃO:
C142: * Foi considerado 30% da extensão total da malha rodoviária para o cálculo do kmf
B144: CUSTO TOTAL PARA INSTALAÇÃO DO CANTEIRO COM PREVISÃO EXCLUSIVA DE CONTEINERES
H145: Onde:
H146: CCC - Representa o custo total do canteiro de obras exclusivamente em contêiner;
H147: k2 - Representa o fator de mobiliário;
H148: k3 - Representa o fator de ajuste da distância do canteiro aos centros fornecedores;
H149: QCi - Representa a quantidade de contêineres propostas no canteiro;
H150: CCi - Representa o custo dos contêineres;
H151: AT - Representa a área total do terreno;
C152: k2 = | D152: =K55 -> 1.04 | E152: AT = | F152: =E119 -> 592.48 | H152: FEAT - Representa o fator de equivalência de áreas totais;
C153: k3 = | D153: =K64 -> 1.014 | E153: FEAT = | F153: =D88 -> 0.03 | H153: CMCC - Representa o custo médio da construção civil por metro quadrado;
E154: CMCC = | F154: =F71 -> 1700.01 | H154: Cp - Representa o coeficiente de proporcionalidade (adimensional).
C155: ∑QCn X CCn = | D155: =M119 -> 1172399.6 | E155: Cp = | F155: =E139 -> 1.8312
C157: CCC = | D157: =((((1/5)*D152*D153*D155))+(F152*F153*F154))*F155 -> 508139.35
C158: BDI = | D158: 0
C159: CUSTO TOTAL | D159: =TRUNC((D157*D158+D157),2) -> 508139.34 | E159: Valor | F159: Onerado | G159: Com BDI

Sheet Adm Local
B2: GOVERNO DO ESTADO DE PERNAMBUCO
B3: SECRETARIA DE MOBILIDADE E INFRAESTRUTURA
B4: DEPARTAMENTO DE ESTRADAS DE RODAGEM - DER/PE
B6: RODOVIA: | D6: ='Mat. Betuminoso'!$C$6 -> LOTE 09
B7: UF: | D7: ='Mat. Betuminoso'!$C$7 -> PE
B8: EXTENSÃO: | D8: ='Mat. Betuminoso'!$G$6 -> 183.12
B9: DATA BASE: | D9: ='Mat. Betuminoso'!G7 -> JANEIRO/2025
B10: TIPO: | D10: ='Mat. Betuminoso'!G8 -> SEM DESONERAÇÃO
B12: ADMINISTRAÇÃO LOCAL
C14: ADMINISTRAÇÃO LOCAL
C15: De acordo com o Manual de Custos de Infraestrutura de Transportes, a administração local compreende o conjunto de gastos com pessoal, materiais e equipamentos incorridos pelo executor no local do empreendimento e indispensáveis ao apoio e à condução da obra. É exercida normalmente por pessoal técnico e administrativo, tais como: engenheiro supervisor, engenheiros setoriais, gestores administrativos, equipes de medicina e segurança no trabalho, etc. Além da gerência técnica e administrativa da obra, incluem-se na administração local as equipes responsáveis pelo controle de produção das frentes de serviços, pelo controle tecnológico da obra e pelos serviços gerais de apoio.
C19: A) Considerações :
D20: Natureza da obra: | E20: Restauração Rodoviária
D21: Extensão de km de faixa do Segmento: | F21: =Canteiro!H135 -> 366.24
D22: Prazo de execução (meses) | F22: 6
D23: Dimensões referenciais do canteiro de obras e acampamentos: | H23: =Canteiro!E118 -> 296.24 | I23: de instalações cobertas (conteineres);
H24: =Canteiro!E119 -> 592.48 | I24: de áreas descobertas.
C26: B) Parcela Fixa da Administração Local :
C28: Tabela 01 – Composição de custo da parcela fixa da administração local (mão de obra)
C29: ITEM | D29: CÓDIGO | E29: DISCRIMINAÇÃO | F29: UNIDADE | G29: QUANTIDADE | H29: CUSTO UINTÁRIO (R$) | I29: CUSTO TOTAL (R$)
C30: 1 | D30: GERÊNCIA TÉCNICA
C31: 1.1 | D31: Geral
C32: 1.1.1 | D32: P9819 | E32: Engenheiro Supervisor | F32: mês | G32: 1 | H32: =VLOOKUP(D32,'[11]Mão de Obra (OK)'!$D$9:$J$109,7,0) -> 24706.476 | I32: =TRUNC(H32*G32,2) -> 24706.47
C33: SUBTOTAL DO ITEM 1 - GERÊNCIA TÉCNICA (R$) | I33: =SUM(I32) -> 24706.47
C34: 2 | D34: GERÊNCIA ADMINISTRATIVA
C35: 2.1 | D35: Auxiliar
C36: 2.1.1 | D36: P9806 | E36: Auxiliar administrativo | F36: mês | G36: 1 | H36: =VLOOKUP(D36,'[11]Mão de Obra (OK)'!$D$9:$J$109,7,0) -> 4970.4798 | I36: =TRUNC(H36*G36,2) -> 4970.47
C37: 2.1.2 | D37: P9842 | E37: Faxineiro | F37: mês | G37: 1 | H37: =VLOOKUP(D37,'[11]Mão de Obra (OK)'!$D$9:$J$109,7,0) -> 4001.7859 | I37: =TRUNC(H37*G37,2) -> 4001.78
C38: 2.1.3 | D38: P9827 | E38: Vigia | F38: mês | H38: =VLOOKUP(D38,'[11]Mão de Obra (OK)'!$D$9:$J$109,7,0) -> 4756.5003 | I38: =TRUNC(H38*G38,2) -> 0
C39: SUBTOTAL DO ITEM 2 - GERÊNCIA ADMINISTRATIVA (R$) | I39: =SUM(I36:I38) -> 8972.25
C40: TOTAL DA MÃO DE OBRA DA PARCELA FIXA (R$) | I40: =SUM(I39,I33) -> 33678.72
C42: Tabela 02 – Composição de custo da parcela fixa da administração local (veículos)
C43: ITEM | D43: CÓDIGO | E43: DISCRIMINAÇÃO | F43: UNIDADE | G43: QUANTIDADE | H43: UTIL. PROD. | I43: UTIL. IMPROD. | J43: CHP | K43: CHI | L43: CUSTO TOTAL (R$)
C44: 1 | D44: VEÍCULOS
C45: 1.1 | D45: Geral
C46: 1.1.1 | D46: E9093 | E46: Veículo leve - 53 kw | F46: mês | G46: 2 | H46: 44 | I46: 176 | J46: =VLOOKUP(D46,'[11]Equipamentos (OK)'!$D$10:$G$539,3,0) -> 35.5537 | K46: =VLOOKUP(D46,'[11]Equipamentos (OK)'!$D$10:$G$539,4,0) -> 6.3885 | L46: =TRUNC(G46*((H46*J46)+(I46*K46)),2) -> 5377.47
C47: 1.1.2 | D47: E9134 | E47: Miniônibus - 111 kw | F47: mês | G47: 1 | H47: 44 | I47: 176 | J47: =VLOOKUP(D47,'[11]Equipamentos (OK)'!$D$10:$G$539,3,0) -> 232.2704 | K47: =VLOOKUP(D47,'[11]Equipamentos (OK)'!$D$10:$G$539,4,0) -> 77.7312 | L47: =TRUNC(G47*((H47*J47)+(I47*K47)),2) -> 23900.58
C48: TOTAL DOS VEÍCULOS DA PARCELA FIXA (R$) | L48: =SUM(L46:L47) -> 29278.05
C50: C) Parcela Vinculada da Administração Local :
C52: C.1) Equipe de Terraplenagem
C53: Tabela 03 - Composição de custo da equipe produção de terraplenagem - Parcela vinculada (mão de obra)
C54: ITEM | D54: CÓDIGO | E54: DISCRIMINAÇÃO | F54: UNIDADE | G54: QUANTIDADE | H54: CUSTO UINTÁRIO (R$) | I54: CUSTO TOTAL (R$)
C55: 1 | D55: EQUIPE DE PRODUÇÃO DE TERRAPLENAGEM
C56: 1.1 | D56: P9884 | E56: Encarregado de terraplenagem | F56: mês | G56: 0 | H56: =VLOOKUP(D56,'[11]Mão de Obra (OK)'!$D$9:$J$109,7,0) -> 7783.8322 | I56: =TRUNC(H56*G56,2) -> 0
C57: SUBTOTAL DA EQUIPE DE PRODUÇÃO DE TERRAPLENAGEM (R$) | I57: =SUM(I56) -> 0
C59: Tabela 04 - Composição de custo da parcela vinculada (veículos)
C60: ITEM | D60: CÓDIGO | E60: DISCRIMINAÇÃO | F60: UNIDADE | G60: QUANTIDADE | H60: UTIL. PROD. | I60: UTIL. IMPROD. | J60: CHP | K60: CHI | L60: CUSTO TOTAL (R$)
C61: 1 | D61: VEÍCULOS
C62: 1.1 | D62: E9093 | E62: Veículo leve - 53 kw | F62: mês | G62: 0 | H62: 44 | I62: 176 | J62: =VLOOKUP(D62,'[11]Equipamentos (OK)'!$D$10:$G$539,3,0) -> 35.5537 | K62: =VLOOKUP(D62,'[11]Equipamentos (OK)'!$D$10:$G$539,4,0) -> 6.3885 | L62: =TRUNC(G62*((H62*J62)+(I62*K62)),2) -> 0
C63: SUBTOTAL DOS VEÍCULOS DA PARCELA VINCULADA (R$) | L63: =SUM(L62) -> 0
C64: TOTAL DA PARCELA VINCULADA - EQUIPE DE TERRAPLENAGEM (R$) | L64: =SUM(L63,I57) -> 0
C66: C.2) Equipe de Conservação
C67: Tabela 05 - Composição de custo da equipe de conservação - Parcela vinculada (mão de obra)
C68: ITEM | D68: CÓDIGO | E68: DISCRIMINAÇÃO | F68: UNIDADE | G68: QUANTIDADE | H68: CUSTO UINTÁRIO (R$) | I68: CUSTO TOTAL (R$)
C69: 1 | D69: EQUIPE DE CONSERVAÇÃO
C70: 1.1 | D70: P9916 | E70: Encarregado de conservação | F70: mês | G70: 1 | H70: =VLOOKUP(D70,'[11]Mão de Obra (OK)'!$D$9:$J$109,7,0) -> 7783.8322 | I70: =TRUNC(H70*G70,2) -> 7783.83
C71: 1.2 | D71: P9875 | E71: Encarregado de turma | F71: mês | G71: 2 | H71: =VLOOKUP(D71,'[11]Mão de Obra (OK)'!$D$9:$J$109,7,0) -> 5777.8621 | I71: =TRUNC(H71*G71,2) -> 11555.72
C72: SUBTOTAL DA EQUIPE DE CONSERVAÇÃO (R$) | I72: =SUM(I70:I71) -> 19339.55
C74: Tabela 06 - Composição de custo da parcela vinculada (veículos)
C75: ITEM | D75: CÓDIGO | E75: DISCRIMINAÇÃO | F75: UNIDADE | G75: QUANTIDADE | H75: UTIL. PROD. | I75: UTIL. IMPROD. | J75: CHP | K75: CHI | L75: CUSTO TOTAL (R$)
C76: 1 | D76: VEÍCULOS
C77: 1.1 | D77: E9093 | E77: Veículo leve - 53 kw | F77: mês | G77: 1 | H77: 44 | I77: 176 | J77: =VLOOKUP(D77,'[11]Equipamentos (OK)'!$D$10:$G$539,3,0) -> 35.5537 | K77: =VLOOKUP(D77,'[11]Equipamentos (OK)'!$D$10:$G$539,4,0) -> 6.3885 | L77: =TRUNC(G77*((H77*J77)+(I77*K77)),2) -> 2688.73
C78: SUBTOTAL DOS VEÍCULOS DA PARCELA VINCULADA | L78: =SUM(L77) -> 2688.73
C79: TOTAL DA PARCELA VINCULADA - EQUIPE DE CONSERVAÇÃO ( ECp ) | L79: =SUM(L78,I72) -> 22028.28
C81: CP - COEFICIENTE DE PROPORCIONALIDADE DE ACRÉSCIMOS NOS CUSTOS DAS INSTALAÇÕES REFERENCIAIS PARA OBRAS DE CONSERVAÇÃO
C82: De acordo com o Volume 08 do manual do SICRO: Para extensões de projetos superiores a 200 km de faixa, deve ser aplicado um coeficiente de proporcionalidade sobre a equipe de acompanhamento das frentes de serviço de conservação rodoviária, conforme equação apresentada abaixo:
F85: CP - Representa o coeficiente de proporcionalidade (adimensional);
F86: kmP - Representa a extensão de faixas de rolamento prevista em projeto (km);
F87: KmR - Representa a extensão de faixas de rolamento de referência (200 km).
D89: =D8 -> 183.12 | E89: Extensão Total do Trecho | H89: =(2*D89)+D90 -> 366.24 | I89: KMP - Km Faixa da Obra
D90: 0 | E90: Terceira Faixa | H90: 200 | I90: KMR - Km Faixa Referência dos Custos
F92: Cp = | G92: =IF(H89>200,1+(H89-H90)/H90,"1") -> 1.8312
D94: OBSERVAÇÃO:
D95: * Foi considerado 30% da extensão total da malha rodoviária para o cálculo do kmf
C97: TOTAL DA PARCELA VINCULADA CONSERVAÇÃO COM Cp
C99: EC = Ecp x Cp
C100: EC = | D100: =TRUNC(L79*G92,3) -> 40338.186
C102: C.3) Equipe de Topografia
C103: Tabela 07 - Composição de custo da equipe de topografia - Parcela vinculada (mão de obra)
C104: ITEM | D104: CÓDIGO | E104: DISCRIMINAÇÃO | F104: UNIDADE | G104: QUANTIDADE | H104: CUSTO UINTÁRIO (R$) | I104: CUSTO TOTAL (R$)
C105: 1 | D105: EQUIPE DE TOPOGRAFIA
C106: 1.1 | D106: P9949 | E106: Topografo | F106: mês | G106: 1 | H106: =VLOOKUP(D106,'[11]Mão de Obra (OK)'!$D$9:$J$109,7,0) -> 8422.7424 | I106: =TRUNC(H106*G106,2) -> 8422.74
C107: 1.2 | D107: P9950 | E107: Auxiliar de topografia | F107: mês | G107: 2 | H107: =VLOOKUP(D107,'[11]Mão de Obra (OK)'!$D$9:$J$109,7,0) -> 5644.808 | I107: =TRUNC(H107*G107,2) -> 11289.61
C108: SUBTOTAL DA EQUIPE DE TOPOGRAFIA (R$) | I108: =SUM(I106:I107) -> 19712.35
C110: Tabela 08 - Composição de custo da parcela vinculada (veículos)
C111: ITEM | D111: CÓDIGO | E111: DISCRIMINAÇÃO | F111: UNIDADE | G111: QUANTIDADE | H111: UTIL. PROD. | I111: UTIL. IMPROD. | J111: CHP | K111: CHI | L111: CUSTO TOTAL (R$)
C112: 1 | D112: VEÍCULOS
C113: 1.1 | D113: E9125 | E113: Van Furgão a diesel- 93 kW | F113: mês | G113: =G106 -> 1 | H113: 44 | I113: 176 | J113: =VLOOKUP(D113,'[11]Equipamentos (OK)'!$D$10:$G$539,3,0) -> 83.9188 | K113: =VLOOKUP(D113,'[11]Equipamentos (OK)'!$D$10:$G$539,4,0) -> 47.6167 | L113: =TRUNC(G113*((H113*J113)+(I113*K113)),2) -> 12072.96
C114: SUBTOTAL DOS VEÍCULOS DA PARCELA VINCULADA | L114: =SUM(L113) -> 12072.96
C115: TOTAL DA PARCELA VINCULADA - EQUIPE DE TOPOGRAFIA | L115: =SUM(L114,I108) -> 31785.31
C117: C.4) Equipes de Produção - Pavimentação
C118: Tabela 09 - Composição de custo da equipe de produção de pavimentação - Parcela vinculada (mão de obra)
C119: ITEM | D119: CÓDIGO | E119: DISCRIMINAÇÃO | F119: UNIDADE | G119: QUANTIDADE | H119: CUSTO UINTÁRIO (R$) | I119: CUSTO TOTAL (R$)
C120: 1 | D120: EQUIPE DE PRODUÇÃO DE PAVIMENTAÇÃO
C121: 1.1 | D121: P9893 | E121: Encarregado de pavimentação | F121: mês | G121: 1 | H121: =VLOOKUP(D121,'[11]Mão de Obra (OK)'!$D$9:$J$109,7,0) -> 7783.8322 | I121: =TRUNC(H121*G121,2) -> 7783.83
C122: SUBTOTAL DA EQUIPE DE PRODUÇÃO DE PAVIMENTAÇÃO (R$) | I122: =SUM(I121:I121) -> 7783.83
C124: Tabela 10 - Composição de custo da parcela vinculada (veículos)
C125: ITEM | D125: CÓDIGO | E125: DISCRIMINAÇÃO | F125: UNIDADE | G125: QUANTIDADE | H125: UTIL. PROD. | I125: UTIL. IMPROD. | J125: CHP | K125: CHI | L125: CUSTO TOTAL (R$)
C126: 1 | D126: VEÍCULOS
C127: 1.1 | D127: E9093 | E127: Veículo leve - 53 kw | F127: mês | G127: =G121 -> 1 | H127: 44 | I127: 176 | J127: =VLOOKUP(D127,'[11]Equipamentos (OK)'!$D$10:$G$539,3,0) -> 35.5537 | K127: =VLOOKUP(D127,'[11]Equipamentos (OK)'!$D$10:$G$539,4,0) -> 6.3885 | L127: =TRUNC(G127*((H127*J127)+(I127*K127)),2) -> 2688.73
...

Sheet ABC MÃO DE OBRA
A1: GOVERNO DO ESTADO DE PERNAMBUCO
A2: SECRETARIA DE MOBILIDADE E INFRAESTRUTURA
A3: DEPARTAMENTO DE ESTRADAS DE RODAGEM - DER/PE
A5: RODOVIA: | B5: ='Mat. Betuminoso'!C6 -> LOTE 09 | D5: EXTENSÃO: | E5: ='Mat. Betuminoso'!G6 -> 183.12
A6: UF: | B6: ='Mat. Betuminoso'!C7 -> PE | D6: DATA BASE: | E6: ='Mat. Betuminoso'!G7 -> JANEIRO/2025
D7: TIPO: | E7: ='Mat. Betuminoso'!G8 -> SEM DESONERAÇÃO
A9: CURVA ABC DE MÃO DE OBRA
A11: Código | B11: Descrição | C11: Unid | D11: Qtde | E11: Custo Unit | F11: Valor | G11: % | H11: % Acum. | I11: Horas mensais | J11: Prazo da obra (meses) | K11: Quantidade
A13: P9824 | B13: SERVENTE | C13: H | D13: 106355.22 | E13: 22.15 | F13: 2355640.4 | G13: 54.92 | H13: 54.92 | I13: 182.49 | J13: ='Adm Local'!F22 -> 6 | K13: =ROUNDUP(D13/I13/J13,0) -> 98
A14: P9808 | B14: CARPINTEIRO | C14: H | D14: 34749.862 | E14: 27.59 | F14: 958616.65 | G14: 22.35 | H14: 77.27 | I14: 182.49 | J14: =$J$13 -> 6 | K14: =ROUNDUP(D14/I14/J14,0) -> 32
A15: P9801 | B15: AJUDANTE | C15: H | D15: 34904.729 | E15: 22.34 | F15: 779764.66 | G15: 18.18 | H15: 95.45 | I15: 182.49 | J15: =$J$13 -> 6 | K15: =ROUNDUP(D15/I15/J15,0) -> 32
A16: P9830 | B16: MONTADOR | C16: H | D16: 3541.0559 | E16: 31.56 | F16: 111749 | G16: 2.61 | H16: 98.05 | I16: 182.49 | J16: =$J$13 -> 6 | K16: =ROUNDUP(D16/I16/J16,0) -> 4
A17: P9821 | B17: PEDREIRO | C17: H | D17: 896.97202 | E17: 27.22 | F17: 24417.64 | G17: 0.57 | H17: 98.62 | I17: 182.49 | J17: =$J$13 -> 6 | K17: =ROUNDUP(D17/I17/J17,0) -> 1
A18: P9822 | B18: PINTOR | C18: H | D18: 781.11518 | E18: 30.68 | F18: 23960.94 | G18: 0.56 | H18: 99.18 | I18: 182.49 | J18: =$J$13 -> 6 | K18: =ROUNDUP(D18/I18/J18,0) -> 1
A19: P9853 | B19: PRÉ-MARCADOR | C19: H | D19: 825.39724 | E19: 22.17 | F19: 18302.77 | G19: 0.43 | H19: 99.61 | I19: 182.49 | J19: =$J$13 -> 6 | K19: =ROUNDUP(D19/I19/J19,0) -> 1
A20: P9823 | B20: SERRALHEIRO | C20: H | D20: 508.54388 | E20: 28.46 | F20: 14471.68 | G20: 0.34 | H20: 99.94 | I20: 182.49 | J20: =$J$13 -> 6 | K20: =ROUNDUP(D20/I20/J20,0) -> 1
A21: P9805 | B21: ARMADOR | C21: H | D21: 75.858636 | E21: 30.69 | F21: 2328.22 | G21: 0.05 | H21: 100 | I21: 182.49 | J21: =$J$13 -> 6 | K21: =ROUNDUP(D21/I21/J21,0) -> 1
A22: P9807 | B22: BOMBEIRO HIDRÁULICO | C22: H | D22: 1.6 | E22: 31.24 | F22: 49.99 | G22: 0 | H22: 100 | I22: 182.49 | J22: =$J$13 -> 6 | K22: =ROUNDUP(D22/I22/J22,0) -> 1
A23: P9825 | B23: SOLDADOR | C23: H | D23: 0.326237 | E23: 34.59 | F23: 11.29 | G23: 0 | H23: 100 | I23: 182.49 | J23: =$J$13 -> 6 | K23: =ROUNDUP(D23/I23/J23,0) -> 1
D24: =SUM(D13:D23) -> 182640.68 | F24: =SUM(F13:F23) -> 4289313.2 | I24: Número total de mão de obra ordinária | K24: =SUM(K13:K23) -> 173

Sheet EFS
A1: GOVERNO DO ESTADO DE PERNAMBUCO
A2: SECRETARIA DE MOBILIDADE E INFRAESTRUTURA
A3: DEPARTAMENTO DE ESTRADAS DE RODAGEM - DER/PE
A5: RODOVIA: | C5: ='Mat. Betuminoso'!C6 -> LOTE 09 | D5: EXTENSÃO: | F5: ='Mat. Betuminoso'!G6 -> 183.12
A6: UF: | C6: ='Mat. Betuminoso'!C7 -> PE | D6: DATA BASE: | F6: ='Mat. Betuminoso'!G7 -> JANEIRO/2025
D7: TIPO: | F7: ='Mat. Betuminoso'!G8 -> SEM DESONERAÇÃO
A9: EQUIPE CONTROLE TECNOLÓGICO / MANEJO FLORESTAL
A10: Cod. Grupo | B10: Cod. Cliente | C10: Descricao Completa | D10: Unid. Comp | E10: Prod.Equipe Ph | F10: Equipe/und Efsdu | G10: Fator redutor | H10: Equipe Efs | I10: Qtde projeto Qprojeto | J10: Laboratório QE | K10: Equipe/und ELU | L10: Tipo | M10: Laboratório EL | N10: Equipe Efs | O10: Solo EL | P10: Asfalto EL | Q10: Concreto EL | R10: Manejo EL
A12: 1 | C12: PAVIMENTAÇÃO/DRENAGEM | I12: X | M12: =IF(J12<>"",ROUND(I12/J12,2),IF(K12<>"",ROUND(I12*K12,2),IF(L12="M",ROUND(I12/(E12*182.49),2),""))) | N12: =SUM(H13:H18) -> 22.45 | O12: =SUM(O14:O20) -> 0 | P12: =SUM(P13:P18) -> 13.74 | Q12: =SUM(Q14:Q18) -> 0 | R12: =SUM(R14:R20) -> 0
A13: 1 | B13: 4915703 | C13: CORREÇÃO DE DEFEITOS COM MISTURA BETUMINOSA | D13: M³ | E13: 2.25 | H13: =IF(F13<>"",ROUND(I13*F13,2),IF(G13<>"",ROUND(G13*(I13/(E13*182.49)),2),ROUND(I13/(E13*182.49),2))) -> 4.06 | I13: 1666.012 | L13: S | M13: =IF(J13<>"",ROUND(I13/J13,2),IF(K13<>"",ROUND(I13*K13,2),IF(L13="M",ROUND(I13/(E13*182.49),2),""))) | O13: =IF(L13="S",M13,0) | P13: =IF(L13="A",M13,0) -> 0 | Q13: =IF(L13="C",M13,0) -> 0
A14: 1 | B14: 4011353 | C14: PINTURA DE LIGAÇÃO | D14: M² | E14: 1500 | H14: =IF(F14<>"",ROUND(I14*F14,2),IF(G14<>"",ROUND(G14*(I14/(E14*182.49)),2),ROUND(I14/(E14*182.49),2))) -> 0.94 | I14: 258527.56 | J14: 3610000 | L14: A | M14: =IF(J14<>"",ROUND(I14/J14,2),IF(K14<>"",ROUND(I14*K14,2),IF(L14="M",ROUND(I14/(E14*182.49),2),""))) -> 0.07 | O14: =IF(L14="S",M14,0) -> 0 | P14: =IF(L14="A",M14,0) -> 0.07 | Q14: =IF(L14="C",M14,0) -> 0 | R14: =IF(L14="M",M14,0) -> 0
A15: 1 | B15: 4011410 | C15: MICRO REVESTIMENTO A FRIO COM EMULSÃO MODIFICADA COM POLÍMERO DE 1,5 CM - BRITA COMERCIAL | D15: M² | E15: 664 | H15: =IF(F15<>"",ROUND(I15*F15,2),IF(G15<>"",ROUND(G15*(I15/(E15*182.49)),2),ROUND(I15/(E15*182.49),2))) -> 10.96 | I15: 1328284.9 | J15: 161000 | L15: A | M15: =IF(J15<>"",ROUND(I15/J15,2),IF(K15<>"",ROUND(I15*K15,2),IF(L15="M",ROUND(I15/(E15*182.49),2),""))) -> 8.25 | O15: =IF(L15="S",M15,0) -> 0 | P15: =IF(L15="A",M15,0) -> 8.25 | Q15: =IF(L15="C",M15,0) -> 0
A16: 1 | B16: 4011352 | C16: IMPRIMAÇÃO COM EMULSÃO ASFÁLTICA | D16: M² | E16: 1125 | H16: =IF(F16<>"",ROUND(I16*F16,2),IF(G16<>"",ROUND(G16*(I16/(E16*182.49)),2),ROUND(I16/(E16*182.49),2))) -> 1.26 | I16: 258509.74 | J16: 1610000 | L16: A | M16: =IF(J16<>"",ROUND(I16/J16,2),IF(K16<>"",ROUND(I16*K16,2),IF(L16="M",ROUND(I16/(E16*182.49),2),""))) -> 0.16 | O16: =IF(L16="S",M16,0) -> 0 | P16: =IF(L16="A",M16,0) -> 0.16 | Q16: =IF(L16="C",M16,0) -> 0 | R16: =IF(L16="M",M16,0) -> 0
A17: 1 | B17: 4011212 | C17: VARREDURA DA SUPERFÍCIE PARA EXECUÇÃO DE REVESTIMENTO ASFÁLTICO | D17: M² | E17: 2430.24 | H17: =IF(F17<>"",ROUND(I17*F17,2),IF(G17<>"",ROUND(G17*(I17/(E17*182.49)),2),ROUND(I17/(E17*182.49),2))) -> 3.46 | I17: 1536700.6 | M17: =IF(J17<>"",ROUND(I17/J17,2),IF(K17<>"",ROUND(I17*K17,2),IF(L17="M",ROUND(I17/(E17*182.49),2),""))) | O17: =IF(L17="S",M17,0) -> 0 | P17: =IF(L17="A",M17,0) -> 0 | Q17: =IF(L17="C",M17,0) -> 0
A18: 1 | B18: 4011464 | C18: CONCRETO ASFÁLTICO - FAIXA C-12,5 - MASSA COMERCIAL | D18: T | E18: 99.6 | H18: =IF(F18<>"",ROUND(I18*F18,2),IF(G18<>"",ROUND(G18*(I18/(E18*182.49)),2),ROUND(I18/(E18*182.49),2))) -> 1.77 | I18: 32091.437 | J18: 6100 | L18: A | M18: =IF(J18<>"",ROUND(I18/J18,2),IF(K18<>"",ROUND(I18*K18,2),IF(L18="M",ROUND(I18/(E18*182.49),2),""))) -> 5.26 | O18: =IF(L18="S",M18,0) -> 0 | P18: =IF(L18="A",M18,0) -> 5.26 | Q18: =IF(L18="C",M18,0) -> 0
A19: 2 | C19: DRENAGEM | I19: X | M19: =IF(J19<>"",ROUND(I19/J19,2),IF(K19<>"",ROUND(I19*K19,2),IF(L19="M",ROUND(I19/(E19*182.49),2),""))) | N19: =SUM(H20:H21) -> 15.38 | O19: =SUM(O33:O39) -> 0 | P19: =SUM(P33:P39) -> 13.74 | Q19: =SUM(Q33:Q39) -> 0 | R19: =SUM(R33:R39) -> 0
A20: 2 | B20: 2003377 | C20: MEIO FIO DE CONCRETO - MFC 05 - AREIA E BRITA COMERCIAIS - FORMA DE MADEIRA | D20: M | E20: 1 | F20: 0.00021 | H20: =IF(F20<>"",ROUND(I20*F20,2),IF(G20<>"",ROUND(G20*(I20/(E20*182.49)),2),ROUND(I20/(E20*182.49),2))) -> 15.23 | I20: 72531.8 | M20: =IF(J20<>"",ROUND(I20/J20,2),IF(K20<>"",ROUND(I20*K20,2),IF(L20="M",ROUND(I20/(E20*182.49),2),""))) | O20: =IF(L20="S",M20,0) -> 0 | P20: =IF(L20="A",M20,0) -> 0 | Q20: =IF(L20="C",M20,0) -> 0
A21: 2 | B21: 2003257 | C21: SARJETA TRIANGULAR DE CONCRETO - STC 100-20 - ESCAVAÇÃO MECÂNICA - AREIA E BRITA COMERCIAIS | D21: M | E21: 1 | F21: 0.00019 | H21: =IF(F21<>"",ROUND(I21*F21,2),IF(G21<>"",ROUND(G21*(I21/(E21*182.49)),2),ROUND(I21/(E21*182.49),2))) -> 0.15 | I21: 782.1 | M21: =IF(J21<>"",ROUND(I21/J21,2),IF(K21<>"",ROUND(I21*K21,2),IF(L21="M",ROUND(I21/(E21*182.49),2),""))) | O21: =IF(L21="S",M21,0) -> 0 | P21: =IF(L21="A",M21,0) -> 0 | Q21: =IF(L21="C",M21,0) -> 0
A22: 3 | C22: DRENAGEM | I22: X | M22: =IF(J22<>"",ROUND(I22/J22,2),IF(K22<>"",ROUND(I22*K22,2),IF(L22="M",ROUND(I22/(E22*182.49),2),""))) | N22: =SUM(H23:H32) -> 4.85 | O22: =SUM(O36:O42) -> 0 | P22: =SUM(P36:P42) -> 0 | Q22: =SUM(Q36:Q42) -> 0 | R22: =SUM(R36:R42) -> 0
A23: 3 | B23: 5213401 | C23: PINTURA DE FAIXA COM TINTA ACRÍLICA - ESPESSURA DE 0,6 MM | D23: M² | E23: 149.4 | G23: 0.2 | H23: =IF(F23<>"",ROUND(I23*F23,2),IF(G23<>"",ROUND(G23*(I23/(E23*182.49)),2),ROUND(I23/(E23*182.49),2))) -> 0.52 | I23: 70778.38 | M23: =IF(J23<>"",ROUND(I23/J23,2),IF(K23<>"",ROUND(I23*K23,2),IF(L23="M",ROUND(I23/(E23*182.49),2),""))) | O23: =IF(L23="S",M23,0) -> 0 | P23: =IF(L23="A",M23,0) -> 0 | Q23: =IF(L23="C",M23,0) -> 0
A24: 3 | B24: 5213409 | C24: PINTURA DE SETAS E ZEBRADOS COM TERMOPLÁSTICO POR EXTRUSÃO - ESPESSURA DE 3,0 MM | D24: M² | E24: 39.52 | G24: 0.2 | H24: =IF(F24<>"",ROUND(I24*F24,2),IF(G24<>"",ROUND(G24*(I24/(E24*182.49)),2),ROUND(I24/(E24*182.49),2))) -> 0.09 | I24: 3282.87 | M24: =IF(J24<>"",ROUND(I24/J24,2),IF(K24<>"",ROUND(I24*K24,2),IF(L24="M",ROUND(I24/(E24*182.49),2),""))) | O24: =IF(L24="S",M24,0) -> 0 | P24: =IF(L24="A",M24,0) -> 0 | Q24: =IF(L24="C",M24,0) -> 0
A25: 3 | B25: 5219623 | C25: TACHA REFLETIVA EM RESINA SINTÉTICA - BIDIRECIONAL TIPO III - COM UM PINO - FORNECIMENTO E COLOCAÇÃO | D25: UND | E25: 36 | G25: 0.2 | H25: =IF(F25<>"",ROUND(I25*F25,2),IF(G25<>"",ROUND(G25*(I25/(E25*182.49)),2),ROUND(I25/(E25*182.49),2))) -> 2.17 | I25: 71431 | M25: =IF(J25<>"",ROUND(I25/J25,2),IF(K25<>"",ROUND(I25*K25,2),IF(L25="M",ROUND(I25/(E25*182.49),2),""))) | O25: =IF(L25="S",M25,0) -> 0 | P25: =IF(L25="A",M25,0) -> 0 | Q25: =IF(L25="C",M25,0) -> 0
A26: 3 | B26: 5219631 | C26: TACHA REFLETIVA EM RESINA SINTÉTICA - MONODIRECIONAL TIPO III - COM UM PINO - FORNECIMENTO E COLOCAÇÃO | D26: UND | E26: 36 | G26: 0.2 | H26: =IF(F26<>"",ROUND(I26*F26,2),IF(G26<>"",ROUND(G26*(I26/(E26*182.49)),2),ROUND(I26/(E26*182.49),2))) -> 0.25 | I26: 8192 | M26: =IF(J26<>"",ROUND(I26/J26,2),IF(K26<>"",ROUND(I26*K26,2),IF(L26="M",ROUND(I26/(E26*182.49),2),""))) | O26: =IF(L26="S",M26,0) -> 0 | P26: =IF(L26="A",M26,0) -> 0 | Q26: =IF(L26="C",M26,0) -> 0
A27: 3 | B27: 5219643 | C27: TACHÃO REFLETIVO EM RESINA SINTÉTICA - BIDIRECIONAL - FORNECIMENTO E COLOCAÇÃO | D27: UND | E27: 36 | G27: 0.2 | H27: =IF(F27<>"",ROUND(I27*F27,2),IF(G27<>"",ROUND(G27*(I27/(E27*182.49)),2),ROUND(I27/(E27*182.49),2))) -> 0.02 | I27: 632 | M27: =IF(J27<>"",ROUND(I27/J27,2),IF(K27<>"",ROUND(I27*K27,2),IF(L27="M",ROUND(I27/(E27*182.49),2),""))) | O27: =IF(L27="S",M27,0) -> 0 | P27: =IF(L27="A",M27,0) -> 0 | Q27: =IF(L27="C",M27,0) -> 0
A28: 3 | B28: 5219629 | C28: TACHA REFLETIVA EM RESINA SINTÉTICA - MONODIRECIONAL TIPO II - COM UM PINO - FORNECIMENTO E COLOCAÇÃO | D28: UND | E28: 36 | G28: 0.2 | H28: =IF(F28<>"",ROUND(I28*F28,2),IF(G28<>"",ROUND(G28*(I28/(E28*182.49)),2),ROUND(I28/(E28*182.49),2))) -> 0.04 | I28: 1314 | M28: =IF(J28<>"",ROUND(I28/J28,2),IF(K28<>"",ROUND(I28*K28,2),IF(L28="M",ROUND(I28/(E28*182.49),2),""))) | O28: =IF(L28="S",M28,0) -> 0 | P28: =IF(L28="A",M28,0) -> 0 | Q28: =IF(L28="C",M28,0) -> 0
A29: 3 | B29: 5213572 | C29: PLACA EM AÇO - PELÍCULA III + III - FORNECIMENTO E IMPLANTAÇÃO | D29: M² | E29: 3 | G29: 0.2 | H29: =IF(F29<>"",ROUND(I29*F29,2),IF(G29<>"",ROUND(G29*(I29/(E29*182.49)),2),ROUND(I29/(E29*182.49),2))) -> 0.33 | I29: 906.32 | M29: =IF(J29<>"",ROUND(I29/J29,2),IF(K29<>"",ROUND(I29*K29,2),IF(L29="M",ROUND(I29/(E29*182.49),2),""))) | O29: =IF(L29="S",M29,0) -> 0 | P29: =IF(L29="A",M29,0) -> 0 | Q29: =IF(L29="C",M29,0) -> 0
A30: 3 | B30: C64085 | C30: PLACA EM AÇO - PELÍCULA I + SI - FORNECIMENTO E IMPLANTAÇÃO | D30: M² | E30: 3 | G30: 0.2 | H30: =IF(F30<>"",ROUND(I30*F30,2),IF(G30<>"",ROUND(G30*(I30/(E30*182.49)),2),ROUND(I30/(E30*182.49),2))) -> 0.36 | I30: 972.974 | M30: =IF(J30<>"",ROUND(I30/J30,2),IF(K30<>"",ROUND(I30*K30,2),IF(L30="M",ROUND(I30/(E30*182.49),2),""))) | O30: =IF(L30="S",M30,0) -> 0 | P30: =IF(L30="A",M30,0) -> 0 | Q30: =IF(L30="C",M30,0) -> 0
A31: 3 | B31: C64091 | C31: PLACA EM AÇO - PELÍCULA III + IV - FORNECIMENTO E IMPLANTAÇÃO | D31: M² | E31: 3 | G31: 0.2 | H31: =IF(F31<>"",ROUND(I31*F31,2),IF(G31<>"",ROUND(G31*(I31/(E31*182.49)),2),ROUND(I31/(E31*182.49),2))) -> 0 | I31: 11.12 | M31: =IF(J31<>"",ROUND(I31/J31,2),IF(K31<>"",ROUND(I31*K31,2),IF(L31="M",ROUND(I31/(E31*182.49),2),""))) | O31: =IF(L31="S",M31,0) -> 0 | P31: =IF(L31="A",M31,0) -> 0 | Q31: =IF(L31="C",M31,0) -> 0
A32: 3 | B32: 5216111 | C32: SUPORTE PARA PLACA DE SINALIZAÇÃO EM MADEIRA DE LEI TRATADA 8 X 8 CM - FORNECIMENTO E IMPLANTAÇÃO | D32: UND | E32: 4 | G32: 0.2 | H32: =IF(F32<>"",ROUND(I32*F32,2),IF(G32<>"",ROUND(G32*(I32/(E32*182.49)),2),ROUND(I32/(E32*182.49),2))) -> 1.07 | I32: 3914 | M32: =IF(J32<>"",ROUND(I32/J32,2),IF(K32<>"",ROUND(I32*K32,2),IF(L32="M",ROUND(I32/(E32*182.49),2),""))) | O32: =IF(L32="S",M32,0) -> 0 | P32: =IF(L32="A",M32,0) -> 0 | Q32: =IF(L32="C",M32,0) -> 0
C33: TOTAL | N33: =N12+N19+N22 -> 42.68 | P33: =P12 -> 13.74
